Workbook

Sheet RREO
A1: Prefeitura Municipal de Cacapava do Sul - RS
A2: Relatório Resumido da Execução Orçamentária
A3: Demonstrativo Simplificado do Relatório Resumido da Execução Orçamentária
A4: Orçamentos Fiscal e da Seguridade Social
A5: Janeiro a Abril 2022/Bimestre Março-Abril
A6: RREO - Anexo 14 (LRF, Art. 48) | F6: Em Reais
A7: BALANÇO ORÇAMENTÁRIO | D7: Até o bimestre
A8: RECEITAS
B9: Previsão Inicial | D9: 1.802075e+08
B10: Previsão Atualizada | D10: 1.8075302e+08
B11: Receitas Realizadas | D11: 55793266
B12: Déficit Orçamentário | D12: -
B13: Saldos de Exercícios Anteriores(Utilizados para Créditos Adicionais) | D13: 2238985.5
A14: DESPESAS
B15: Dotação Inicial | D15: 1.6669814e+08
B16: Dotação Atualizada | D16: 1.7022567e+08
B17: Despesas Empenhadas | D17: 55310851
B18: Despesas Liquidadas | D18: 48032222
B19: Despesas Pagas | D19: 43048471
B20: Superávit Orçamentário | D20: 7761043.7
A22: DESPESAS POR FUNÇÃO/SUBFUNÇÃO | D22: Até o bimestre
A23: Despesas Empenhadas | D23: 55310851
A24: Despesas Liquidadas | D24: 48032222
A26: RECEITA CORRENTE LÍQUIDA - RCL¹ | D26: Até o bimestre
A27: Receita Corrente Líquida | D27: 1.2139703e+08
A28: Receita Corrente Líquida Ajustada para Cálculo dos Limites de Endividamento | D28: 1.2001703e+08
A29: Receita Corrente Líquida Ajustada para Cálculo dos Limites da Despesa com Pessoal | D29: 1.2001703e+08
A31: RECEITAS E DESPESAS DO REGIME PRÓPRIO DE PREVIDÊNCIA DOS SERVIDORES | D31: Até o bimestre
A32: Fundo em Capitalização (PLANO PREVIDENCIÁRIO)
B33: Receitas Previdenciárias Realizadas | D33: 6375272.2
B34: Despesas Previdenciárias Empenhadas | D34: 8781306.6
B35: Despesas Previdenciárias Liquidadas | D35: 8781306.6
B36: Despesas Previdenciárias Pagas | D36: 8779411.6
B37: Resultado Previdenciário | D37: -2406034.4
A38: Fundo em Repartição (PLANO FINANCEIRO)
B39: Receitas Previdenciárias Realizadas | D39: 0
B40: Despesas Previdenciárias Empenhadas | D40: 0
B41: Despesas Previdenciárias Liquidadas | D41: 0
B42: Despesas Previdenciárias Pagas | D42: 0
B43: Resultado Previdenciário | D43: 0
A45: RESULTADOS PRIMÁRIO E NOMINAL | D45: Meta Fixada no | E45: Resultado Apurado | F45: % em Relação à Meta
D46: Anexo de Metas | E46: Até o Bimestre
D47: Fiscais da LDO
D48: (a) | E48: (b) | F48: (b/a)
A49: Resultado Primário | D49: 0 | E49: 4724964.1
A50: Resultado Nominal | D50: 0 | E50: 5340383.8
A52: RESTOS A PAGAR POR PODER E MINISTÉRIO PÚBLICO | D52: Inscrição | E52: Cancelamento | F52: Pagamento | G52: Saldo
E53: Até o bimestre | F53: Até o bimestre | G53: a Pagar
B54: RESTOS A PAGAR PROCESSADOS | D54: 25330499 | E54: 18354.52 | F54: 5828739.8 | G54: 19483404
C55: Poder Executivo | D55: 25328076 | E55: 18354.52 | F55: 5826317.2 | G55: 19483404
C56: Poder Legislativo | D56: 2422.58 | E56: 0 | F56: 2422.58 | G56: 0
B57: RESTOS A PAGAR NÃO-PROCESSADOS | D57: 3151365.9 | E57: 36 | F57: 691261.35 | G57: 2460068.6
C58: Poder Executivo | D58: 3151365.9 | E58: 36 | F58: 691261.35 | G58: 2460068.6
C59: Poder Legislativo | D59: 0 | E59: 0 | F59: 0 | G59: 0
A60: TOTAL | D60: 28481864 | E60: 18390.52 | F60: 6520001.2 | G60: 21943473
E62: Limites Constitucionais Anuais
A63: DESPESAS COM MANUTENÇÃO E DESENVOLVIMENTO DO ENSINO | D63: Valor Apurado | E63: % Mínimo a | F63: % Aplicado Até o
D64: Até o Bimestre | E64: Aplicar no Exercício | F64: Bimestre
A65: Mínimo Anual de 25% das Receitas de Impostos na Manutenção e Desenvolvimento do Ensino | D65: 7813002.5 | E65: 0.25 | F65: 25.94
A66: Mínimo Anual de 70% do FUNDEB na Remuneração dos Profissionais da Educação Básica | D66: 8079658.8 | E66: 0.7 | F66: 81.967494
A67: Percentual de 50% da Complementação da União ao FUNDEB (VAAT) na Educação Infantil | D67: 0 | E67: 0.5 | F67: 0
A68: Mínimo de 15% da Complementação da União ao FUNDEB (VAAT) em Despesas de Capital | D68: 0 | E68: 0.15 | F68: 0
D70: Valor Apurado | E70: Limite Constitucional Anual
A71: DESPESAS COM AÇÕES E SERVIÇOS PÚBLICOS DE SAÚDE² | D71: Até o Bimestre | E71: % Mínimo a | F71: % Aplicado Até o Bimestre
E72: Aplicar no exercicio
A73: Despesas com Ações e Serviços Públicos de Saúde executadas com recursos de impostos | D73: =7338388.85 -> 7338388.8 | E73: 0.15 | F73: 24.43
A75: DESPESAS DE CARÁTER CONTINUADO DERIVADAS DE PPP | D75: Valor Apurado no Exercício Corrente
A76: Total das Despesas Consideradas para o Limite / RCL (%) | D76: 0
A77: ²Fonte: Cálculo da RCL dos doze últimos meses (maio de 2021 a abril de 2022) realizado pela Contabilidade.
A78: ²Fonte: Cálculo dos valores mínimos a serem aplicados na Saúde na Fonte de Recurso 0040 ASPS realizado pela Contabilidade.
B83: Giovani Amestoy da Silva | D83: Ihoko Nakashima Mota | F83: Arlei Lopes Souza
B84: Prefeito Municipal | D84: Secret. de Município da Fazenda | F84: Contador - CRC/RS: 068452/O-6

Sheet RGF
A2: PREFEITURA MUNICIPAL DE CACAPAVA DO SUL - RS - PODER EXECUTIVO
A3: RELATÓRIO DE GESTÃO FISCAL
A4: DEMONSTRATIVO SIMPLIFICADO DO RELATÓRIO DE GESTÃO FISCAL
A5: ORÇAMENTOS FISCAL E DA SEGURIDADE SOCIAL
A6: 1º QUADRIMESTRE DE 2022
A8: LRF, Art. 48 - Anexo 6 | C8: R$ 1,00
A9: RECEITA CORRENTE LÍQUIDA | B9: VALOR ATÉ O QUADRIMESTRE/SEMESTRE
A10: Receita Corrente líquida | B10: 1.2139703e+08
A11: Receita Corrente Líquida Ajustada para Cálculo dos Limites de Endividamento | B11: 1.2001703e+08
A12: Receita Corrente Líquida Ajustada para Cálculo dos Limites da Despesa com Pessoal | B12: 1.2001703e+08
A14: DESPESA COM PESSOAL | B14: VALOR | C14: % SOBRE A RCL AJUSTADA
A15: Despesa Total com Pessoal DTP | B15: 76709830 | C15: =(B15/B12)*100 -> 63.915785
A16: Limite Máximo (incisos I,II e III, art. 20 da LRF) - 54,00% | B16: =B12*0.54 -> 64809199 | C16: 54
A17: Limite Prudencial (§ único, art. 22 da LRF) - 51,30% | B17: =B12*0.513 -> 61568739 | C17: 51.3
A18: Limite de Alerta (inciso II do §1º do art. 59 da LRF) - 48,60% | B18: =B12*0.486 -> 58328279 | C18: 48.6
A20: DÍVIDA CONSOLIDADA | B20: VALOR ATÉ O QUADRIMESTRE DE REFERÊNCIA | C20: % SOBRE A RCL AJUSTADA
A21: Dívida Consolidada Líquida¹ | B21: (19.985.370,72) | C21: (15,89)
A22: Limite Definido por Resolução do Senado Federal | B22: 0 | C22: 0
A24: GARANTIAS DE VALORES | B24: VALOR ATÉ O QUADRIMESTRE DE REFERÊNCIA | C24: % SOBRE A RCL AJUSTADA
A25: Total das Garantias Concedidas | B25: 0 | C25: 0
A26: Limite Definido por Resolução do Senado Federal | B26: 0 | C26: 0
A28: OPERAÇÕES DE CRÉDITO | B28: VALOR | C28: % SOBRE A RCL AJUSTADA
A29: Operações de Crédito Internas e Externas | B29: 0 | C29: 0
A30: Limite Definido pelo Senado Federal para Operações de
A31: Crédito Externas e Internas | B31: 0 | C31: 0
A32: Operações de Crédito por Antecipação da Receita | B32: 0 | C32: 0
A33: Limite Definido pelo Senado Federal para Operações de
A34: Crédito por Antecipação da Receita | B34: 0 | C34: 0
A35: ¹Fonte: SIAFIC
A40: Giovani Amestoy da Silva | B40: Ihoko Nakashima Mota | C40: Arlei Lopes Souza
A41: Prefeito Municipal | B41: Secret. de Município da Fazenda | C41: Contador - CRC/RS: 068452/O-6

Sheet Restos
A2: Prefeitura Municipal de Cacapava do Sul - RS
A3: Relatório Resumido da Execução Orçamentária
A4: Demonstrativo dos Restos a Pagar por Poder e Órgão
A5: Orçamentos Fiscal e da Seguridade Social
A6: Janeiro a Abril 2022/Bimestre Março-Abril
A8: RREO - ANEXO 7 (LRF, art.53, inciso V) | M8: R$ 1,00
A9: PODER/ÓRGÃO | B9: RESTOS A PAGAR PROCESSADOS | G9: RESTOS A PAGAR NÃO PROCESSADOS | M9: Saldo Total
B11: Inscritos | D11: Pagos | E11: Cancelados | F11: Saldo | G11: Inscritos | I11: Liquidados | J11: Pagos | K11: Cancelados | L11: Saldo
B12: Em Exercícios | C12: Em 31 de | G12: Em Exercícios | H12: Em 31 de
B13: Anteriores | C13: dezembro de 2021 | G13: Anteriores | H13: dezembro de 2021
B14: (a) | C14: (b) | D14: (c) | E14: (d) | F14: e=(a+b)-(c+d) | G14: (f) | H14: (g) | I14: (h) | J14: (i) | K14: (j) | L14: k=(f+g)-(i+j) | M14: L=(e+k)
A15: RESTOS A PAGAR(EXCETO INTRA-ORÇAMENTÁRIOS) (I) | B15: 1359877.9 | C15: 4179911.1 | D15: 3481157.4 | E15: 18354.52 | F15: 2040277.1 | G15: 1319811.2 | H15: 1831554.7 | I15: 725684.99 | J15: 691261.35 | K15: 36 | L15: 2460068.6 | M15: 4500345.7
A16: PODER EXECUTIVO | B16: 1359877.9 | C16: 4177488.5 | D16: 3478734.8 | E16: 18354.52 | F16: 2040277.1 | G16: 1319811.2 | H16: 1831554.7 | I16: 725684.99 | J16: 691261.35 | K16: 36 | L16: 2460068.6 | M16: 4500345.7
A17: PODER LEGISLATIVO | B17: 0 | C17: 2422.58 | D17: 2422.58 | E17: 0 | F17: 0 | G17: 0 | H17: 0 | I17: 0 | J17: 0 | K17: 0 | L17: 0 | M17: 0
A18: CAMARA MUNICIPAL CACAPAVA DO SUL | B18: 0 | C18: 2422.58 | D18: 2422.58 | E18: 0 | F18: 0 | G18: 0 | H18: 0 | I18: 0 | J18: 0 | K18: 0 | L18: 0 | M18: 0
A19: RESTOS A PAGAR(INTRA-ORÇAMENTÁRIOS) (II) | B19: 18226475 | C19: 1564234.9 | D19: 2347582.4 | E19: 0 | F19: 17443127 | G19: 0 | H19: 0 | I19: 0 | J19: 0 | K19: 0 | L19: 0 | M19: 17443127
A20: PODER EXECUTIVO | B20: 18226475 | C20: 1564234.9 | D20: 2347582.4 | E20: 0 | F20: 17443127 | G20: 0 | H20: 0 | I20: 0 | J20: 0 | K20: 0 | L20: 0 | M20: 17443127
A21: TOTAL (III) = (I+II) | B21: 19586353 | C21: 5744146 | D21: 5828739.8 | E21: 18354.52 | F21: 19483404 | G21: 1319811.2 | H21: 1831554.7 | I21: 725684.99 | J21: 691261.35 | K21: 36 | L21: 2460068.6 | M21: 21943473

Sheet RCL
B1: DEMONSTRATIVO DA RECEITA CORRENTE LÍQUIDA | E1: INSTRUÇÃO NORMATIVA nº 18/2021 - TCE/RS. | H1: Página: 1/2 | I1: DEMONSTRATIVO DA RECEITA CORRENTE LÍQUIDA | M1: INSTRUÇÃO NORMATIVA nº 18/2021 - TCE/RS. | U1: Página: 2/2
C2: TOTAIS: | D2: 44652 | E2: 44621 | F2: 44593 | G2: 44562 | H2: 44531 | I2: 44501 | J2: 44470 | K2: 44440 | L2: 44409 | M2: 44378 | N2: 44348 | O2: 44317
A3: Lei Complementar Federal Nº 101/2000 - Inciso I do Artigo 53 | D3: 12º Mês | E3: 11º mês | F3: 10º Mês | G3: 09º mês | H3: 08º Mês | I3: 07º mês | J3: 06º Mês | K3: 05º Mês | L3: 04º Mês | M3: 03º Mês | N3: 02º Mês | O3: 01º Mês
A4: Discriminação | B4: Códificação: | C4: =SUM(D4:O4) -> 0
A5: I - RECEITAS CORRENTES | C5: =SUM(D5:O5) -> 1.3283034e+08 | D5: =D6-D7 -> 11103679 | E5: =E6-E7 -> 11527853 | F5: =F6-F7 -> 11080172 | G5: =G6-G7 -> 11182975 | H5: =H6-H7 -> 16377827 | I5: =I6-I7 -> 11336688 | J5: =J6-J7 -> 11215125 | K5: =K6-K7 -> 8599619.9 | ... O5: =O6-O7 -> 9932379.9
A6: Receitas Correntes | B6: 1.0.0.0.0.00.00.00 | C6: =SUM(D6:O6) -> 1.4989131e+08 | D6: 12445411 | E6: 12688906 | F6: 12723514 | G6: =12843050.92 -> 12843051 | H6: =18101953.5 -> 18101954 | I6: =12785520.99 -> 12785521 | J6: 13127308 | K6: 9720598.5 | L6: =10728421.86 -> 10728422 | M6: 13657496 | N6: =9968466.03 -> 9968466 | O6: 11100660
A7: (R) Deduções das Receitas Correntes | B7: 9.1.0.0.0.00.0.0.00.00.00.00 | C7: =SUM(D7:O7) -> 17060964 | D7: 1341731.5 | E7: =1161052.43 -> 1161052.4 | F7: =1643342.67 -> 1643342.7 | G7: =1660076.16 -> 1660076.2 | H7: =1724126.79 -> 1724126.8 | I7: =1448833.1 -> 1448833.1 | J7: 1912183 | K7: =1120978.6 -> 1120978.6 | L7: =1318639.3 -> 1318639.3 | M7: 1463590.1 | N7: =1098129.55 -> 1098129.6 | O7: =1168280.37 -> 1168280.4
A8: II - DEDUÇÕES | C8: =SUM(D8:O8) -> 11433309 | D8: =SUM(D9:D30) -> 1160163.1 | E8: =SUM(E9:E30) -> 1446121.9 | F8: =SUM(F9:F30) -> 798750.24 | G8: =SUM(G9:G30) -> 669486.65 | H8: =SUM(H9:H30) -> 1700784.6 | I8: =SUM(I9:I30) -> 1208448.2 | J8: =SUM(J9:J30) -> 758296.16 | K8: =SUM(K9:K30) -> 789004.97 | ... O8: =SUM(O9:O30) -> 853276.06
A9: Ativos/Inativos Poder Executivo/Indiretas | B9: 1.1.1.3.03.1.1.01 | C9: =SUM(D9:O9) -> 0
A10: Ativos/Inativos Poder Legislativo | B10: 1.1.1.3.03.1.1.02 | C10: =SUM(D10:O10) -> 0
A11: Contribuições para Custeio dos Sistemas Previdenciário e Assistencial
A12: Contribuições Sociais Específicas de Estados, DF e Municípios | B12: 1.2.1.8.00.0.0.00.00.00
A13: Contribuição para o RPPS do Servidor Público | B13: 1.2.1.8.01 | C13: =SUM(D13:O13) -> 5363113.9 | D13: =396941.18+122332.93+8653.19 -> 527927.3 | E13: =399169.03+121136.46+9403.71 -> 529709.2 | F13: =308768.59+87226.15+5073.55 -> 401068.29 | G13: =234624.7+88797.03+5451.67 -> 328873.4 | H13: =653486.68+91787.64+94059.92 -> 839334.24 | I13: =293422.03+89308.42+5470.32 -> 388200.77 | J13: =293539.42+89308.42+5470.32 -> 388318.16 | K13: =299513.45+89308.42+5470.32 -> 394292.19 | L13: =294469.34+89696.81+5886.79 -> 390052.94 | M13: =296366.8+88943.6+5398.89 -> 390709.29 | N13: =298472.38+5398.89+88625.3 -> 392496.57 | O13: =298361.17+88371.47+5398.89 -> 392131.53
A14: Contribuição Social para o Financiamento da Seguridade Social | B14: 1.2.1.9.99.1.1.03 e .04 | C14: =SUM(D14:O14) -> 1660976.8 | D14: =89933.51+64765.37 -> 154698.88 | E14: =88953.59+64175.16-64.35 -> 153064.4 | F14: =75311.11+55781.06 -> 131092.17 | G14: =86934.48+53366.32 -> 140300.8 | H14: =78489.05+53390.9 -> 131879.95 | I14: =79522.33+53379.19 -> 132901.52 | J14: =97373.51+54029.42 -> 151402.93 | K14: =78297.89+53855.24 -> 132153.13 | L14: =79675.55+54607.44 -> 134282.99 | M14: =79600.29+53390.39 -> 132990.68 | N14: =80247.08+53261.04 -> 133508.12 | O14: =79557.62+53143.65 -> 132701.27
A15: Compensação Previdenciária ao RPPS | C15: =SUM(D15:O15) -> 0
A16: Compensação Financeira entre o Regime Geral e os Regimes Próprios de Previdência dos Servidores (312) | B16: 1.9.9.0.03.1.1.00.00.00 | C16: =SUM(D16:O16) -> 556198.91 | D16: 46260.45 | E16: 46260.45 | F16: =41994.23 -> 41994.23 | G16: =41994.23 -> 41994.23 | H16: 90184.06 | I16: =41374.67 -> 41374.67 | J16: 41374.67 | K16: 41374.67 | L16: =41374.67 -> 41374.67 | M16: 41374.67 | N16: 41374.67 | O16: =41257.47 -> 41257.47
A17: Receitas do RPPS - Remuneração e Outras Receitas | C17: =SUM(D17:O17) -> 0
A18: Remuneração dos Recurso do Regime Próprio de Previdências Social - RPPS (1) | B18: 1.3.2.1.00.4.0.00.00.00 | C18: =SUM(D18:O18) -> 2240565.9 | D18: =416112.89-137141.35 -> 278971.54 | E18: =619278.08 -> 619278.08 | F18: =346111.52-258485.56 -> 87625.96 | G18: =170931.46-130848.46 -> 40083 | H18: =468274.43 -> 468274.43 | I18: =559892.02-(2703.66+30050.01) -> 527138.35 | J18: =356724.71-334520.02 -> 22204.69 | K18: =207190.52-117856.34 -> 89334.18 | L18: =93050.89-139895.26 -> -46844.37 | M18: =73898.94-87402.27 -> -13503.33 | N18: =48213.11-50509.62 -> -2296.51 | O18: =196118.17-25818.29 -> 170299.88
A19: Outras Receitas Receitas Diretamente Arrecadadas pelo RPPS (1.2.1.8.03.1.1) 8 | B19: 1.9.9.0.99.1.X.01.00.00 | C19: =SUM(D19:O19) -> 23359.74 | D19: 2761.09 | F19: 2761.09 | H19: 12818.13 | M19: 1056.75 | N19: 1981.34 | O19: 1981.34
A20: Receitas do Fundo de Assistência Social Social dos Servidores | B20: 1.3.2.1.00.1.1.01.10 | C20: =SUM(D20:O20) -> 0
A21: Remuneração de Depósitos Bancários de Recursos Vinculados - Fundo de Assistência Social | B21: 1.3.2.1.00.1.X.01.09
A22: Receitas Diretamente Arrecadadas pelo Fundo de Assistência Social dos Servidores | B22: 1.9.9.0.99.1.X.02.00.00 | C22: =SUM(D22:O22) -> 0
A23: Receitas do Fundo de Assistência à Saúde do Servidor | C23: =SUM(D23:O23) -> 0
A24: Remuneração de Depósito Bancários de Recursos Vínculados - Fundo de Assistência à Saúde do Servidor (341) | B24: 1.3.2.1.00.1.X.01.10.00 | C24: =SUM(D24:O24) -> 62368.47 | D24: =11006.74 -> 11006.74 | E24: 10154.58 | F24: 8239.47 | G24: =2785.15 -> 2785.15 | H24: =7750.51 -> 7750.51 | I24: =3451.15 -> 3451.15 | J24: 3251.51 | K24: 3466.3 | L24: =3240.91 -> 3240.91 | M24: =2716.37 -> 2716.37 | N24: =3681.13 -> 3681.13 | O24: =2624.65 -> 2624.65
A25: Receitas Diretamente Arrecadadas pelo Fundo de Assistência à Saúde dos Servidores (198) | B25: 1.9.9.0.99.1.X.03.00.00 | C25: =SUM(D25:O25) -> 1526725.4 | D25: =138537.11 -> 138537.11 | E25: =127979.54-40324.34 -> 87655.2 | F25: 125969.03 | G25: =115450.07 -> 115450.07 | H25: =150593.31-50 -> 150543.31 | I25: =115381.72 -> 115381.72 | J25: 151744.2 | K25: =128384.5 -> 128384.5 | L25: =150351.34-122.28 -> 150229.06 | M25: =123275.42 -> 123275.42 | N25: =127275.83 -> 127275.83 | O25: =112279.92 -> 112279.92
A26: Outras Contribuições Sociais | C26: =SUM(D26:O26) -> 0
A27: Outras Contribuições Sociais (1) | B27: 1.2.1.9.00.0.0.00.00.00 | C27: =SUM(D27:O27) -> 0
A28: ( - ) Compensação Previdenciárfia à Prefeitura Municipal | B28: (1.2.1.9.99.1.X.01.00.00) | C28: =SUM(D28:O28) -> 0
A29: ( - ) Contribuição dos Inativos e Pensionistas à Prefeitura Municipal | B29: (1.2.1.9.99.1.X.02.00.00) | C29: =SUM(D29:O29) -> 0
A30: ( R ) Todas as contas dedutoras de receita correspondentes às utilizadas acima | C30: =SUM(D30:O30) -> 0
A31: III - SUBTOTAL (III = I - II) | C31: =SUM(D31:O31) -> 1.2139703e+08 | D31: =D5-D8 -> 9943516.2 | E31: =E5-E8 -> 10081732 | F31: =F5-F8 -> 10281421 | G31: =G5-G8 -> 10513488 | H31: =H5-H8 -> 14677042 | I31: =I5-I8 -> 10128240 | J31: =J5-J8 -> 10456829 | K31: =K5-K8 -> 7810614.9 | ... O31: =O5-O8 -> 9079103.9
A32: IV - ( + ) Perda para o FUNDEB | C32: =SUM(D32:O32) -> 0
A33: V - RECEITA CORRENTE LÍQUIDA (V = III + V) | C33: =SUM(D33:O33) -> 1.2139703e+08 | D33: =D31+D32 -> 9943516.2 | E33: =E31+E32 -> 10081732 | F33: =F31+F32 -> 10281421 | G33: =G31+G32 -> 10513488 | H33: =H31+H32 -> 14677042 | I33: =I31+I32 -> 10128240 | J33: =J31+J32 -> 10456829 | K33: =K31+K32 -> 7810614.9 | ... O33: =O31+O32 -> 9079103.9
A34: VI - Valor das Emendas Parlamentares de Individuais | C34: =SUM(D34:O34) -> 1030000 | D34: 50000 | I34: 100000 | J34: =880000 -> 880000
A35: VII - RECEITA CORRENTE LÍQUIDA Endividamento) (VIII = V - VI) | C35: =SUM(D35:O35) -> 1.2036703e+08 | D35: =D33-D34 -> 9893516.2 | E35: =E33-E34 -> 10081732 | F35: =F33-F34 -> 10281421 | G35: =G33-G34 -> 10513488 | H35: =H33-H34 -> 14677042 | I35: =I33-I34 -> 10028240 | J35: =J33-J34 -> 9576828.8 | K35: =K33-K34 -> 7810614.9 | ... O35: =O33-O34 -> 9079103.9
A36: VIII - Valor das Emendas Parlamentares de Bancada | C36: =SUM(D36:O36) -> 350000 | M36: 350000
A37: IX - RECEITA CORRENTE LIQUIDA (Despesas com Pessoal) (IX = VII - VIII) | C37: =SUM(D37:O37) -> 1.2001703e+08 | D37: =D35-D36 -> 9893516.2 | E37: =E35-E36 -> 10081732 | F37: =F35-F36 -> 10281421 | G37: =G35-G36 -> 10513488 | H37: =H35-H36 -> 14677042 | I37: =I35-I36 -> 10028240 | J37: =J35-J36 -> 9576828.8 | K37: =K35-K36 -> 7810614.9 | ... O37: =O35-O36 -> 9079103.9
A38: Fonte da Metodologia TCE/RS. (OBS.: Foi deduzidos os valores das Emendas Parlamentares) | C38: 1.2001703e+08 | D38: =9943516.24-D37 -> 50000 | E38: =10081731.52-E37 -> 0 | F38: =10281421.26-F37 -> 0 | G38: =10513488.11-G37 -> 0 | H38: =14677042.08-H37 -> 0 | I38: =10128239.71-I37 -> 100000 | J38: =10456828.75-J37 -> 880000 | K38: =7810614.92-K37 -> 0 | L38: =8737446.36-L37 -> 0 | M38: =11515286.49-M37 -> 350000 | N38: =8172315.33-N37 -> 0 | O38: =9079103.88-O37 -> 0
A39: ( 1 ) A Natureza de Receita 1.2.9.99.1.0.00.00.00 - Demais Contribuições Socias deverá ser detalhada conforme a necessidade do Orgão para a contabilização das contribuições para Fundos de Assitência Médica dos Servidores Municipais.
A40: ( 2 ) Valor correspondente à Soma das Receitas Arrecadadas no período com os complementos de recurso vínculado código 3110 - transferências da União decorrentes de Emendas Pralamentares Individuais e 3410 - TransferÊncias da União decorrentes de Emndas Parlamentares Individuais - COVID-19.
A41: ( 3 ) Valor correspondente à Soma das Receitas Arrecadadas no período com os complementos de recurso vínculado código 3120 - transferências da União decorrentes de Emendas Parlamentares de bancada e 3150 - Transferências da União decorrentes de Mendas Parlamentares de Emndas Parlamentares de Bancada - COVID-19.
A44: Giovani Amestoy da Silva | C44: Ihoko Nakashima Mota | G44: Arlei Lopes Souza
A45: Prefeito Municipal | C45: Secret. de Município da Fazenda | G45: Contador - CRC/RS: 068452/O-6

Sheet DCLP
B1: Modelo 2 - Demonstrativo da Despesa com Pessoal | H1: INSTRUÇÃO NORMATIVA nº 18/2021 - TCE/RS. | K1: Página: 1/2 | M1: Modelo 2 - Demonstrativo da Despesa com Pessoal | R1: INSTRUÇÃO NORMATIVA nº 18/2021 - TCE/RS. | W1: Página: 2/2
A2: Lei Complementar Federal nº 101/2000, artigo 54 e alínea "a" do inciso I do artigo 55
A3: Despesa Líquidada | B3: 9000 - Prefeitura e Fundos: | H3: Total dos últimos | I3: =RCL!D2 -> 44652 | J3: =RCL!E2 -> 44621 | K3: =RCL!F2 -> 44593 | L3: =RCL!G2 -> 44562 | M3: =RCL!H2 -> 44531 | N3: =RCL!I2 -> 44501 | O3: =RCL!J2 -> 44470 | P3: =RCL!K2 -> 44440 | ... T3: =RCL!O2 -> 44317
A4: Discriminação | B4: Detalhamento: | G4: Codificação: | H4: 12 meses | I4: 12º Mês | J4: 11º mês | K4: 10º Mês | L4: 9º Mês | M4: 8º Mês | N4: 7º Mês | O4: 6º Mês | P4: 5º Mês | Q4: 4º Mês | R4: 3º Mês | S4: 2º Mês | T4: 1º Mês
A5: I - NATUREZA DE DESPESA | H5: =SUM(I5:T5) -> 1.0320643e+08 | I5: =I6+I7 -> 9800939.4 | J5: =J6+J7 -> 9594937.9 | K5: =K6+K7 -> 9521282 | L5: =L6+L7 -> 7830866.4 | M5: =M6+M7 -> 15244094 | N5: =N6+N7 -> 7378248.6 | O5: =O6+O7 -> 7307481.9 | P5: =P6+P7 -> 7201087.4 | ... T5: =T6+T7 -> 7278817.8
A6: Pessoal e encargos sociais | G6: 3.1.00.00.00.00 | H6: =SUM(I6:T6) -> 102026304 | I6: 9800939.4 | J6: =9512897.79 -> 9512897.8 | K6: 9453129.2 | L6: 7753844.4 | M6: =15177341.49 -> 15177341 | N6: =7311846.31 -> 7311846.3 | O6: 7235984.9 | P6: =7106261.44 -> 7106261.4 | Q6: =7167386.63 -> 7167386.6 | R6: =7526337.83-236922.78 -> 7289415 | S6: =7170867.52 -> 7170867.5 | T6: =7046389.84 -> 7046389.8
A7: Outras Despesas de Pessoal de Contratos de Terceirização - Substituição de mão de obra (art. 18, § 1º da LRF) | G7: 3.3.XX.34.01.00 | H7: =SUM(I7:T7) -> 1180123.9 | J7: =82040.1 -> 82040.1 | K7: =68152.8 -> 68152.8 | L7: 77022 | M7: =66752.4 -> 66752.4 | N7: =66402.3 -> 66402.3 | O7: 71497 | P7: =94826 -> 94826 | Q7: =123858.67 -> 123858.67 | R7: 168520.14 | S7: =128624.5 -> 128624.5 | T7: =232428 -> 232428
A8: II - DEDUÇÕES | H8: =SUM(I8:T8) -> 26935096 | I8: =SUM(I10:I19) -> 2390980.4 | J8: =SUM(J10:J19) -> 2528661.3 | K8: =SUM(K10:K19) -> 2297658.2 | L8: =SUM(L10:L19) -> 2001789.7 | M8: =SUM(M10:M19) -> 3828455.8 | N8: =SUM(N10:N19) -> 2029057.4 | O8: =SUM(O10:O19) -> 1934118.1 | P8: =SUM(P10:P19) -> 1937387.8 | ... T8: =SUM(T10:T19) -> 1894472.9
A10: Aposentadoria do RPPS, Reserva Remunerada e Reformas dos Militares (com recursos do RPPS) | G10: 3.1.90.01 | H10: =SUM(I10:T10) -> 22585996 | I10: 2019475.9 | J10: =2016240.3 -> 2016240.3 | K10: =1994589.15 -> 1994589.1 | L10: 1730656.3 | M10: =3278600.89 -> 3278600.9 | N10: =1652874.5 -> 1652874.5 | O10: 1651696.4 | P10: =1649833.24 -> 1649833.2 | Q10: =1648483.54 -> 1648483.5 | R10: 1652132.2 | S10: =1649294.67 -> 1649294.7 | T10: =1642118.8 -> 1642118.8
A12: Pensões do RPPS e do Militar (com Recursos do RPPS) | G12: 3.1.90.03 | H12: =SUM(I12:T12) -> 2957873.4 | I12: 267062.41 | J12: 262246.5 | K12: =266900.34 -> 266900.34 | L12: 224135.64 | M12: =425586.98 -> 425586.98 | N12: =213881.89 -> 213881.89 | O12: 214871 | P12: =214871 -> 214871 | Q12: =214871 -> 214871 | R12: 231683.43 | S12: =210844.25 -> 210844.25 | T12: =210918.91 -> 210918.91
H13: =SUM(I13:T13) -> 0
A14: Sentenças Judiciais | G14: 3.1.X.X.91 | H14: =SUM(I14:T14) -> 74103.87 | I14: 1613.61 | J14: =1613.61 -> 1613.61 | K14: =1613.61 -> 1613.61 | L14: 1396.82 | M14: 53381.19 | N14: 1335.92 | O14: 6469.51 | P14: =1335.92 -> 1335.92 | Q14: =1335.92 -> 1335.92 | R14: =1335.92 -> 1335.92 | S14: =1335.92 -> 1335.92 | T14: =1335.92 -> 1335.92
A16: Despesas de Exercícios Anteriores | G16: 3.1.90.92 | H16: =SUM(I16:T16) -> 24599.13 | L16: 24599.13
A18: Indenizações e Restituições Trabalhistas | G18: 3.1.9.0.94 | H18: =SUM(I18:T18) -> 1292523.7 | I18: 102828.5 | J18: =248560.87 -> 248560.87 | K18: =34555.15 -> 34555.15 | L18: 21001.8 | M18: =70886.76 -> 70886.76 | N18: =160965.04 -> 160965.04 | O18: 61081.18 | P18: =71347.66 -> 71347.66 | Q18: 57646.67 | R18: 268499.77 | S18: =155051.03 -> 155051.03 | T18: =40099.27 -> 40099.27
H19: =SUM(I19:T19) -> 0
A20: III - TOTAL DAS NATUREZAS DE DESPESA (I - II) | H20: =SUM(I20:T20) -> 76271332 | I20: =I5-I8 -> 7409959 | J20: =J5-J8 -> 7066276.6 | K20: =K5-K8 -> 7223623.7 | L20: =L5-L8 -> 5829076.7 | M20: =M5-M8 -> 11415638 | N20: =N5-N8 -> 5349191.3 | O20: =O5-O8 -> 5373363.8 | P20: =P5-P8 -> 5263699.6 | ... T20: =T5-T8 -> 5384344.9
A21: Recursos para cobertura de Insuficências Financeiras | G21: 3.5.1.3.2.01.01 | H21: =SUM(I21:T21) -> 0
A22: Recursos para cobertura de Déficit Financeiro | G22: 3.5.1.3.2.02.01 | H22: =SUM(I22:T22) -> 0
A23: IV - TOTAL DAS CONTAS PATRIMONIAIS | H23: =SUM(I23:T23) -> 0 | I23: =SUM(I21:I22) -> 0 | J23: =SUM(J21:J22) -> 0 | K23: =SUM(K21:K22) -> 0 | L23: =SUM(L21:L22) -> 0 | M23: =SUM(M21:M22) -> 0 | N23: =SUM(N21:N22) -> 0 | O23: =SUM(O21:O22) -> 0 | P23: =SUM(P21:P22) -> 0 | ... T23: =SUM(T21:T22) -> 0
A24: Cálculo Despesa c/ Pessoal 1º e 2º Quadrimestre/1º Semestre: Emp. Não Liquidados | B24: Cálculo das contas das naturezas de despesas de pessoal dos Itens I e II | H24: =SUM(I24:T24) -> 611445.1 | I24: =9788563.69-I5 -> -12375.74 | J24: =9623865.53-J5 -> 28927.64 | K24: =9465877.22+649785.6-K5 -> 594380.86 | L24: =7754356.74+77022-L5 -> 512.34
A25: Cálculo Despesa c/ Pessoal 3º Quadrimestre/2º Semestre: Restos a Pagar Não Processados | B25: Cálculo das contas das naturezas de despesas de pessoal dos Itens I e II | H25: =SUM(I25:T25) -> -172946.88 | M25: =(15143005.9-M6)+(-1283.7-M7) -> -102371.69 | N25: =(7288911.42+134438.4)-(N6+N7) -> 45101.21 | O25: =(7229419.31+71497)-(O6+O7) -> -6565.63 | P25: =(7097448.16+94826)-(P6+P7) -> -8813.28 | Q25: =(7157933.11+123858.67)-(Q6+Q7) -> -9453.52 | R25: =(7280601.77+109820.64)-(R6+R7) -> -67512.78 | S25: =7154869.31-(S6+S66) -> -15998.21 | T25: =(7045109.36-T6+355000-T7)-128624.5 -> -7332.98
A26: V - TOTAL DOS EMPENHOS NÃO LÍQUIDADOS - RESTOS A PAGAR NÃO PROCESSADOS | H26: =SUM(I26:T26) -> 438498.22 | I26: =SUM(I24:I25) -> -12375.74 | J26: =SUM(J24:J25) -> 28927.64 | K26: =SUM(K24:K25) -> 594380.86 | L26: =SUM(L24:L25) -> 512.34 | M26: =SUM(M24:M25) -> -102371.69 | N26: =SUM(N24:N25) -> 45101.21 | O26: =SUM(O24:O25) -> -6565.63 | P26: =SUM(P24:P25) -> -8813.28 | ... T26: =SUM(T24:T25) -> -7332.98
B27: Informação da Execução do Consórcio p/ consolidação - maio a Dez | G27: 8.5.3.2.4.01.01 | H27: =SUM(I27:T27) -> 0
A28: Contas Aplicáveis ao 1º Quadrimestre (1) | B28: Informação da Execução do Consórcio p/ consolidação - Exercício atual - 1º Bimestre | G28: 8.5.3.2.4.02.01 | H28: =SUM(I28:T28) -> 0
B29: Informação da Execução do Consórcio p/ consolidação - Exercício atual - 2º Bimestre | G29: 8.5.3.2.4.02.02 | H29: =SUM(I29:T29) -> 0
B30: Informação da Execução do Consórcio p/ consolidação - julho a Dez | G30: 8.5.3.2.4.01.02 | H30: =SUM(I30:T30) -> 0
A31: Contas Aplicáveis ao 1º Semestre (1) | B31: Informação da Execução do Consórcio p/ consolidação - Exercício atual - 1º Bimestre | G31: 8.5.3.2.4.02.01 | H31: =SUM(I31:T31) -> 0
B32: Informação da Execução do Consórcio p/ consolidação - Exercício atual - 2º Bimestre | G32: 8.5.3.2.4.02.02 | H32: =SUM(I32:T32) -> 0
B33: Informação da Execução do Consórcio p/ consolidação - Exercício atual - 3º Bimestre | G33: 8.5.3.2.4.02.03 | H33: =SUM(I33:T33) -> 0
B34: Informação da Execução do Consórcio p/ consolidação - Setembro a Dez | G34: 8.5.3.2.4.01.03 | H34: =SUM(I34:T34) -> 0
B35: Informação da Execução do Consórcio p/ consolidação - Exercício atual - 1º Bimestre | G35: 8.5.3.2.4.02.01 | H35: =SUM(I35:T35) -> 0
A36: Contas Aplicáveis ao 2º Quadrimestre (1) | B36: Informação da Execução do Consórcio p/ consolidação - Exercício atual - 2º Bimestre | G36: 8.5.3.2.4.02.02 | H36: =SUM(I36:T36) -> 0
B37: Informação da Execução do Consórcio p/ consolidação - Exercício atual - 3º Bimestre | G37: 8.5.3.2.4.02.03 | H37: =SUM(I37:T37) -> 0
B38: Informação da Execução do Consórcio p/ consolidação - Exercício atual - 4º Bimestre | G38: 8.5.3.2.4.02.04 | H38: =SUM(I38:T38) -> 0
B39: Informação da Execução do Consórcio p/ consolidação - Exercício atual - 1º Bimestre | G39: 8.5.3.2.4.02.01 | H39: =SUM(I39:T39) -> 0
B40: Informação da Execução do Consórcio p/ consolidação - Exercício atual - 2º Bimestre | G40: 8.5.3.2.4.02.02 | H40: =SUM(I40:T40) -> 0
A41: Contas Aplicáveis ao 3º Quadrimestre e ao 2º Semestre (1) | B41: Informação da Execução do Consórcio p/ consolidação - Exercício atual - 3º Bimestre | G41: 8.5.3.2.4.02.03 | H41: =SUM(I41:T41) -> 0
B42: Informação da Execução do Consórcio p/ consolidação - Exercício atual - 4º Bimestre | G42: 8.5.3.2.4.02.04 | H42: =SUM(I42:T42) -> 0
B43: Informação da Execução do Consórcio p/ consolidação - Exercício atual - 5º Bimestre | G43: 8.5.3.2.4.02.05 | H43: =SUM(I43:T43) -> 0
B44: Informação da Execução do Consórcio p/ consolidação - Exercício atual - 6º Bimestre | G44: 8.5.3.2.4.02.06 | H44: =SUM(I44:T44) -> 0
A45: VI - TOTAL DAS CONTAS CONTÁBEIS DE CPONTROLE | C45: EXECUÇÃO DOS CONSÓRCIOS PÚBLICOS | H45: =SUM(I45:T45) -> 0 | I45: =SUM(I27:I44) -> 0 | J45: =SUM(J27:J44) -> 0 | K45: =SUM(K27:K44) -> 0 | L45: =SUM(L27:L44) -> 0 | M45: =SUM(M27:M44) -> 0 | N45: =SUM(N27:N44) -> 0 | O45: =SUM(O27:O44) -> 0 | P45: =SUM(P27:P44) -> 0 | ... T45: =SUM(T27:T44) -> 0
A46: VII - TOTAL DA DESPESA COM PESSOAL ATIVO / INATIVO DA ENTIDADE VII = (III + IV + V - VI) | H46: =H20+H23+H26-H45 -> 76709830 | I46: =I20+I23+I26-I45 -> 7397583.3 | J46: =J20+J23+J26-J45 -> 7095204.2 | K46: =K20+K23+K26-K45 -> 7818004.6 | L46: =L20+L23+L26-L45 -> 5829589 | M46: =M20+M23+M26-M45 -> 11313266 | N46: =N20+N23+N26-N45 -> 5394292.5 | O46: =O20+O23+O26-O45 -> 5366798.2 | ... T46: =T20+T23+T26-T45 -> 5377012
A47: Fonte: Demonstrativo da Despesa Orçamentária Empenhada e liquidada ao Mês e a Metodologia a fonte é o TCE/RS.
N53: Giovani Amestoy da Silva | P53: Ihoko Nakashima Mota | S53: Arlei Lopes Souza
N54: Prefeito Municipal | P54: Secret. de Município da Fazenda | S54: Contador - CRC/RS: 068452/O-6

Sheet DCLP_RCL
C2: Evolução Mensal da Despesa Liquidada com Pessoal | J2: INSTRUÇÃO NORMATIVA nº 18/2021 - TCE/RS.
D4: =DCLP!I3 -> 44652 | E4: =DCLP!J3 -> 44621 | F4: =DCLP!K3 -> 44593 | G4: =DCLP!L3 -> 44562 | H4: =DCLP!M3 -> 44531 | I4: =DCLP!N3 -> 44501 | J4: =DCLP!O3 -> 44470 | K4: =DCLP!P3 -> 44440 | ... O4: =DCLP!T3 -> 44317
B5: TOTAIS DOS ÚLTIMOS 12 MESES | D5: 12º Mês | E5: 11º mês | F5: 10º Mês | G5: 9º Mês | H5: 8º Mês | I5: 7º Mês | J5: 6º Mês | K5: 5º Mês | L5: 4º Mês | M5: 3º Mês | N5: 2º Mês | O5: 1º Mês
B6: Despesa Liquida c/ Pessoal | C6: =(SUM(D6:O6)) -> 76709830 | D6: =DCLP!I46 -> 7397583.3 | E6: =DCLP!J46 -> 7095204.2 | F6: =DCLP!K46 -> 7818004.6 | G6: =DCLP!L46 -> 5829589 | H6: =DCLP!M46 -> 11313266 | I6: =DCLP!N46 -> 5394292.5 | J6: =DCLP!O46 -> 5366798.2 | K6: =DCLP!P46 -> 5254886.3 | ... O6: =DCLP!T46 -> 5377012
B7: Receita Corrente Líquida | C7: =SUM(D7:O7) -> 1.2001703e+08 | D7: =RCL!D37 -> 9893516.2 | E7: =RCL!E37 -> 10081732 | F7: =RCL!F37 -> 10281421 | G7: =RCL!G37 -> 10513488 | H7: =RCL!H37 -> 14677042 | I7: =RCL!I37 -> 10028240 | J7: =RCL!J37 -> 9576828.8 | K7: =RCL!K37 -> 7810614.9 | ... O7: =RCL!O37 -> 9079103.9
B8: Índice da DCLP s/ a RCL | C8: =C6/C7 -> 0.63915785 | D8: =D6/D7 -> 0.74772033 | E8: =E6/E7 -> 0.70376842 | F8: =F6/F7 -> 0.76040115 | G8: =G6/G7 -> 0.55448667 | H8: =H6/H7 -> 0.77081379 | I8: =I6/I7 -> 0.5379102 | J8: =J6/J7 -> 0.56039409 | ... O8: =O6/O7 -> 0.59224038
B9: Limite Máximo do Índice | C9: 0.54 | D9: 0.54 | E9: 0.54 | F9: 0.54 | G9: 0.54 | H9: 0.54 | I9: 0.54 | J9: 0.54 | K9: 0.54 | L9: 0.54 | M9: 0.54 | N9: 0.54 | O9: 0.54
B10: OBS.: | C10: No Valor da RCL foi deduzidos os valores das Emendandas Parlamentares do Período.
B53: Fonte: | C53: Demonstrativos apurados pela Contabilidade da Receita Corrente Realizada e da Despesa Líquidada Orçamentarias.
C57: Giovani Amestoy da Silva | F57: Ihoko Nakashima Mota | J57: Arlei Lopes Souza
C58: Prefeito Municipal | F58: Secret. de Município da Fazenda | J58: Contador - CRC/RS: 068452/O-6

Sheet AcompFAPS
A2: Aliquotas vigentes em 2021 do FAPS/RPPS | F2: ENTE | G2: SEGURADO | I2: Anos: | J2: 2021 | K2: 2022
F3: Normal | G3: Normal | I3: Suplementar: | J3: 0.33 | K3: 0.4
F4: 0.1999 | G4: 0.1184
G5: Média dos Segurados
F6: Período: | G6: 2021 | H6: 2021 | I6: 2022 | J6: 2023 | K6: 2024 | L6: 2025
F7: L. M. Nº 4167 de 04/08/2020 - Art. 4º - Aliquota do Passivo Atuarial. | G7: 0.33 | H7: 0.335 | I7: 0.4 | J7: 0.5 | K7: 0.74 | L7: 0.72
F8: L. M. Nº 4.244 de 22/07/2021 - Art. 4º - Aliquota do Passivo Atuarial.
B9: Ano: 2021 | D9: Janeiro | E9: Fevereiro | F9: Março | G9: Abril | H9: Maio | I9: Junho | J9: Julho | K9: Agosto | L9: Setembro | M9: Outubro | N9: Novembro | O9: Dezembro | P9: TOTAIS:
B10: Aportes Periodicos
A11: 7.9.9.0.01.1.1 | B11: Amortiz Deficit Atuarial | C11: 311 | D11: 646851.22 | E11: 1584309.8 | F11: 1110585.6 | G11: 1101862.1 | H11: =1041204.38 -> 1041204.4 | I11: 1041463.5 | J11: 1038282 | K11: 1036421.9 | L11: 1047813.3 | M11: 1031939.7 | N11: =1031371.47 -> 1031371.5 | O11: =2257142.6 -> 2257142.6 | P11: =SUM(D11:O11) -> 13969248 | Q11: =13969247.57-P11 -> 0
A12: 7.9.9.0.01.1.3 | B12: Deficit Atuarial - Div Ativa | C12: 320 | D12: 40013.54 | E12: 25467.31 | F12: =43738.35 -> 43738.35 | G12: 147124.29 | H12: =167667.79 -> 167667.79 | I12: 197063.87 | J12: 79480.33 | K12: 114330.75 | L12: 39881.89 | M12: 76483.03 | N12: =132426.56 -> 132426.56 | O12: =81964.99 -> 81964.99 | P12: =SUM(D12:O12) -> 1145642.7 | Q12: =1145642.7-P12 -> 0
B13: 1. Receitas Totais | D13: 1821306.7 | E13: 3418373.4 | F13: 2477692 | G13: 2713144.4 | H13: =2527081.2 -> 2527081.2 | I13: 2358458.2 | J13: 2342207.5 | K13: =2308046.36 -> 2308046.4 | L13: 2466047.5 | M13: 2370360.4 | N13: =2878589.87 -> 2878589.9 | O13: =5272665.5 -> 5272665.5 | P13: =SUM(D13:N13) -> 27681307 | Q13: =27681307.39-P13 -> 0
B14: 2. Total da Despesa Paga | D14: 1774960.3 | E14: 1892028.5 | F14: 1916270.8 | G14: 1847527.9 | H14: 1862823.2 | I14: =1860508.85 -> 1860508.9 | J14: 1888869.8 | K14: 1864374.6 | L14: =1864704.24 -> 1864704.2 | M14: 1868149.1 | N14: =1866454.01 -> 1866454 | O14: =3707726.11 -> 3707726.1 | P14: =SUM(D14:O14) -> 24214397 | Q14: =24214397.41-P14 -> 0
B15: 3. Resultado: 1. - 2. = | C15: (- ) | D15: =D13-D14 -> 46346.42 | E15: =E13-E14 -> 1526344.8 | F15: =F13-F14 -> 561421.16 | G15: =G13-G14 -> 865616.53 | H15: =H13-H14 -> 664258.01 | I15: =I13-I14 -> 497949.35 | J15: =J13-J14 -> 453337.71 | K15: =K13-K14 -> 443671.71 | ... O15: =O13-O14 -> 1564939.4 | P15: =SUM(D15:N15) -> 7174636.1
B17: Valor do déficit para cobertura do Passivo Atuarial: | C17: ( = ) | D17: =SUM(D11:D12)-D15 -> 640518.34 | E17: =SUM(E11:E12)-E15 -> 83432.26 | F17: =SUM(F11:F12)-F15 -> 592902.82 | G17: =SUM(G11:G12)-G15 -> 383369.85 | H17: =SUM(H11:H12)-H15 -> 544614.16 | I17: =SUM(I11:I12)-I15 -> 740577.99 | J17: =SUM(J11:J12)-J15 -> 664424.66 | K17: =SUM(K11:K12)-K15 -> 707080.93 | ... O17: =SUM(O11:O12)-O15 -> 774168.2 | P17: =SUM(D17:O17) -> 6375314.8
B18: Progressão do Déficit no período | E18: =D17+E17 -> 723950.6 | F18: =E18+F17 -> 1316853.4 | G18: =F18+G17 -> 1700223.3 | H18: =G18+H17 -> 2244837.4 | I18: =H18+I17 -> 2985415.4 | J18: =I18+J17 -> 3649840.1 | K18: =J18+K17 -> 4356921 | L18: =K18+L17 -> 4843272.9 | M18: =L18+M17 -> 5449484.4 | ... O18: =N18+O17 -> 6375314.8
B20: Rendimentos Líquidos Auferidos do Período: | D20: =21390.5-13008.99 -> 8381.51 | E20: 7644.48 | F20: =70335.98-81867.41 -> -11531.43 | G20: 236970.22 | H20: =196118.17-25818.29 -> 170299.88 | I20: =48213.11-50509.62 -> -2296.51 | J20: =73898.94-87402.27 -> -13503.33 | K20: =93050.89-139895.26 -> -46844.37 | L20: =207190.52-117856.34 -> 89334.18 | M20: =356724.71-334520.02 -> 22204.69 | N20: =559892.02-(2703.66+30050.01) -> 527138.35 | O20: =468274.43 -> 468274.43 | P20: =SUM(D20:O20) -> 1456072.1 | Q20: =(2351279.88-(895207.78))-P20 -> 0
O21: (-) 9419 Demais Variações Monetárias Negativas | P21: -352333.58
A22: 08/09/2021 Arrecadacao da Receita Ref correcao contribuicoes repassadas ao RPPS compensando os juros pelo atraso ao FAPS pela Camara de Vereadores emp extra 119/2021 Correcao SELIC contribuicao patronal contido R$ 160,40 | O22: =P22-J38 -> 1103738.5 | P22: =P20+P21 -> 1103738.5
B23: Saldo dos Valores Aplicados: | D23: 33033587 | E23: 32875957 | F23: 34457888 | G23: 35776936 | H23: 35898682 | I23: =35480656.82 -> 35480657 | J23: =35920808.42 -> 35920808 | K23: 36369533 | L23: =36874615.14 -> 36874615 | M23: 37473088 | N23: 38488332 | O23: 40962776 | P23: TOTAIS:
E24: =E23-D23 -> -157630.07 | F24: =F23-E23 -> 1581931.6 | G24: =G23-F23 -> 1319048 | H24: =H23-G23 -> 121746.14 | I24: =I23-H23 -> -418025.45 | J24: =J23-I23 -> 440151.6 | K24: =K23-J23 -> 448724.77 | L24: =L23-K23 -> 505081.95 | ... O24: =O23-N23 -> 2474443.8 | P24: =SUM(E24:O24) -> 7929189.6 | Q24: =O23-D23-P24 -> 0
C26: Percentual dos Rendimentos em relação ao Saldo: | D26: =D20/D23 -> 0.00025372691 | E26: =E20/E23 -> 0.00023252495 | F26: =F20/F23 -> -0.00033465284 | G26: =G20/G23 -> 0.0066235471 | H26: =H20/H23 -> 0.0047439034 | I26: =I20/I23 -> -6.472569e-05 | J26: =J20/J23 -> -0.00037591943 | K26: =K20/K23 -> -0.0012880113 | ... O26: =O20/O23 -> 0.011431706 | P26: =SUM(D26:O26) -> 0.037933353
B32: Ano: 2022 | D32: Janeiro | E32: Fevereiro | F32: Março | G32: Abril | H32: Maio | I32: Junho | J32: Julho | K32: Agosto | L32: Setembro | M32: Outubro | N32: Novembro | O32: Dezembro | P32: TOTAIS:
B33: Aportes Periodicos
A34: 7.9.9.0.01.1.1 | B34: Amortiz Deficit Atuarial | C34: 2 | D34: =891787.92 -> 891787.92 | E34: =1297234.15 -> 1297234.1 | F34: =1687898.51 -> 1687898.5 | G34: =1685861.8 -> 1685861.8 | P34: =SUM(D34:O34) -> 5562782.4 | Q34: =5562782.38-P34 -> 0
A35: 7.9.9.0.01.1.3 | B35: Deficit Atuarial - Div Ativa | C35: 7 | D35: =54875.67 -> 54875.67 | E35: =111840.76 -> 111840.76 | F35: =76216.62 -> 76216.62 | G35: =196927.82 -> 196927.82 | P35: =SUM(D35:O35) -> 439860.87 | Q35: =439860.87-P35 -> 0
B36: 1. Receitas Totais | D36: =2095430.84 -> 2095430.8 | E36: =2742554.41 -> 2742554.4 | F36: =3839700.82 -> 3839700.8 | G36: =3771843.75 -> 3771843.8 | P36: =SUM(D36:N36) -> 12449530 | Q36: =12449529.82-P36 -> 0
B37: 2. Total da Despesa Paga | D37: =1954791.97 -> 1954792 | E37: =2260829.3 -> 2260829.3 | P37: =SUM(D37:O37) -> 4215621.3 | Q37: =4215621.27-P37 -> 0
B38: 3. Resultado: 1. - 2. = | C38: (- ) | D38: =D36-D37 -> 140638.87 | E38: =E36-E37 -> 481725.11 | F38: =F36-F37 -> 3839700.8 | G38: =G36-G37 -> 3771843.8 | H38: =H36-H37 -> 0 | I38: =I36-I37 -> 0 | J38: =J36-J37 -> 0 | K38: =K36-K37 -> 0 | ... O38: =O36-O37 -> 0 | P38: =SUM(D38:N38) -> 8233908.6
B40: Valor do déficit para cobertura do Passivo Atuarial: | C40: ( = ) | D40: =SUM(D34:D35)-D38 -> 806024.72 | E40: =SUM(E34:E35)-E38 -> 927349.8 | F40: =SUM(F34:F35)-F38 -> -2075585.7 | G40: =SUM(G34:G35)-G38 -> -1889054.1 | H40: =SUM(H34:H35)-H38 -> 0 | I40: =SUM(I34:I35)-I38 -> 0 | J40: =SUM(J34:J35)-J38 -> 0 | K40: =SUM(K34:K35)-K38 -> 0 | ... O40: =SUM(O34:O35)-O38 -> 0 | P40: =SUM(D40:O40) -> -2231265.3
B41: Progressão do Déficit no período | E41: =D40+E40 -> 1733374.5 | F41: =E41+F40 -> -342211.17 | G41: =F41+G40 -> -2231265.3 | H41: =G41+H40 -> -2231265.3 | I41: =H41+I40 -> -2231265.3 | J41: =I41+J40 -> -2231265.3 | K41: =J41+K40 -> -2231265.3 | L41: =K41+L40 -> -2231265.3 | M41: =L41+M40 -> -2231265.3 | ... O41: =N41+O40 -> -2231265.3
B43: Rendimentos Líquidos Auferidos do Período: | D43: =170931.46-130848.46 -> 40083 | E43: =346111.52-258485.56 -> 87625.96 | F43: =619278.08-40324.34 -> 578953.74 | G43: =416112.89-137141.35 -> 278971.54 | P43: =SUM(D43:O43) -> 985634.24 | Q43: =(1552433.95-566799.71)-P43 -> 0
P45: =P43+P44 -> 985634.24
B46: Saldo dos Valores Aplicados: | D46: 40962776 | E46: =41262902.53 -> 41262903 | F46: =43145513.5 -> 43145514 | G46: =44628052.33 -> 44628052 | P46: TOTAIS:
D47: =40962776.23-D46 -> 0 | E47: =E46-D46 -> 300126.3 | F47: =F46-E46 -> 1882611 | G47: =G46-F46 -> 1482538.8 | I47: =I46-H46 -> 0 | J47: =J46-I46 -> 0 | K47: =K46-J46 -> 0 | L47: =L46-K46 -> 0 | M47: =M46-L46 -> 0 | N47: =N46-M46 -> 0 | O47: =O46-N46 -> 0 | P47: =SUM(E47:O47) -> 3665276.1 | Q47: =G46-D46-P47 -> 0
C49: Percentual dos Rendimentos em relação ao Saldo: | D49: =D43/D46 -> 0.00097852254 | E49: =E43/E46 -> 0.0021236015 | F49: =F43/F46 -> 0.013418631 | G49: =G43/G46 -> 0.0062510355 | H49: =H43/H46 -> #DIV/0! | I49: =I43/I46 -> #DIV/0! | J49: =J43/J46 -> #DIV/0! | K49: =K43/K46 -> #DIV/0! | ... O49: =O43/O46 -> #DIV/0! | P49: =SUM(D49:O49) -> #DIV/0!
H56: Giovani Amestoy da Silva | K56: Ihoko Nakashima Mota | O56: Arlei Lopes Souza
H57: Prefeito Municipal | K57: Secret. de Município da Fazenda | O57: Contador - CRC/RS: 068452/O-6

Sheet Cronogra
E1: ANEXO II DO CRONOGRAMA DE DESEMBOLSO PARA 2022 | U1: ANEXO III - CRONOGRAMA DE REEMBOLSO E DESEMBOLSO AO MÊS PARA 2022
U2: CRONOGRAMA DE DESEMBOLSO POR ORGÃO PARA O EXERCÍCIO DE 2022
A3: Cronograma | B3: RECEITA CONSOLIDADA REALIZADA | L3: PREVISTO | N3: REESTIMADA | Q3: Seq. | R3: ÓRGÃOS | S3: JANEIRO | T3: FEVEREIRO | U3: MARÇO | V3: ABRIL | W3: MAIO | X3: JUNHO | Y3: JULHO | Z3: AGOSTO | AA3: SETEMBRO | AB3: OUTUBRO | AC3: NOVEMBRO | AD3: DEZEMBRO | AE3: TOTAL
A4: MESES | B4: 2017 | C4: % | D4: 2018 | E4: % | F4: 2019 | G4: % | H4: 2020 | I4: % | J4: 2021 | K4: % | L4: 2022 | M4: % | N4: 2023 | O4: 2024 | Q4: 1 | R4: Câmara | S4: =4740087.5/12 -> 395007.29 | T4: =4740087.5/12 -> 395007.29 | U4: =4740087.5/12 -> 395007.29 | V4: =4740087.5/12 -> 395007.29 | W4: =4740087.5/12 -> 395007.29 | X4: =4740087.5/12 -> 395007.29 | Y4: =4740087.5/12 -> 395007.29 | Z4: =4740087.5/12 -> 395007.29 | ... AD4: =4740087.5/12 -> 395007.29 | AE4: =SUM(S4:AD4) -> 4740087.5 | AF4: =AE4/$AE$20 -> 0.026303497 | AG4: 4740087.5 | AH4: =AE4-AG4 -> 0
A5: Janeiro | B5: 8128227.2 | C5: =B5/B17 -> 0.077766632 | D5: 7522241.3 | E5: =D5/D17 -> 0.079831482 | F5: 10690470 | G5: =F5/F17 -> 0.092128812 | H5: 10229896 | I5: =H5/H17 -> 0.082588546 | J5: 11654887 | K5: =J5/J17 -> 0.07573584 | L5: 11654887 | M5: =L5/L17 -> 0.064674815 | N5: =((F5+H5+J5+L5)/3.15)-354050.16 -> 13687264 | O5: =(H5+J5+L5+N5)/3.15 -> 14992678 | Q5: 2 | R5: Gabinete | S5: =2573043.32*M5 -> 166411.1 | T5: =2573043.32*M6 -> 170025.96 | U5: =2573043.32*M7 -> 203969.39 | V5: =2573043.32*M8 -> 215116.48 | W5: =2573043.32*M9 -> 216701.95 | X5: =2573043.32*M10 -> 203574.65 | Y5: =2573043.32*M11 -> 235037.37 | Z5: =2573043.32*M12 -> 204875.91 | AA5: =2573043.32*M13 -> 198153.25 | AB5: =2573043.32*M14 -> 217551.11 | AC5: =2573043.32*M15 -> 207822.25 | AD5: =2573043.32*M16 -> 333803.9 | AE5: =SUM(S5:AD5) -> 2573043.3 | AF5: =AE5/$AE$20 -> 0.014278225 | AG5: 2573043.3 | AH5: =AE5-AG5 -> 0
A6: Fevereiro | B6: 8406126.3 | C6: =B6/B17 -> 0.080425426 | D6: =7197732.78 -> 7197732.8 | E6: =D6/D17 -> 0.076387563 | F6: =8384491.75 -> 8384491.8 | G6: =F6/F17 -> 0.07225625 | H6: =10875208.14 -> 10875208 | I6: =H6/H17 -> 0.087798312 | J6: 11908060 | K6: =J6/J17 -> 0.077381008 | L6: 11908060 | M6: =L6/L17 -> 0.066079709 | N6: =(F6+H6+J6+L6)/3.15 -> 13674863 | O6: =(H6+J6+L6+N6)/3.15 -> 15354346 | Q6: 3 | R6: SGM | S6: =1292784.43*M5 -> 83610.593 | T6: =1292784.43*M6 -> 85426.82 | U6: =1292784.43*M7 -> 102481.16 | V6: =1292784.43*M8 -> 108081.83 | W6: =1292784.43*M9 -> 108878.43 | X6: =1292784.43*M10 -> 102282.82 | Y6: =1292784.43*M11 -> 118090.76 | Z6: =1292784.43*M12 -> 102936.62 | AA6: =1292784.43*M13 -> 99558.927 | AB6: =1292784.43*M14 -> 109305.08 | AC6: =1292784.43*M15 -> 104416.97 | AD6: =1292784.43*M16 -> 167714.43 | AE6: =SUM(S6:AD6) -> 1292784.4 | AF6: =AE6/$AE$20 -> 0.0071738657 | AG6: 1292784.4 | AH6: =AE6-AG6 -> 0
A7: Março | B7: =8078817.9 -> 8078817.9 | C7: =B7/B17 -> 0.07729391 | D7: 7899052.6 | E7: =D7/D17 -> 0.083830478 | F7: 8599525.4 | G7: =F7/F17 -> 0.074109377 | H7: 9752914.4 | I7: =H7/H17 -> 0.07873775 | J7: =11176115.04 -> 11176115 | K7: =J7/J17 -> 0.072624683 | L7: =((D7+F7+H7+J7)/2.62) -> 14285346 | M7: =L7/L17 -> 0.079271651 | N7: =(F7+H7+J7+L7)/3.15 -> 13909175 | O7: =(H7+J7+L7+N7)/3.15 -> 15594778 | Q7: 4 | R7: SMCP | S7: =2267014.1*M5 -> 146618.72 | T7: =2267014.1*M6 -> 149803.63 | U7: =2267014.1*M7 -> 179709.95 | V7: =2267014.1*M8 -> 189531.24 | W7: =2267014.1*M9 -> 190928.14 | X7: =2267014.1*M10 -> 179362.16 | Y7: =2267014.1*M11 -> 207082.8 | Z7: =2267014.1*M12 -> 180508.65 | AA7: =2267014.1*M13 -> 174585.56 | AB7: =2267014.1*M14 -> 191676.31 | AC7: =2267014.1*M15 -> 183104.57 | AD7: =2267014.1*M16 -> 294102.37 | AE7: =SUM(S7:AD7) -> 2267014.1 | AF7: =AE7/$AE$20 -> 0.01258002 | AG7: 2267014.1 | AH7: =AE7-AG7 -> 0
A8: Abril | B8: 8695190.6 | C8: =B8/B17 -> 0.083191042 | D8: 7799663.9 | E8: =D8/D17 -> 0.082775693 | F8: =10080023.23 -> 10080023 | G8: =F8/F17 -> 0.086868078 | H8: =9810398.72 -> 9810398.7 | I8: =H8/H17 -> 0.079201836 | J8: =11782970.82 -> 11782971 | K8: =J8/J17 -> 0.076568156 | L8: =((D8+F8+H8+J8)/2.62) -> 15066052 | M8: =L8/L17 -> 0.083603911 | N8: =(F8+H8+J8+L8)/3.15 -> 14837919 | O8: =(H8+J8+L8+N8)/3.15 -> 16348362 | Q8: 5 | R8: SMA | S8: =10593557.4*M5 -> 685136.36 | T8: =10593557.4*M6 -> 700019.2 | U8: =10593557.4*M7 -> 839768.78 | V8: =10593557.4*M8 -> 885662.83 | W8: =10593557.4*M9 -> 892190.4 | X8: =10593557.4*M10 -> 838143.58 | Y8: =10593557.4*M11 -> 967679.72 | Z8: =10593557.4*M12 -> 843501.03 | AA8: =10593557.4*M13 -> 815822.95 | AB8: =10593557.4*M14 -> 895686.52 | AC8: =10593557.4*M15 -> 855631.53 | AD8: =10593557.4*M16 -> 1374314.5 | AE8: =SUM(S8:AD8) -> 10593557 | AF8: =AE8/$AE$20 -> 0.058785329 | AG8: 10593557 | AH8: =AE8-AG8 -> 0
A9: Maio | B9: =8219532.42 -> 8219532.4 | C9: =B9/B17 -> 0.078640193 | D9: =7664973.99 -> 7664974 | E9: =D9/D17 -> 0.081346265 | F9: =9454030.45 -> 9454030.4 | G9: =F9/F17 -> 0.081473369 | H9: =10655694.71 -> 10655695 | I9: =H9/H17 -> 0.086026124 | J9: 11989285 | K9: =J9/J17 -> 0.077908825 | L9: =((D9+F9+H9+J9)/2.62) -> 15177093 | M9: =L9/L17 -> 0.084220094 | N9: =(F9+H9+J9+L9)/3.15 -> 15008287 | O9: =((H9+J9+L9+N9)/3.15)-5409.33 -> 16766133 | Q9: 6 | R9: SMF | S9: =3624054.99*M5 -> 234385.08 | T9: =3624054.99*M6 -> 239476.5 | U9: =3624054.99*M7 -> 287284.82 | V9: =3624054.99*M8 -> 302985.17 | W9: =3624054.99*M9 -> 305218.25 | X9: =3624054.99*M10 -> 286728.84 | Y9: =3624054.99*M11 -> 331043.14 | Z9: =3624054.99*M12 -> 288561.62 | AA9: =3624054.99*M13 -> 279092.95 | AB9: =3624054.99*M14 -> 306414.27 | AC9: =3624054.99*M15 -> 292711.46 | AD9: =3624054.99*M16 -> 470152.86 | AE9: =SUM(S9:AD9) -> 3624055 | AF9: =AE9/$AE$20 -> 0.020110455 | AG9: 3624055 | AH9: =AE9-AG9 -> 0
A10: Junho | B10: 7486671.7 | C10: =B10/B17 -> 0.071628564 | D10: =7453635.72+55.15 -> 7453690.9 | E10: =D10/D17 -> 0.079103976 | F10: =8906802.9 -> 8906802.9 | G10: =F10/F17 -> 0.076757447 | H10: =8869527.04 -> 8869527 | I10: =H10/H17 -> 0.07160594 | J10: 11272675 | K10: =J10/J17 -> 0.07325215 | L10: =((D10+F10+H10+J10)/2.62)+325373.3 -> 14257700 | M10: =L10/L17 -> 0.079118237 | N10: =(F10+H10+J10+L10)/3.15 -> 13748160 | O10: =(H10+J10+L10+N10)/3.15 -> 15285099 | Q10: 7 | R10: SMTur | S10: =1406241.51*M5 -> 90948.409 | T10: =1406241.51*M6 -> 92924.03 | U10: =1406241.51*M7 -> 111475.09 | V10: =1406241.51*M8 -> 117567.29 | W10: =1406241.51*M9 -> 118433.79 | X10: =1406241.51*M10 -> 111259.35 | Y10: =1406241.51*M11 -> 128454.62 | Z10: =1406241.51*M12 -> 111970.52 | AA10: =1406241.51*M13 -> 108296.4 | AB10: =1406241.51*M14 -> 118897.88 | AC10: =1406241.51*M15 -> 113580.79 | AD10: =1406241.51*M16 -> 182433.34 | AE10: =SUM(S10:AD10) -> 1406241.5 | AF10: =AE10/$AE$20 -> 0.007803457 | AG10: 1406241.5 | AH10: =AE10-AG10 -> 0
A11: Julho | B11: 9406077.2 | C11: =B11/B17 -> 0.089992433 | D11: 8077958 | E11: =D11/D17 -> 0.085729151 | F11: 9979327.4 | G11: =F11/F17 -> 0.086000296 | H11: =10817635.8 -> 10817636 | I11: =H11/H17 -> 0.087333516 | J11: =14253541.57 -> 14253542 | K11: =J11/J17 -> 0.09262243 | L11: =((D11+F11+H11+J11)/2.62) -> 16461245 | M11: =L11/L17 -> 0.091346059 | N11: =(F11+H11+J11+L11)/3.15 -> 16352937 | O11: =(H11+J11+L11+N11)/3.15 -> 18376305 | Q11: 8 | R11: SMTSUI | S11: =21619230.49*M5 -> 1398219.7 | T11: =21619230.49*M6 -> 1428592.5 | U11: =21619230.49*M7 -> 1713792.1 | V11: =21619230.49*M8 -> 1807452.2 | W11: =21619230.49*M9 -> 1820773.6 | X11: =21619230.49*M10 -> 1710475.4 | Y11: =21619230.49*M11 -> 1974831.5 | Z11: =21619230.49*M12 -> 1721408.8 | AA11: =21619230.49*M13 -> 1664923.7 | AB11: =21619230.49*M14 -> 1827908.5 | AC11: =21619230.49*M15 -> 1746164.6 | AD11: =21619230.49*M16 -> 2804687.9 | AE11: =SUM(S11:AD11) -> 21619230 | AF11: =AE11/$AE$20 -> 0.11996854 | AG11: 21619230 | AH11: =AE11-AG11 -> 0
A12: Agosto | B12: =7641217.97 -> 7641218 | C12: =B12/B17 -> 0.073107182 | D12: 7400073.4 | E12: =D12/D17 -> 0.078534948 | F12: 8879675.8 | G12: =F12/F17 -> 0.076523669 | H12: =9516468.8 -> 9516468.8 | I12: =H12/H17 -> 0.076828865 | J12: =11797731.93 -> 11797732 | K12: =J12/J17 -> 0.076664076 | L12: =((D12+F12+H12+J12)/2.62) -> 14348836 | M12: =L12/L17 -> 0.079623964 | N12: =(F12+H12+J12+L12)/3.15 -> 14140544 | O12: =(H12+J12+L12+N12)/3.15 -> 15810660 | Q12: 9 | R12: SEDUC | S12: =46335083.1*M5 -> 2996712.9 | T12: =46335083.1*M6 -> 3061808.8 | U12: =46335083.1*M7 -> 3673058.5 | V12: =46335083.1*M8 -> 3873794.2 | W12: =46335083.1*M9 -> 3902345.1 | X12: =46335083.1*M10 -> 3665950.1 | Y12: =46335083.1*M11 -> 4232527.2 | Z12: =46335083.1*M12 -> 3689383 | AA12: =46335083.1*M13 -> 3568322 | AB12: =46335083.1*M14 -> 3917636.7 | AC12: =46335083.1*M15 -> 3742440.5 | AD12: =46335083.1*M16 -> 6011104.1 | AE12: =SUM(S12:AD12) -> 46335083 | AF12: =AE12/$AE$20 -> 0.25712072 | AG12: 46335083 | AH12: =AE12-AG12 -> 0
A13: Setembro | B13: 7402995.9 | C13: =B13/B17 -> 0.070827998 | D13: =6729771.56 -> 6729771.6 | E13: =D13/D17 -> 0.071421219 | F13: =8643003.18 -> 8643003.2 | G13: =F13/F17 -> 0.074484062 | H13: =10310037.68 -> 10310038 | I13: =H13/H17 -> 0.083235548 | J13: =10677554.69 -> 10677555 | K13: =J13/J17 -> 0.069384935 | L13: =((D13+F13+H13+J13)/2.62) -> 13878003 | M13: =L13/L17 -> 0.077011236 | N13: =(F13+H13+J13+L13)/3.15 -> 13812253 | O13: =(H13+J13+L13+N13)/3.15 -> 15453285 | Q13: 10 | R13: SMS | S13: =29524656.15*M5 -> 1909501.7 | T13: =29524656.15*M6 -> 1950980.7 | U13: =29524656.15*M7 -> 2340468.2 | V13: =29524656.15*M8 -> 2468376.7 | W13: =29524656.15*M9 -> 2486569.3 | X13: =29524656.15*M10 -> 2335938.7 | Y13: =29524656.15*M11 -> 2696961 | Z13: =29524656.15*M12 -> 2350870.2 | AA13: =29524656.15*M13 -> 2273730.3 | AB13: =29524656.15*M14 -> 2496313.1 | AC13: =29524656.15*M15 -> 2384678.3 | AD13: =29524656.15*M16 -> 3830267.9 | AE13: =SUM(S13:AD13) -> 29524656 | AF13: =AE13/$AE$20 -> 0.163837 | AG13: 29524656 | AH13: =AE13-AG13 -> 0
A14: Outubro | B14: 9451675.9 | C14: =B14/B17 -> 0.090428698 | D14: =7115297.7 -> 7115297.7 | E14: =D14/D17 -> 0.075512702 | F14: =10001253.91 -> 10001254 | G14: =F14/F17 -> 0.086189256 | H14: 9354372.9 | I14: =H14/H17 -> 0.075520223 | J14: 13448878 | K14: =J14/J17 -> 0.087393558 | L14: =((D14+F14+H14+J14)/2.62) -> 15236566 | M14: =L14/L17 -> 0.084550117 | N14: =(F14+H14+J14+L14)/3.15 -> 15251133 | O14: =(H14+J14+L14+N14)/3.15 -> 16917762 | Q14: 11 | R14: SMAS | S14: =4812513*M5 -> 311248.39 | T14: =4812513*M6 -> 318009.46 | U14: =4812513*M7 -> 381495.85 | V14: =4812513*M8 -> 402344.91 | W14: =4812513*M9 -> 405310.3 | X14: =4812513*M10 -> 380757.54 | Y14: =4812513*M11 -> 439604.1 | Z14: =4812513*M12 -> 383191.36 | AA14: =4812513*M13 -> 370617.58 | AB14: =4812513*M14 -> 406898.54 | AC14: =4812513*M15 -> 388702.08 | AD14: =4812513*M16 -> 624332.9 | AE14: =SUM(S14:AD14) -> 4812513 | AF14: =AE14/$AE$20 -> 0.026705397 | AG14: 4812513 | AH14: =AE14-AG14 -> 0
A15: Novembro | B15: 8798730.5 | C15: =B15/B17 -> 0.084181658 | D15: 8267235.2 | E15: =D15/D17 -> 0.087737898 | F15: 7399552.2 | G15: =F15/F17 -> 0.063768194 | H15: =9067503.09 -> 9067503.1 | I15: =H15/H17 -> 0.073204251 | J15: 13400303 | K15: =J15/J17 -> 0.08707791 | L15: =((D15+F15+H15+J15)/2.62) -> 14555188 | M15: =L15/L17 -> 0.080769046 | N15: =(F15+H15+J15+L15)/3.15 -> 14102396 | O15: =(H15+J15+L15+N15)/3.15 -> 16230283 | Q15: 12 | R15: SMAIC | S15: =2280833.24*M5 -> 147512.47 | T15: =2280833.24*M6 -> 150716.8 | U15: =2280833.24*M7 -> 180805.42 | V15: =2280833.24*M8 -> 190686.58 | W15: =2280833.24*M9 -> 192091.99 | X15: =2280833.24*M10 -> 180455.5 | Y15: =2280833.24*M11 -> 208345.13 | Z15: =2280833.24*M12 -> 181608.98 | AA15: =2280833.24*M13 -> 175649.79 | AB15: =2280833.24*M14 -> 192844.72 | AC15: =2280833.24*M15 -> 184220.73 | AD15: =2280833.24*M16 -> 295895.15 | AE15: =SUM(S15:AD15) -> 2280833.2 | AF15: =AE15/$AE$20 -> 0.012656705 | AG15: 2280833.2 | AH15: =AE15-AG15 -> 0
A16: Dezembro | B16: 12805493 | C16: =B16/B17 -> 0.12251626 | D16: 11098810 | E16: =D16/D17 -> 0.11778863 | F16: =15020134.53 -> 15020135 | G16: =F16/F17 -> 0.12944119 | H16: 14606142 | I16: =H16/H17 -> 0.11791909 | J16: =20526658.64 -> 20526659 | K16: =J16/J17 -> 0.13338643 | L16: =((D16+F16+H16+J16)/2.62) -> 23378529 | M16: =L16/L17 -> 0.12973116 | N16: =(F16+H16+J16+L16)/3.15 -> 23343322 | O16: =(H16+J16+L16+N16)/3.15 -> 25985604 | Q16: 13 | R16: Encargos | S16: =3242059.87*M5 -> 209679.62 | T16: =3242059.87*M6 -> 214234.37 | U16: =3242059.87*M7 -> 257003.44 | V16: =3242059.87*M8 -> 271048.88 | W16: =3242059.87*M9 -> 273046.59 | X16: =3242059.87*M10 -> 256506.06 | Y16: =3242059.87*M11 -> 296149.39 | Z16: =3242059.87*M12 -> 258145.66 | AA16: =3242059.87*M13 -> 249675.04 | AB16: =3242059.87*M14 -> 274116.54 | AC16: =3242059.87*M15 -> 261858.08 | AD16: =3242059.87*M16 -> 420596.19 | AE16: =SUM(S16:AD16) -> 3242059.9 | AF16: =AE16/$AE$20 -> 0.017990704 | AG16: 3242059.9 | AH16: =AE16-AG16 -> 0
A17: TOTAIS | B17: =SUM(B5:B16) -> 1.0452076e+08 | C17: =B17/B17 -> 1 | D17: =SUM(D5:D16) -> 94226502 | E17: =D17/D17 -> 1 | F17: =SUM(F5:F16) -> 1.1603829e+08 | G17: =F17/F17 -> 1 | H17: =SUM(H5:H16) -> 1.238658e+08 | I17: =H17/H17 -> 1 | J17: =SUM(J5:J16) -> 1.5388866e+08 | K17: =J17/J17 -> 1 | L17: =SUM(L5:L16) -> 1.802075e+08 | M17: =L17/L17 -> 1 | N17: =SUM(N5:N16) -> 1.8186825e+08 | O17: =SUM(O5:O16) -> 2.0311529e+08 | Q17: 14 | R17: Reserva | S17: =708.85*M5 -> 45.844742 | T17: =708.85*M6 -> 46.840602 | U17: =708.85*M7 -> 56.191709 | V17: =708.85*M8 -> 59.262632 | W17: =708.85*M9 -> 59.699414 | X17: =708.85*M10 -> 56.082962 | Y17: =708.85*M11 -> 64.750654 | Z17: =708.85*M12 -> 56.441447 | AA17: =708.85*M13 -> 54.589415 | AB17: =708.85*M14 -> 59.933351 | AC17: =708.85*M15 -> 57.253138 | AD17: =708.85*M16 -> 91.959934 | AE17: =SUM(S17:AD17) -> 708.85 | AF17: =AE17/$AE$20 -> 3.933521e-06 | AG17: 708.85 | AH17: =AE17-AG17 -> 0
A18: % em relação ao ano anterior | D18: =(D17-B17)/B17 -> -0.09849005 | F18: =(F17-D17)/D17 -> 0.23148253 | H18: =(H17-F17)/F17 -> 0.067456262 | J18: =(J17-H17)/H17 -> 0.24238216 | L18: =(L17-J17)/J17 -> 0.17102524 | N18: =(N17-L17)/L17 -> 0.0092157541 | O18: =(O17-N17)/N17 -> 0.11682656 | Q18: 15 | R18: FAPS | S18: =41552033.47*M5 -> 2687370.1 | T18: =41552033.47*M6 -> 2745746.3 | U18: =41552033.47*M7 -> 3293898.3 | V18: =41552033.47*M8 -> 3473912.5 | W18: =41552033.47*M9 -> 3499516.2 | X18: =41552033.47*M10 -> 3287523.6 | Y18: =41552033.47*M11 -> 3795614.5 | Z18: =41552033.47*M12 -> 3308537.6 | AA18: =41552033.47*M13 -> 3199973.5 | AB18: =41552033.47*M14 -> 3513229.3 | AC18: =41552033.47*M15 -> 3356118.1 | AD18: =41552033.47*M16 -> 5390593.6 | AE18: =SUM(S18:AD18) -> 41552033 | AF18: =AE18/$AE$20 -> 0.23057882 | AG18: 41552033 | AH18: =AE18-AG18 -> 0
L19: =180207504.88-L17 -> 0.0041984916 | Q19: 16 | R19: FASM | S19: =4343603.46*M5 -> 280921.75 | T19: =4343603.46*M6 -> 287024.05 | U19: =4343603.46*M7 -> 344324.62 | V19: =4343603.46*M8 -> 363142.24 | W19: =4343603.46*M9 -> 365818.69 | X19: =4343603.46*M10 -> 343658.25 | Y19: =4343603.46*M11 -> 396771.06 | Z19: =4343603.46*M12 -> 345854.92 | AA19: =4343603.46*M13 -> 334506.27 | AB19: =4343603.46*M14 -> 367252.18 | AC19: =4343603.46*M15 -> 350828.71 | AD19: =4343603.46*M16 -> 563500.72 | AE19: =SUM(S19:AD19) -> 4343603.5 | AF19: =AE19/$AE$20 -> 0.024103344 | AG19: 4343603.5 | AH19: =AE19-AG19 -> 0
A20: Cronograma | B20: DESPESA CONSOLIDA LIQUIDADA | L20: PREVISTO | N20: REESTIMADA | Q20: = | R20: TOTAL | S20: =SUM(S4:S19) -> 11743330 | T20: =SUM(T4:T19) -> 11989843 | U20: =SUM(U4:U19) -> 14304599 | V20: =SUM(V4:V19) -> 15064770 | W20: =SUM(W4:W19) -> 15172890 | X20: =SUM(X4:X19) -> 14277680 | Y20: =SUM(Y4:Y19) -> 16423264 | Z20: =SUM(Z4:Z19) -> 14366419 | ... AG20: =SUM(AG4:AG19) -> 1.802075e+08 | AH20: =AE20-AG20 -> 0
A21: MESES | B21: =B4 -> 2017 | C21: % | D21: =D4 -> 2018 | F21: =F4 -> 2019 | G21: % | H21: =H4 -> 2020 | I21: % | J21: =J4 -> 2021 | K21: % | L21: =L4 -> 2022 | M21: % | N21: =N4 -> 2023 | O21: =O4 -> 2024 | R21: % ao mês | S21: =S20/$AE$20 -> 0.065165599 | T21: =T20/$AE$20 -> 0.06653354 | U21: =U20/$AE$20 -> 0.079378487 | V21: =V20/$AE$20 -> 0.083596794 | W21: =W20/$AE$20 -> 0.084196769 | X21: =X20/$AE$20 -> 0.079229108 | Y21: =Y20/$AE$20 -> 0.091135296 | Z21: =Z20/$AE$20 -> 0.079721533 | ... AE21: =AE20/$AE$20 -> 1
A22: Janeiro | B22: 5981651 | C22: =B22/B34 -> 0.062053544 | D22: 7670864.2 | E22: =D22/D34 -> 0.072802734 | F22: 7979821.7 | G22: =F22/F34 -> 0.068577943 | H22: =7671797.23 -> 7671797.2 | I22: =H22/H34 -> 0.062068219 | J22: 9502229.8 | K22: =J22/J34 -> 0.068250821 | L22: =21974771.81-L23 -> 10042746 | M22: =L22/L34 -> 0.056820339 | N22: =(F22+H22+J22+L22)/3.2 -> 10998936 | O22: =(H22+J22+L22+N22)/3.3 -> 11580518 | Q22: Total por Bimestre | S22: 1º Bimestre | T22: =S20+T20 -> 23733173 | U22: 2º Bimestre | V22: =U20+V20 -> 29369369 | W22: 3º Bimestre | X22: =W20+X20 -> 29450570 | Y22: 4º Bimestre | Z22: =Y20+Z20 -> 30789683 | AA22: 5º Bimestre | AB22: =AA20+AB20 -> 29138768 | AC22: 6º Bimestre | AD22: =AC20+AD20 -> 37725942 | AE22: =SUM(S22:AD22) -> 1.802075e+08 | AF22: =140377810.27-AE20 -> -39829695
A23: Fevereiro | B23: 6665778.9 | C23: =B23/B34 -> 0.069150675 | D23: =7361356.62+32710.31 -> 7394066.9 | E23: =D23/D34 -> 0.070175703 | F23: 7902084.6 | G23: =F23/F34 -> 0.067909876 | H23: =8682002.48 -> 8682002.5 | I23: =H23/H34 -> 0.070241224 | J23: 9870035.5 | K23: =J23/J34 -> 0.070892626 | L23: =11932025.47 -> 11932025 | M23: =L23/L34 -> 0.067509595 | N23: =(F23+H23+J23+L23)/3 -> 12795383 | O23: =(H23+J23+L23+N23)/3.3 -> 13114984 | Q23: Seq. | R23: ÓRGÃOS | S23: JANEIRO | T23: FEVEREIRO | U23: MARÇO | V23: ABRIL | W23: MAIO | X23: JUNHO | Y23: JULHO | Z23: AGOSTO | AA23: SETEMBRO | AB23: OUTUBRO | AC23: NOVEMBRO | AD23: DEZEMBRO | AE23: TOTAL
A24: Março | B24: 7484694 | C24: =B24/B34 -> 0.077646086 | D24: 8190765.8 | E24: =D24/D34 -> 0.077737022 | F24: =9215305.68 -> 9215305.7 | G24: =F24/F34 -> 0.079195592 | H24: 9514390.6 | I24: =H24/H34 -> 0.076975611 | J24: 11697779 | K24: =J24/J34 -> 0.084020596 | L24: =((D24+F24+H24+J24)/2.7) -> 14303052 | M24: =L24/L34 -> 0.080924505 | N24: =(F24+H24+J24+L24)/3 -> 14910176 | O24: =(H24+J24+L24+N24)/3.3 -> 15280423 | Q24: 1 | R24: Câmara | S24: =287905.27 -> 287905.27 | T24: =344135.62 -> 344135.62 | U24: 340954.83 | V24: 304678.46 | AE24: =SUM(S24:AD24) -> 1277674.2 | AF24: =AE24/$AE$40 -> 0.026600355
A25: Abril | B25: =7391916.3-2329.01 -> 7389587.3 | C25: =B25/B34 -> 0.07665945 | D25: 7513399.3 | E25: =D25/D34 -> 0.071308264 | F25: 9663995.9 | G25: =F25/F34 -> 0.083051599 | H25: =10634576.05 -> 10634576 | I25: =H25/H34 -> 0.086038405 | J25: =9795349.04 -> 9795349 | K25: =J25/J34 -> 0.070356183 | L25: =((D25+F25+H25+J25)/2.7) -> 13928637 | M25: =L25/L34 -> 0.078806122 | N25: =(F25+H25+J25+L25)/3 -> 14674186 | O25: =(H25+J25+L25+N25)/3.3 -> 14858409 | Q25: 2 | R25: Gabinete | S25: =183560.36 -> 183560.36 | T25: =212903.98 -> 212903.98 | U25: 211831.89 | V25: 198188.58 | AE25: =SUM(S25:AD25) -> 806484.81 | AF25: =AE25/$AE$40 -> 0.016790496
A26: Maio | B26: 8056881.4 | C26: =B26/B34 -> 0.083581947 | D26: 8332242.9 | E26: =D26/D34 -> 0.079079755 | F26: =9721771.29 -> 9721771.3 | G26: =F26/F34 -> 0.083548116 | H26: =8693274.76 -> 8693274.8 | I26: =H26/H34 -> 0.070332422 | J26: 11144329 | K26: =J26/J34 -> 0.080045384 | L26: =((D26+F26+H26+J26)/2.7) -> 14033933 | M26: =L26/L34 -> 0.079401868 | N26: =(F26+H26+J26+L26)/3 -> 14531103 | O26: =(H26+J26+L26+N26)/3.3 -> 14667467 | Q26: 3 | R26: SGM | S26: =64399.21 -> 64399.21 | T26: =63086.12 -> 63086.12 | U26: 74169.84 | V26: 88227.21 | AE26: =SUM(S26:AD26) -> 289882.38 | AF26: =AE26/$AE$40 -> 0.0060351649
A27: Junho | B27: 8550639.5 | C27: =B27/B34 -> 0.088704186 | D27: 9391234.3 | E27: =D27/D34 -> 0.089130444 | F27: 9467661 | G27: =F27/F34 -> 0.081364313 | H27: =10697988.26 -> 10697988 | I27: =H27/H34 -> 0.086551437 | J27: 10512021 | K27: =J27/J34 -> 0.075503761 | L27: =((D27+F27+H27+J27)/2.7) -> 14840335 | M27: =L27/L34 -> 0.083964371 | N27: =(F27+H27+J27+L27)/3 -> 15172669 | O27: =(H27+J27+L27+N27)/3.3 -> 15522125 | Q27: 4 | R27: SMCP | S27: =146249.25 -> 146249.25 | T27: =165675.66 -> 165675.66 | U27: 182713.95 | V27: 174354.53 | AE27: =SUM(S27:AD27) -> 668993.39 | AF27: =AE27/$AE$40 -> 0.013928013
A28: Julho | B28: 8123962.6 | C28: =B28/B34 -> 0.084277847 | D28: =8712975.37 -> 8712975.4 | E28: =D28/D34 -> 0.082693216 | F28: 8718239.6 | G28: =F28/F34 -> 0.074923846 | H28: 9134532 | I28: =H28/H34 -> 0.073902387 | J28: =11281097.36 -> 11281097 | K28: =J28/J34 -> 0.081027735 | L28: =((D28+F28+H28+J28)/2.7) -> 14017350 | M28: =L28/L34 -> 0.079308044 | N28: =(F28+H28+J28+L28)/3 -> 14383740 | O28: =(H28+J28+L28+N28)/3.3 -> 14792945 | Q28: 5 | R28: SMA | S28: =698271.56 -> 698271.56 | T28: =900797.26 -> 900797.26 | U28: 917020.1 | V28: 924215.98 | AE28: =SUM(S28:AD28) -> 3440304.9 | AF28: =AE28/$AE$40 -> 0.071624937
A29: Agosto | B29: 8191361.9 | C29: =B29/B34 -> 0.084977046 | D29: =8881833.91 -> 8881833.9 | E29: =D29/D34 -> 0.08429582 | F29: 9251295.1 | G29: =F29/F34 -> 0.079504882 | H29: =9036456.79 -> 9036456.8 | I29: =H29/H34 -> 0.073108916 | J29: 11242672 | K29: =J29/J34 -> 0.080751739 | L29: =((D29+F29+H29+J29)/2.7) -> 14226762 | M29: =L29/L34 -> 0.080492868 | N29: =(F29+H29+J29+L29)/3 -> 14585729 | O29: =(H29+J29+L29+N29)/3.3 -> 14876248 | Q29: 6 | R29: SMF | S29: =262956.12 -> 262956.12 | T29: =306697.57 -> 306697.57 | U29: 302867.51 | V29: 313979.37 | AE29: =SUM(S29:AD29) -> 1186500.6 | AF29: =AE29/$AE$40 -> 0.024702179
A30: Setembro | B30: =7555140.76 -> 7555140.8 | C30: =B30/B34 -> 0.078376899 | D30: 8405663.2 | E30: =D30/D34 -> 0.079776574 | F30: =9019781.08 -> 9019781.1 | G30: =F30/F34 -> 0.077515269 | H30: =10105595.49 -> 10105595 | I30: =H30/H34 -> 0.081758719 | J30: =10938610.35 -> 10938610 | K30: =J30/J34 -> 0.078567784 | L30: =((D30+F30+H30+J30)/2.7) -> 14248019 | M30: =L30/L34 -> 0.080613134 | N30: =(F30+H30+J30+L30)/3 -> 14770668 | O30: =(H30+J30+L30+N30)/3.3 -> 15170574 | Q30: 7 | R30: SMTur | S30: =57439.42 -> 57439.42 | T30: =61104.79 -> 61104.79 | U30: 78507.41 | V30: 80939.03 | AE30: =SUM(S30:AD30) -> 277990.65 | AF30: =AE30/$AE$40 -> 0.0057875867
A31: Outubro | B31: 7682619.9 | C31: =B31/B34 -> 0.079699365 | D31: 8594186.1 | E31: =D31/D34 -> 0.081565809 | F31: =9257306.49 -> 9257306.5 | G31: =F31/F34 -> 0.079556543 | H31: 9996580.7 | I31: =H31/H34 -> 0.080876741 | J31: 11341397 | K31: =J31/J34 -> 0.081460845 | L31: =((D31+F31+H31+J31)/2.7) -> 14514619 | M31: =L31/L34 -> 0.082121517 | N31: =(F31+H31+J31+L31)/3 -> 15036634 | O31: =(H31+J31+L31+N31)/3.3 -> 15420979 | Q31: 8 | R31: SMTSUI | S31: =958534.61 -> 958534.61 | T31: =850858.73 -> 850858.73 | U31: 897542.71 | V31: 961339.85 | AE31: =SUM(S31:AD31) -> 3668275.9 | AF31: =AE31/$AE$40 -> 0.076371147
A32: Novembro | B32: 8077679.6 | C32: =B32/B34 -> 0.083797708 | D32: 8884947.5 | E32: =D32/D34 -> 0.084325371 | F32: 9510627.3 | G32: =F32/F34 -> 0.081733562 | H32: =10537885.72 -> 10537886 | I32: =H32/H34 -> 0.085256137 | J32: 11405835 | K32: =J32/J34 -> 0.08192368 | L32: =((D32+F32+H32+J32)/2.7) -> 14940480 | M32: =L32/L34 -> 0.084530976 | N32: =(F32+H32+J32+L32)/3 -> 15464943 | O32: =(H32+J32+L32+N32)/3.3 -> 15863377 | Q32: 9 | R32: SEDUC | S32: =2409037.59 -> 2409037.6 | T32: =3390965.27 -> 3390965.3 | U32: 4453096.8 | V32: 3650943.1 | AE32: =SUM(S32:AD32) -> 13904043 | AF32: =AE32/$AE$40 -> 0.28947324
A33: Dezembro | B33: 12634998 | C33: =B33/B34 -> 0.13107525 | D33: 13392877 | E33: =D33/D34 -> 0.12710929 | F33: =15787827.89+865628.68 -> 16653457 | G33: =F33/F34 -> 0.14311846 | H33: 18897584 | I33: =H33/H34 -> 0.15288978 | J33: =20493779.25 -> 20493779 | K33: =J33/J34 -> 0.14719885 | L33: =((D33+F33+H33+J33)/2.7) -> 25717666 | M33: =L33/L34 -> 0.14550666 | N33: =(F33+H33+J33+L33)/3 -> 27254162 | O33: =(H33+J33+L33+N33)/3.3 -> 27988846 | Q33: 10 | R33: SMSMA | S33: =2160274.39 -> 2160274.4 | T33: =2485721.26 -> 2485721.3 | U33: 2241731.1 | V33: 2969516.9 | AE33: =SUM(S33:AD33) -> 9857243.7 | AF33: =AE33/$AE$40 -> 0.20522148
A34: TOTAIS | B34: =SUM(B22:B33) -> 96394995 | C34: =B34/B34 -> 1 | D34: =SUM(D22:D33) -> 1.0536506e+08 | E34: =D34/D34 -> 1 | F34: =SUM(F22:F33) -> 1.1636135e+08 | G34: =F34/F34 -> 1 | H34: =SUM(H22:H33) -> 1.2360266e+08 | I34: =H34/H34 -> 1 | J34: =SUM(J22:J33) -> 1.3922514e+08 | K34: =J34/J34 -> 1 | L34: =SUM(L22:L33) -> 1.7674562e+08 | M34: =L34/L34 -> 1 | N34: =SUM(N22:N33) -> 1.8457833e+08 | O34: =SUM(O22:O33) -> 1.8913689e+08 | Q34: 11 | R34: SMAS | S34: =241258.57 -> 241258.57 | T34: =316961.69 -> 316961.69 | U34: 355543.58 | V34: 341250.44 | AE34: =SUM(S34:AD34) -> 1255014.3 | AF34: =AE34/$AE$40 -> 0.026128591
A35: % em relação ao ano anterior | D35: 0.060015321 | F35: 0.20274498 | H35: 0.15953984 | J35: 0.061875221 | L35: 0.11385731 | N35: 0.085121633 | O35: 0.069107984 | Q35: 12 | R35: SMAIC | S35: =95023.54 -> 95023.54 | T35: =108772.56 -> 108772.56 | U35: 141731.21 | V35: 137306 | AE35: =SUM(S35:AD35) -> 482833.31 | AF35: =AE35/$AE$40 -> 0.010052279
A36: Superávit | B36: =B17-B34 -> 8125761.5 | D36: =D17-D34 -> -11138555 | F36: =F17-F34 -> -323055.85 | H36: =H17-H34 -> 263135.53 | J36: =J17-J34 -> 14663524 | L36: =L17-L34 -> 3461881.1 | N36: =N17-N34 -> -2710074.6 | O36: =O17-O34 -> 13978400 | Q36: 13 | R36: Encargos | S36: =293420.09 -> 293420.09 | T36: =266651.89 -> 266651.89 | U36: 264776.15 | V36: 375243.85 | AE36: =SUM(S36:AD36) -> 1200092 | AF36: =AE36/$AE$40 -> 0.024985144
Q37: 14 | R37: Reserva | AE37: =SUM(S37:AD37) -> 0 | AF37: =AE37/$AE$40 -> 0
Q38: 15 | R38: FAPS | S38: =1954791.97 -> 1954792 | T38: =2261489.49 -> 2261489.5 | U38: 2282313.1 | V38: 2290418.3 | AE38: =SUM(S38:AD38) -> 8789012.9 | AF38: =AE38/$AE$40 -> 0.1829816
B39: Cronograma | C39: A Vertic | D39: RECEITA/2022 | F39: DIFERENÇA | H39: DESPESA/2022 | I39: A Vertic | J39: DIFERENÇA | L39: SUPERÁVIT/DÉFICIT | Q39: 16 | R39: FASM | S39: =229624.39 -> 229624.39 | T39: 196203.58 | U39: 250913.07 | V39: 251135.32 | AE39: =SUM(S39:AD39) -> 927876.36 | AF39: =AE39/$AE$40 -> 0.01931779
B40: MESES | C40: % | D40: REALIZADA | F40: RECEITA | H40: EXECUTADA | I40: % | J40: DESPESA | L40: AO MÊS | Q40: = | R40: TOTAL | S40: =SUM(S24:S39) -> 10042746 | T40: =SUM(T24:T39) -> 11932025 | U40: =SUM(U24:U39) -> 12995713 | V40: =SUM(V24:V39) -> 13061737 | W40: =SUM(W24:W39) -> 0 | X40: =SUM(X24:X39) -> 0 | Y40: =SUM(Y24:Y39) -> 0 | Z40: =SUM(Z24:Z39) -> 0 | ... AE40: =SUM(AE24:AE39) -> 48032222 | AF40: =AE40/$AE$40 -> 1
B41: Janeiro | C41: =D41/$D$53 -> 0.23330551 | D41: =26446557.48-D42 -> 13016876 | F41: =D41-L5 -> 1361989.3 | H41: =21974771.81-H42 -> 10042746 | I41: =H41/$H$53 -> 0.20908353 | J41: =H41-L22 -> 0 | L41: =D41-H41 -> 2974130 | S41: =S40-$H41 -> 0 | T41: =T40-H42 -> 0 | U41: =U40-$H43 -> 0 | V41: =V40-$H44 -> 0 | W41: =W40-$H45 -> 0 | X41: =X40-$H46 -> 0 | Y41: =Y40-$H47 -> 0 | Z41: =Z40-$H48 -> 0 | AA41: =AA40-$H49 -> 0 | AB41: =AB40-$H50 -> 0 | AC41: =AC40-$H51 -> 0 | AD41: =AD40-$H52 -> 0 | AE41: =AE40-$H53 -> 0
B42: Fevereiro | C42: =D42/$D$53 -> 0.24070434 | D42: =13429681.17 -> 13429681 | F42: =D42-L6 -> 1521621.6 | H42: =11932025.47 -> 11932025 | I42: =H42/$H$53 -> 0.2484171 | J42: =H42-L23 -> 0 | L42: =D42-H42 -> 1497655.7 | S42: CRONOGRAMA DA DESPESA POR CATEGORIA | W42: EXERCÍCIO DE 2022 | AE42: =85045512.97 -> 85045513
B43: Março | C43: =D43/$D$53 -> 0.26865013 | D43: =14988868.06 -> 14988868 | F43: =D43-L7 -> 703521.71 | H43: 12995713 | I43: =H43/$H$53 -> 0.2705624 | J43: =H43-L24 -> -1307338.9 | L43: =D43-H43 -> 1993154.8 | S43: Janeiro | T43: Fevereiro | U43: Março | V43: Abril | W43: Maio | X43: Junho | Y43: Julho | Z43: Agosto | AA43: Setembro | AB43: Outubro | AC43: Novembro | AD43: Dezembro | AE43: TOTAL
B44: Abril | C44: =D44/$D$53 -> 0.25734002 | D44: 14357840 | F44: =D44-L8 -> -708212.02 | H44: 13061737 | I44: =H44/$H$53 -> 0.27193697 | J44: =H44-L25 -> -866900.16 | L44: =D44-H44 -> 1296103.2 | P44: 3. | Q44: DESPESA CORRENTE | S44: =SUM(S45:S47) -> 10193992 | T44: =SUM(T45:T47) -> 10407982 | U44: =SUM(U45:U47) -> 12417344 | V44: =SUM(V45:V47) -> 13077222 | W44: =SUM(W45:W47) -> 13171078 | X44: =SUM(X45:X47) -> 12393976 | Y44: =SUM(Y45:Y47) -> 14256486 | Z44: =SUM(Z45:Z47) -> 12471007 | ... AE44: =SUM(AE45:AE47) -> 1.564321e+08 | AG44: =156432103.93-AE44 -> 0
B45: Maio | C45: =D45/$D$53 -> 0 | F45: =D45-L9 -> -15177093 | I45: =H45/$H$53 -> 0 | J45: =H45-L26 -> -14033933 | L45: =D45-H45 -> 0 | P45: 3.1. | Q45: Vencimento e Encargos | S45: =119478722.02*S21 -> 7785902.5 | T45: =119478722.02*T21 -> 7949342.3 | U45: =119478722.02*U21 -> 9484040.2 | V45: =119478722.02*V21 -> 9988038.1 | W45: =119478722.02*W21 -> 10059722 | X45: =119478722.02*X21 -> 9466192.6 | Y45: =119478722.02*Y21 -> 10888729 | Z45: =119478722.02*Z21 -> 9525026.9 | ... AD45: =119478722.02*AD21 -> 15354299 | AE45: =SUM(S45:AD45) -> 1.1947872e+08 | AG45: =119478722.02-AE45 -> 0
B46: Junho | C46: =D46/$D$53 -> 0 | F46: =D46-L10 -> -14257700 | I46: =H46/$H$53 -> 0 | J46: =H46-L27 -> -14840335 | L46: =D46-H46 -> 0 | P46: 3.2. | Q46: Juros e Encargo Dív. | S46: =608541*S21 -> 39655.939 | T46: =608541*T21 -> 40488.387 | U46: =608541*U21 -> 48305.064 | V46: =608541*V21 -> 50872.076 | W46: =608541*W21 -> 51237.186 | X46: =608541*X21 -> 48214.161 | Y46: =608541*Y21 -> 55459.564 | Z46: =608541*Z21 -> 48513.821 | ... AD46: =608541*AD21 -> 78204.052 | AE46: =SUM(S46:AD46) -> 608541 | AG46: =608541-AE46 -> 0
B47: Julho | C47: =D47/$D$53 -> 0 | F47: =D47-L11 -> -16461245 | I47: =H47/$H$53 -> 0 | J47: =H47-L28 -> -14017350 | L47: =D47-H47 -> 0 | P47: 3.3. | Q47: Outras Desp. Corrente | S47: =36344840.91*S21 -> 2368433.3 | T47: =36344840.91*T21 -> 2418150.9 | U47: =36344840.91*U21 -> 2884998.5 | V47: =36344840.91*V21 -> 3038312.2 | W47: =36344840.91*W21 -> 3060118.2 | X47: =36344840.91*X21 -> 2879569.3 | Y47: =36344840.91*Y21 -> 3312297.8 | Z47: =36344840.91*Z21 -> 2897466.4 | ... AD47: =36344840.91*AD21 -> 4670702.3 | AE47: =SUM(S47:AD47) -> 36344841 | AG47: =36344840.91-AE47 -> 0
B48: Agosto | C48: =D48/$D$53 -> 0 | F48: =D48-L12 -> -14348836 | I48: =H48/$H$53 -> 0 | J48: =H48-L29 -> -14226762 | L48: =D48-H48 -> 0 | P48: 4. | Q48: DESPESA DE CAPITAL | S48: =SUM(S49:S51) -> 668946.42 | T48: =SUM(T49:T51) -> 682988.79 | U48: =SUM(U49:U51) -> 814846.42 | V48: =SUM(V49:V51) -> 858148.73 | W48: =SUM(W49:W51) -> 864307.68 | X48: =SUM(X49:X51) -> 813313 | Y48: =SUM(Y49:Y51) -> 935533.95 | Z48: =SUM(Z49:Z51) -> 818367.9 | ... AE48: =SUM(AE49:AE51) -> 10265331 | AG48: =10265330.69-AE48 -> 0
B49: Setembro | C49: =D49/$D$53 -> 0 | F49: =D49-L13 -> -13878003 | I49: =H49/$H$53 -> 0 | J49: =H49-L30 -> -14248019 | L49: =D49-H49 -> 0 | P49: 4.4. | Q49: Investimentos | S49: =10263193.69*S21 -> 668807.16 | T49: =10263193.69*T21 -> 682846.61 | U49: =10263193.69*U21 -> 814676.79 | V49: =10263193.69*V21 -> 857970.09 | W49: =10263193.69*W21 -> 864127.75 | X49: =10263193.69*X21 -> 813143.69 | Y49: =10263193.69*Y21 -> 935339.2 | Z49: =10263193.69*Z21 -> 818197.54 | ... AD49: =10263193.69*AD21 -> 1318930.6 | AE49: =SUM(S49:AD49) -> 10263194 | AG49: =10263193.69-AE49 -> 0
B50: Outubro | C50: =D50/$D$53 -> 0 | F50: =D50-L14 -> -15236566 | I50: =H50/$H$53 -> 0 | J50: =H50-L31 -> -14514619 | L50: =D50-H50 -> 0 | P50: 4.5. | Q50: Inversões Financeira | S50: =283*S21 -> 18.441864 | T50: =283*T21 -> 18.828992 | U50: =283*U21 -> 22.464112 | V50: =283*V21 -> 23.657893 | W50: =283*W21 -> 23.827686 | X50: =283*X21 -> 22.421838 | Y50: =283*Y21 -> 25.791289 | Z50: =283*Z21 -> 22.561194 | ... AD50: =283*AD21 -> 36.368538 | AE50: =SUM(S50:AD50) -> 283 | AG50: =283-AE50 -> 0
B51: Novembro | C51: =D51/$D$53 -> 0 | F51: =D51-L15 -> -14555188 | I51: =H51/$H$53 -> 0 | J51: =H51-L32 -> -14940480 | L51: =D51-H51 -> 0 | P51: 4.6. | Q51: Amortização da Dívida | S51: =1854*S21 -> 120.81702 | T51: =1854*T21 -> 123.35318 | U51: =1854*U21 -> 147.16771 | V51: =1854*V21 -> 154.98846 | W51: =1854*W21 -> 156.10081 | X51: =1854*X21 -> 146.89077 | Y51: =1854*Y21 -> 168.96484 | Z51: =1854*Z21 -> 147.80372 | ... AD51: =1854*AD21 -> 238.25891 | AE51: =SUM(S51:AD51) -> 1854 | AG51: =1854-AE51 -> 0
B52: Dezembro | C52: =D52/$D$53 -> 0 | F52: =D52-L16 -> -23378529 | I52: =H52/$H$53 -> 0 | J52: =H52-L33 -> -25717666 | L52: =D52-H52 -> 0 | P52: TOTAL DA DESPESA FIXADA | S52: =S44+S48 -> 10862938 | T52: =T44+T48 -> 11090970 | U52: =U44+U48 -> 13232190 | V52: =V44+V48 -> 13935371 | W52: =W44+W48 -> 14035385 | X52: =X44+X48 -> 13207289 | Y52: =Y44+Y48 -> 15192020 | Z52: =Z44+Z48 -> 13289375 | ... AE52: =AE44+AE48 -> 1.6669743e+08
B53: TOTAIS | C53: =SUM(C41:C52) -> 1 | D53: =SUM(D41:D52) -> 55793266 | F53: =SUM(F41:F52) -> -1.2441424e+08 | G53: =(H53-H34)/H34 -> -0.61139817 | H53: =SUM(H41:H52) -> 48032222 | I53: =SUM(I41:I52) -> 1 | J53: =SUM(J41:J52) -> -1.287134e+08 | L53: =SUM(L41:L52) -> 7761043.7 | P53: 9.9. | Q53: Reserva de Contigência | S53: =S20-S52 -> 880391.82 | T53: =T20-T52 -> 898872.8 | U53: =U20-U52 -> 1072408.9 | V53: =V20-V52 -> 1129398.6 | W53: =W20-W52 -> 1137504.3 | X53: =X20-X52 -> 1070390.8 | Y53: =Y20-Y52 -> 1231244.3 | Z53: =Z20-Z52 -> 1077043.5 | ... AD53: =AD20-AD52 -> 1736189.1 | AE53: =SUM(S53:AD53) -> 13510070 | AG53: =13510070.26-AE53 -> -3.1664968e-08
D54: =55793265.7-D53 -> 0 | H54: =48032222.04-H53 -> 0 | P54: TOTAL GERAL PREVISTO | S54: =S52+S53 -> 11743330 | T54: =T52+T53 -> 11989843 | U54: =U52+U53 -> 14304599 | V54: =V52+V53 -> 15064770 | W54: =W52+W53 -> 15172890 | X54: =X52+X53 -> 14277680 | Y54: =Y52+Y53 -> 16423264 | Z54: =Z52+Z53 -> 14366419 | ... AD54: =AD52+AD53 -> 23158599 | AE54: =SUM(S54:AD54) -> 1.802075e+08 | AG54: =180207504.88-AE54 -> 0
H55: SUPERÁVIT/DÉFICIT | I55: +/- | J55: =D53-H53 -> 7761043.7 | K55: SOBRE A DESPESA LIQUIDADA.
P56: 3. | Q56: DESPESA CORRENTE | S56: =SUM(S57:S59) -> 10042746 | T56: =SUM(T57:T59) -> 11870250 | U56: =SUM(U57:U59) -> 12841335 | V56: =SUM(V57:V59) -> 13001149 | W56: =SUM(W57:W59) -> 0 | X56: =SUM(X57:X59) -> 0 | Y56: =SUM(Y57:Y59) -> 0 | Z56: =SUM(Z57:Z59) -> 0 | ... AE56: =SUM(AE57:AE59) -> 47755481 | AF56: =AE56/$AE$64 -> 0.99423842
I57: Restos a Pagar Processados de Exercícios Anteriores Pagos: | J57: =Exec_Orç!K19-J58 -> 5828739.8 | K57: a Pagar: | L57: =Exec_Orç!L19 -> 19536182 | P57: 3.1. | Q57: Vencimento e Encargos | S57: =8005499.8 -> 8005499.8 | T57: =9733196.11 -> 9733196.1 | U57: 9780954.5 | V57: =10060591.48 -> 10060591 | AE57: =SUM(S57:AD57) -> 37580242 | AF57: =AE57/$AE$64 -> 0.78239649
I58: Restos a Pagar Não Processados de Exercícios Anteriores Pagos: | J58: =-Exec_Orç!H26 -> 691261.35 | K58: Cancelados: | L58: =Exec_Orç!J19 -> 18390.52 | P58: 3.2. | Q58: Juros e Encargo Dív. | U58: 10160.72 | AE58: =SUM(S58:AD58) -> 10160.72 | AF58: =AE58/$AE$64 -> 0.00021153966
I59: Totais: | J59: =SUM(J57:J58) -> 6520001.2 | P59: 3.3. | Q59: Outras Desp. Corrente | S59: =2037246.54 -> 2037246.5 | T59: =2137054.21 -> 2137054.2 | U59: 3050219.3 | V59: =2940557.86 -> 2940557.9 | AE59: =SUM(S59:AD59) -> 10165078 | AF59: =AE59/$AE$64 -> 0.21163039
P60: 4. | Q60: DESPESA DE CAPITAL | S60: =SUM(S61:S63) -> 0 | T60: =SUM(T61:T63) -> 61775.15 | U60: =SUM(U61:U63) -> 154378.71 | V60: =SUM(V61:V63) -> 60587.65 | W60: =SUM(W61:W63) -> 0 | X60: =SUM(X61:X63) -> 0 | Y60: =SUM(Y61:Y63) -> 0 | Z60: =SUM(Z61:Z63) -> 0 | ... AE60: =SUM(AE61:AE63) -> 276741.51 | AF60: =AE60/$AE$64 -> 0.0057615804
P61: 4.4. | Q61: Investimentos | AE61: =SUM(S61:AD61) -> 0 | AF61: =AE61/$AE$64 -> 0
P62: 4.5. | Q62: Inversões Financeiras | T62: =61775.15 -> 61775.15 | U62: 154378.71 | V62: =60587.65 -> 60587.65 | AE62: =SUM(S62:AD62) -> 276741.51 | AF62: =AE62/$AE$64 -> 0.0057615804
B63: Giovani Amestoy da Silva | E63: Ihoko Nakashima Mota | I63: Arlei Lopes Souza | P63: 4.6. | Q63: Amortização da Dívida | AE63: =SUM(S63:AD63) -> 0 | AF63: =AE63/$AE$64 -> 0
B64: Prefeito Municipal | E64: Secret. de Município da Fazenda | I64: Contador - CRC/RS: 068452/O-6 | P64: Total da Despesa Liquidada: | S64: =S56+S60 -> 10042746 | T64: =T56+T60 -> 11932025 | U64: =U56+U60 -> 12995713 | V64: =V56+V60 -> 13061737 | W64: =W56+W60 -> 0 | X64: =X56+X60 -> 0 | Y64: =Y56+Y60 -> 0 | Z64: =Z56+Z60 -> 0 | ... AF64: =AF56+AF60 -> 1
S65: =H41-S64 -> 0 | T65: =H42-T64 -> 0 | U65: =H43-U64 -> 0 | V65: =H44-V64 -> 0 | W65: =H45-W64 -> 0 | X65: =H46-X64 -> 0 | Y65: =H47-Y64 -> 0 | Z65: =H48-Z64 -> 0 | AA65: =H49-AA64 -> 0 | AB65: =H50-AB64 -> 0 | AC65: =H51-AC64 -> 0 | AD65: =H52-AD64 -> 0 | AE65: =AE64-H53 -> 0
R66: Giovani Amestoy da Silva | U66: Ihoko Nakashima Mota | Y66: Arlei Lopes Souza | AD66: Nota: + Despesa não Liquidada: | AE66: =55310851.46-AE64 -> 7278629.4
R67: Prefeito Municipal | U67: Secret. de Município da Fazenda | Y67: Contador - CRC/RS: 068452/O-6 | AD67: Total da DespesaEmpenhada: | AE67: =AE66+AE64 -> 55310851
X69: Análise da relação da Despesa Corrente Liquidada em relação a Receita Orçamentária sem os valores das Receitas Intraorçamentária e de Capital
C70: EVOLUÇÃO DOS SALDOS DOS RESTOS A PAGAR PROCESSADOS E NÃO PROCESSADOS DO PERÍODO: | R70: Consolidadas | S70: Janeiro | T70: Fevereiro | U70: Março | V70: Abril | W70: Maio | X70: Junho | Y70: Julho | Z70: Agosto | AA70: Setembro | AB70: Outubro | AC70: Novembro | AD70: Dezembro | AE70: TOTAIS:
A71: Ano: 2021 | B71: Janeiro | C71: Ano | D71: Fevereiro | E71: Março | F71: Abril | G71: Maio | H71: Junho | J71: Julho | K71: Agosto | L71: Setembro | M71: Outubro | N71: Novembro | O71: Dezembro | R71: Despesas Corr. Líquidada | S71: =S56 -> 10042746 | T71: =T56 -> 11870250 | U71: =U56 -> 12841335 | V71: =V56 -> 13001149 | W71: =W56 -> 0 | X71: =X56 -> 0 | Y71: =Y56 -> 0 | Z71: =Z56 -> 0 | ... AD71: =AD56 -> 0 | AE71: =SUM(S71:AD71) -> 47755481
A72: =O101 -> 4383.53 | B72: 4383.53 | C72: 2004 | D72: 4383.53 | E72: 4383.53 | F72: 4383.53 | R72: Rec. Corrente - Deduções | S72: =RCL!E5 -> 11527853 | T72: =RCL!D5 -> 11103679 | U72: =RCL!D5 -> 11103679 | V72: =RCL!H5 -> 16377827 | W72: =RCL!G5 -> 11182975 | X72: =RCL!F5 -> 11080172 | Y72: =RCL!E5 -> 11527853 | Z72: =RCL!D5 -> 11103679 | AA72: =RCL!E5 -> 11527853 | AB72: =RCL!D5 -> 11103679 | AC72: =RCL!E37 -> 10081732 | AD72: =RCL!D37 -> 9893516.2 | AE72: =SUM(S72:AD72) -> 1.376145e+08
A73: =O102 -> 57.84 | B73: 57.84 | C73: 2005 | D73: 57.84 | E73: 57.84 | F73: 57.84 | R73: % da DC s/ RC: | S73: =S71/S72 -> 0.87117228 | T73: =T71/T72 -> 1.0690376 | U73: =U71/U72 -> 1.1564936 | V73: =V71/V72 -> 0.79382629 | W73: =W71/W72 -> 0 | X73: =X71/X72 -> 0 | Y73: =Y71/Y72 -> 0 | Z73: =Z71/Z72 -> 0 | ... AE73: =AE71/AE72 -> 0.34702361
A74: =O103 -> 1022.7 | B74: 1022.7 | C74: 2006 | D74: 1022.7 | E74: 1022.7 | F74: 376.17
A75: =O104 -> 776.55 | B75: 776.55 | C75: 2007 | D75: 776.55 | E75: 776.55 | F75: 776.55 | T75: SECRETARIA MUNICIPAL DA SAÚDE E MEIO AMBIENTE - SMSMA
A76: =O105 -> 2046.08 | B76: 2046.08 | C76: 2008 | D76: 2046.08 | E76: 2046.08 | F76: 1737.19
A77: =O106 -> 2230.9 | B77: 2230.9 | C77: 2009 | D77: 2230.9 | E77: 2230.9 | F77: 1779.08 | T77: COMPARATIVO DA DESPESA PREVISTA CONSOLIDADA COM A DESPESA PREVISTA PARA A SAÚDE
A78: =O107 -> 7980.88 | B78: 7980.88 | C78: 2010 | D78: 7980.88 | E78: 7980.88 | F78: 6480.66 | Q78: Seq. | R78: PREVISTO: | S78: =S3 -> JANEIRO | T78: =T3 -> FEVEREIRO | U78: =U3 -> MARÇO | V78: =V3 -> ABRIL | W78: =W3 -> MAIO | X78: =X3 -> JUNHO | Y78: =Y3 -> JULHO | Z78: =Z3 -> AGOSTO | ... AE78: =AE3 -> TOTAL
A79: =O108 -> 172953.87 | B79: 172953.87 | C79: 2011 | D79: 172953.87 | E79: 172953.87 | F79: 169801.14 | Q79: I | R79: TOTAL | S79: =S20 -> 11743330 | T79: =T20 -> 11989843 | U79: =U20 -> 14304599 | V79: =V20 -> 15064770 | W79: =W20 -> 15172890 | X79: =X20 -> 14277680 | Y79: =Y20 -> 16423264 | Z79: =Z20 -> 14366419 | ... AE79: =AE20 -> 1.802075e+08
A80: =O109 -> 1853617.8 | B80: 1840064.1 | C80: 2012 | D80: 1826510.5 | E80: 1812793 | F80: 1798786.6
A81: =O110 -> 10667.58 | B81: 10667.58 | C81: 2013 | D81: 10667.58 | E81: 10667.58 | F81: 9489.87 | Q81: =Q13 -> 10 | R81: =R13 -> SMS | S81: =S13 -> 1909501.7 | T81: =T13 -> 1950980.7 | U81: =U13 -> 2340468.2 | V81: =V13 -> 2468376.7 | W81: =W13 -> 2486569.3 | X81: =X13 -> 2335938.7 | ... AE81: =AE13 -> 29524656
A82: =O111 -> 262666.27 | B82: 239850.34 | C82: 2014 | D82: 217034.41 | E82: 194218.48 | F82: 191899.2 | R82: % s/ Consolidado | S82: =(S81/S79)*100 -> 16.260308 | T82: =(T81/T79)*100 -> 16.271945 | U82: =(U81/U79)*100 -> 16.361649 | V82: =(V81/V79)*100 -> 16.385094 | W82: =(W81/W79)*100 -> 16.388238 | X82: =(X81/X79)*100 -> 16.360772 | Y82: =(Y81/Y79)*100 -> 16.421589 | Z82: =(Z81/Z79)*100 -> 16.363648 | ... AE82: =(AE81/AE79)*100 -> 16.3837
A83: =O112 -> 2976030.7 | B83: 2963376.6 | C83: 2015 | D83: 2950722.5 | E83: 2938068.5 | F83: 2938068.5
A84: =O113 -> 3090443.4 | B84: 3076165.7 | C84: 2016 | D84: 3061888.1 | E84: 3047610.4 | F84: 3046096.7 | R84: Bal. Orçamentário | S84: Créditos Orçam. | T84: Disponib. Dotaç. | U84: Empenhado | V84: Liquidado | W84: A Liquidar | X84: Pago | Y84: A Pagar | Z84: Pgtos a EFetuar | AA84: Balcte Orçam.:
A85: =O114 -> 1983979.7 | B85: 1946694.2 | C85: 2017 | D85: 1909408.7 | E85: 1872123.2 | F85: 1872123.2 | R85: Valores: | S85: =Cruz!I27 -> 1.8373503e+08 | T85: =S85-U85 -> 1.2842418e+08 | U85: =AE67 -> 55310851 | V85: =AE64 -> 48032222 | W85: =U85-V85 -> 7278629.4 | X85: =43048470.62 -> 43048471 | Y85: =V85-X85 -> 4983751.4 | Z85: =W85+Y85 -> 12262381 | AA85: =Z85-W85 -> 4983751.4
A86: =O115 -> 1947123.9 | B86: 1947123.9 | C86: 2018 | D86: 1947123.9 | E86: 1947123.9 | F86: 1945507.2 | T86: COMPARATIVO DA DESPESA REALIZADA CONSOLIDADA COM A DESPESA REALIZADA NA SAÚDE
A87: =O116 -> 1589682.4 | B87: 1589682.4 | C87: 2019 | D87: 1589682.4 | E87: 1589682.4 | F87: 1586108.1 | Q87: Seq. | R87: REALIZADO | S87: =S40 -> 10042746 | T87: =T40 -> 11932025 | U87: =U40 -> 12995713 | V87: =V40 -> 13061737 | W87: =W40 -> 0 | X87: =X40 -> 0 | Y87: =Y40 -> 0 | Z87: =Z40 -> 0 | ... AE87: =AE40 -> 48032222
A88: =O117 -> 5680688.6 | B88: 5574403.2 | C88: 2020 | D88: 5452349.8 | E88: 5428351.2 | F88: 5425688.5
A89: 1358407.7 | B89: 1358407.7 | C89: 2021 | D89: 1101746.4 | E89: 1192060.1 | F89: 1191267.2 | Q89: =Q33 -> 10 | R89: =R33 -> SMSMA | S89: =S33 -> 2160274.4 | T89: =T33 -> 2485721.3 | U89: =U33 -> 2241731.1 | V89: =V33 -> 2969516.9 | W89: =W33 -> 0 | X89: =X33 -> 0 | ... AE89: =AE33 -> 9857243.7
A90: =SUM(A72:A89) -> 20944760 | B90: =SUM(B72:B89) -> 20737888 | C90: =20737888.04-B90 -> 0 | D90: =SUM(D72:D89) -> 20258587 | E90: =SUM(E72:E89) -> 20224151 | F90: =SUM(F72:F89) -> 20190427 | G90: =SUM(G72:G89) -> 0 | H90: =SUM(H72:H89) -> 0 | J90: =SUM(J72:J88) -> 0 | K90: =SUM(K72:K88) -> 0 | L90: =SUM(L72:L88) -> 0 | M90: =SUM(M72:M88) -> 0 | N90: =SUM(N72:N88) -> 0 | O90: =SUM(O72:O88) -> 0 | Q90: II | R90: % s/ Consolidado | S90: =(S89/S87)*100 -> 21.510793 | T90: =(T89/T87)*100 -> 20.83235 | U90: =(U89/U87)*100 -> 17.249773 | V90: =(V89/V87)*100 -> 22.734472 | W90: =(W89/W87)*100 -> #DIV/0! | X90: =(X89/X87)*100 -> #DIV/0! | Y90: =(Y89/Y87)*100 -> #DIV/0! | Z90: =(Z89/Z87)*100 -> #DIV/0! | ... AE90: =(AE89/AE87)*100 -> 20.522148
A91: Pagos: | B91: =A90-B90 -> 206872.2 | D91: =B90-D90 -> 479301.4 | E91: =D90-E90 -> 34435.74 | F91: =E90-F90 -> 33723.79 | G91: =F90-G90 -> 20190427 | H91: =G90-H90 -> 0 | J91: =H90-J90 -> 0 | K91: =J90-K90 -> 0 | L91: =K90-L90 -> 0 | M91: =L90-M90 -> 0 | N91: =M90-N90 -> 0 | O91: =N90-O90 -> 0
A92: Não Process.: | B92: =B90-20622652.63 -> 115235.41 | D92: =D90-20190158.89 -> 68427.75
R94: % s/ o Total | S94: =S43 -> Janeiro | T94: =T43 -> Fevereiro | U94: =U43 -> Março | V94: =V43 -> Abril | W94: =W43 -> Maio | X94: =X43 -> Junho | Y94: =Y43 -> Julho | Z94: =Z43 -> Agosto | ... AE94: =AE43 -> TOTAL
R95: % ao mês | S95: =S89/$AE$89 -> 0.21915603 | T95: =T89/$AE$89 -> 0.25217204 | U95: =U89/$AE$89 -> 0.22741967 | V95: =V89/$AE$89 -> 0.30125226 | W95: =W89/$AE$89 -> 0 | X95: =X89/$AE$89 -> 0 | Y95: =Y89/$AE$89 -> 0 | Z95: =Z89/$AE$89 -> 0 | ... AD95: =AD89/$AE$89 -> 0 | AE95: =AE89/$AE$20 -> 0.054699407
S98: DESPESA REALIZADO POR BIMESTRE NA SAÚDE EM 2.021
C99: EVOLUÇÃO DOS SALDOS DOS RESTOS A PAGAR DO PERÍODO: | Q99: Total por Bimestre | S99: 1º Bimestre | T99: =S89+T89 -> 4645995.7 | U99: 2º Bimestre | V99: =U89+V89 -> 5211248 | W99: 3º Bimestre | X99: =W89+X89 -> 0 | Y99: 4º Bimestre | Z99: =Y89+Z89 -> 0 | AA99: 5º Bimestre | AB99: =AA89+AB89 -> 0 | AC99: 6º Bimestre | AD99: =AC89+AD89 -> 0 | AE99: =SUM(S99:AD99) -> 9857243.7
A100: Ano: 2020 | B100: Janeiro | C100: Ano | D100: Fevereiro | E100: Março | F100: Abril | G100: Maio | H100: Junho | J100: Julho | K100: Agosto | L100: Setembro | M100: Outubro | N100: Novembro | O100: Dezembro
A101: 4383.53 | B101: 4383.53 | C101: 2004 | D101: 4383.53 | E101: 4383.53 | F101: 4383.53 | G101: 4383.53 | H101: 4383.53 | J101: 4383.53 | K101: 57.84 | L101: 4383.53 | M101: 4383.53 | N101: 4383.53 | O101: 4383.53 | T101: COMPARATIVO DA DESPESA PREVISTA COM A REALIZADA MÊS NO EXERCÍCIO DE 2.020
A102: 57.84 | B102: 57.84 | C102: 2005 | D102: 57.84 | E102: 57.84 | F102: 57.84 | G102: 57.84 | H102: 57.84 | J102: 57.84 | K102: 1022.7 | L102: 57.84 | M102: 57.84 | N102: 57.84 | O102: 57.84 | R102: DIFERENÇA: | S102: =S81-S89 -> -250772.73 | T102: =T81-T89 -> -534740.56 | U102: =U81-U89 -> 98737.134 | V102: =V81-V89 -> -501140.22 | W102: =W81-W89 -> 2486569.3 | X102: =X81-X89 -> 2335938.7 | Y102: =Y81-Y89 -> 2696961 | Z102: =Z81-Z89 -> 2350870.2 | ... AE102: =AE81-AE89 -> 19667412
A103: 1022.7 | B103: 1022.7 | C103: 2006 | D103: 1022.7 | E103: 1022.7 | F103: 1022.7 | G103: 1022.7 | H103: 1022.7 | J103: 1022.7 | K103: 776.55 | L103: 1022.7 | M103: 376.17 | N103: 376.17 | O103: 1022.7
A104: 776.55 | B104: 776.55 | C104: 2007 | D104: 776.55 | E104: 776.55 | F104: 776.55 | G104: 776.55 | H104: 776.55 | J104: 776.55 | K104: 2046.08 | L104: 776.55 | M104: 776.55 | N104: 776.55 | O104: 776.55
...

Sheet Cruz
D1: PREFEITURA MUNICIPAL DE CAÇAPAVA DO SUL/RS.
B2: CNPJ: | C2: 88142302/0001-45 | E2: Endereço: RUA XV DE NOVEMBRO, Nº 438 / CENTRO / CAÇAPAVA DO SUL / RS / CEP: 96.570-000
D4: CONTROLE DO DÉFICIT ORÇAMENTÁRIO
D6: INSTRUMENTO DE CONTROLE: TERMÔMETRO DE CRUZ
F7: PREVISTA | I7: ATUALIZADA
A8: EXERCICIO DE 2022 | D8: DESPESAS CONSOLIDADAS | F8: Cota Mensal | G8: Valor Líquidado | H8: Receita | I8: Orçado para | J8: Déficit ou | K8: Estouro ou | L8: % s/
A9: Órgãos de Governo | E9: Período:Janeiro a Abril | F9: Acumulada | G9: Até o mês | H9: até o Mês | I9: o Exercício | J9: Superávit | K9: Economia | L9: Total de C
A10: Nº | B10: [A] | F10: [B] | G10: [C] | H10: [D] | I10: [E] | J10: [F] B - C | K10: [G] F / B | L10: [H]
A11: 1 | B11: Câmara Municipal | F11: =SUM(SUM(Cronogra!S4:V4)) -> 1580029.2 | G11: =Cronogra!AE24 -> 1277674.2 | I11: 4646959.4 | J11: =F11-G11 -> 302354.99 | K11: =(J11/F11)*100 -> 19.136038 | L11: =(G11/$G$27)*100 -> 2.6600355
A12: 2 | B12: Gabinete do Prefeito | F12: =SUM(SUM(Cronogra!S5:V5)) -> 755522.93 | G12: =Cronogra!AE25 -> 806484.81 | I12: 2478043.3 | J12: =F12-G12 -> -50961.88 | K12: =(J12/F12)*100 -> -6.745246 | L12: =(G12/$G$27)*100 -> 1.6790496
A13: 3 | B13: Secretaria Geral do Município | F13: =SUM(SUM(Cronogra!S6:V6)) -> 379600.4 | G13: =Cronogra!AE26 -> 289882.38 | I13: 1857495.3 | J13: =F13-G13 -> 89718.023 | K13: =(J13/F13)*100 -> 23.63486 | L13: =(G13/$G$27)*100 -> 0.60351649
A14: 4 | B14: Secretaria da Planejamento e Meio Ambiente | F14: =SUM(SUM(Cronogra!S7:V7)) -> 665663.54 | G14: =Cronogra!AE27 -> 668993.39 | I14: 2267014.1 | J14: =F14-G14 -> -3329.8461 | K14: =(J14/F14)*100 -> -0.5002296 | L14: =(G14/$G$27)*100 -> 1.3928013
A15: 5 | B15: Secretaria de Municipio da Administração | F15: =SUM(SUM(Cronogra!S8:V8)) -> 3110587.2 | G15: =Cronogra!AE28 -> 3440304.9 | I15: 10593557 | J15: =F15-G15 -> -329717.74 | K15: =(J15/F15)*100 -> -10.599855 | L15: =(G15/$G$27)*100 -> 7.1624937
A16: 6 | B16: Secretaria da Fazenda | F16: =SUM(SUM(Cronogra!S9:V9)) -> 1064131.6 | G16: =Cronogra!AE29 -> 1186500.6 | H16: =41645237.34 -> 41645237 | I16: 3644755 | J16: =F16-G16 -> -122368.99 | K16: =(J16/F16)*100 -> -11.499423 | L16: =(G16/$G$27)*100 -> 2.4702179
A17: 7 | B17: Secretaria de Municipio da Cultura e do Turismo | F17: =SUM(SUM(Cronogra!S10:V10)) -> 412914.81 | G17: =Cronogra!AE30 -> 277990.65 | I17: 1407964.6 | J17: =F17-G17 -> 134924.16 | K17: =(J17/F17)*100 -> 32.676029 | L17: =(G17/$G$27)*100 -> 0.57875867
A18: 8 | B18: Secretaria de Transporte, Serviços Urbanos e Interior | F18: =SUM(SUM(Cronogra!S11:V11)) -> 6348056.5 | G18: =Cronogra!AE31 -> 3668275.9 | I18: 21624301 | J18: =F18-G18 -> 2679780.6 | K18: =(J18/F18)*100 -> 42.214189 | L18: =(G18/$G$27)*100 -> 7.6371147
A19: 9 | B19: Secretaria da Educação | F19: =SUM(SUM(Cronogra!S12:V12)) -> 13605374 | G19: =Cronogra!AE32 -> 13904043 | I19: 48288482 | J19: =F19-G19 -> -298668.35 | K19: =(J19/F19)*100 -> -2.1952233 | L19: =(G19/$G$27)*100 -> 28.947324
A20: 10 | B20: Secretaria de Municipio da Saúde | F20: =SUM(SUM(Cronogra!S13:V13)) -> 8669327.3 | G20: =Cronogra!AE33 -> 9857243.7 | I20: 30351081 | J20: =F20-G20 -> -1187916.4 | K20: =(J20/F20)*100 -> -13.702521 | L20: =(G20/$G$27)*100 -> 20.522148
A21: 11 | B21: Secretaria de Município da Ação Social | F21: =SUM(SUM(Cronogra!S14:V14)) -> 1413098.6 | G21: =Cronogra!AE34 -> 1255014.3 | I21: 4840182.2 | J21: =F21-G21 -> 158084.32 | K21: =(J21/F21)*100 -> 11.18707 | L21: =(G21/$G$27)*100 -> 2.6128591
A22: 12 | B22: Secretaria de Munic. da Agropecuária Industria e Comércio | F22: =SUM(SUM(Cronogra!S15:V15)) -> 669721.26 | G22: =Cronogra!AE35 -> 482833.31 | I22: 2524358.2 | J22: =F22-G22 -> 186887.95 | K22: =(J22/F22)*100 -> 27.905333 | L22: =(G22/$G$27)*100 -> 1.0052279
A23: 13 | B23: Encargos Gerais do Município | F23: =SUM(SUM(Cronogra!S16:V16)) -> 951966.32 | G23: =Cronogra!AE36 -> 1200092 | I23: 3314488 | J23: =F23-G23 -> -248125.66 | K23: =(J23/F23)*100 -> -26.064542 | L23: =(G23/$G$27)*100 -> 2.4985144
A24: 14 | B24: Reserva de Contigências | F24: =SUM(SUM(Cronogra!S17:V17)) -> 208.13969 | G24: =Cronogra!AE37 -> 0 | I24: 708.85 | J24: =F24-G24 -> 208.13969 | K24: =(J24/F24)*100 -> 100 | L24: =(G24/$G$27)*100 -> 0
A25: 15 | B25: Regime Próprio de Previdência | F25: =SUM(SUM(Cronogra!S18:V18)) -> 12200927 | G25: =Cronogra!AE38 -> 8789012.9 | H25: =12449529.82 -> 12449530 | I25: 41552033 | J25: =F25-G25 -> 3411914.2 | K25: =(J25/F25)*100 -> 27.964385 | L25: =(G25/$G$27)*100 -> 18.29816
A26: 16 | B26: Fundo de assistência a Saúde do Servidor Municipal | F26: =SUM(SUM(Cronogra!S19:V19)) -> 1275412.7 | G26: =Cronogra!AE39 -> 927876.36 | H26: =1698498.54 -> 1698498.5 | I26: 4343603.5 | J26: =F26-G26 -> 347536.3 | K26: =(J26/F26)*100 -> 27.248929 | L26: =(G26/$G$27)*100 -> 1.931779
A27: Total | F27: =SUM(F11:F26) -> 53102542 | G27: =SUM(G11:G26) -> 48032222 | H27: =SUM(H11:H26) -> 55793266 | I27: =SUM(I11:I26) -> 1.8373503e+08 | J27: =SUM(J11:J26) -> 5070319.9 | L27: =SUM(L11:L26) -> 100
B28: FONTES: | C28: Demonstrativos da Despesas Fixada e Liquidada por Órgão e Receita Efetivamente Realizada. | I28: =183735028.03-I27 -> 0
G29: =G27-Cronogra!AE40 -> 0 | H29: =H27-Cronogra!D53 -> 0
B30: NOTAS: 1 - | C30: Na coluna: "% s/ Total de C " consta o percentual que cada Órgão representa em relação ao total da Despesa Liquidada, conforme se verifica nos Órgãos de nº 9 que lida
B31: com a Educação representa 26,32% e de Nº 10 que lida com a Saúde 21,88%, respectivamente da Despesa Total Líquidada.
B32: 2 - | C32: O valor constante na coluna: "Cota Mensal Acumulada" foi apurado em conformidade com o Decreto de Desembolso Financeiro e Orçamentário, publicado em janeiro
B33: do corrente ano, que regula os quantitativos referentes ao Cronograma das saídas de acordo com as entradas(Pagamentos igual ou menor que os Recebimentos).
B34: 3 - | C34: =IF(H34>0,"Superávit Orçamentário Consolidado apurado do período","Déficit Orçamentário Consolidado apurado do período") -> Superávit Orçamentário Consolidado apurado do período | H34: =H27-G27 -> 7761043.7 | I34: SOBRE A DESPESA LIQUIDADA CONSOLIDADA.
B35: 4 - | C35: =IF(H35>0,"Superávit Orçamentário da Pref. Municipal apurado do período","Déficit Orçamentário da Pref. Municipal apurado do período") -> Superávit Orçamentário da Pref. Municipal apurado do período | H35: =H16-SUM(G11:G24) -> 3329904.6
B36: 5 - | C36: Restos a Pagar de exercícios anteriores pagos no período de Janeiro a Abril de 2022, totalizou: | J36: =Exec_Orç!K19 -> 6520001.2
C39: Giovani Amestoy da Silva | F39: Ihoko Nakashima Mota | J39: Arlei Lopes Souza
C40: Prefeito Municipal | F40: Secret. de Município da Fazenda | J40: Contador - CRC/RS: 068452/O-6
B74: OBSERVAÇÕES:
B75: 1ª - Os Órgãos que apresentam Déficit Orçamentário estão abaixo do ponto zero na representação gráfica com a coluna invertida para baixo.
B76: 2ª - Os Órgãos que apresentam Superávit Orçamentário e, consequentemente,estão situados acima do ponto zero na representação gráfica, coluna para cima.
B77: 3ª - O déficit é provocado pelo despêndio maior que o previsto para o periodo no Orçamento e Regumentado no Decreto Executivo nº 4865, de 03 Fevereiro de 2022.
B78: 4ª - Percentual da Despesa Corrente sobre a Receita a Receita Corrente, exceto a Receita Intra-Orçamentária: | I78: =Cronogra!AE56/RCL!C5 -> 0.35952237
C82: Giovani Amestoy da Silva | F82: Ihoko Nakashima Mota | J82: Arlei Lopes Souza
C83: Prefeito Municipal | F83: Secret. de Município da Fazenda | J83: Contador - CRC/RS: 068452/O-6

Sheet Exec_Orç
B1: POSIÇÃO DAS OBRIGAÇÕES REALIZADAS ATÉ ABRIL DE 2022. | P1: POSIÇÃO DAS OBRIGAÇÕES REALIZADAS ATÉ ABRIL DE 2022.
H2: Empenhos de restos a Pagar | P2: DESPESAS ORÇAMENTÁRIAS, EXCETO AS DESPESAS INTRAORÇAMENTÁRIAS | V2: Despesas Intraorçamentárias
A3: Seq. | B3: ÓRGÃOS | C3: 1. Dotações: | D3: 2. Empenhado: | E3: 3. Liquidado | F3: 4. Pago: | G3: 5. A Pagar = 3 - 4 | H3: 6.Empenhado¹ | I3: 7. Liquidado | J3: 8. Cancelado4 | K3: 9. Pago³ | L3: 10. A Pagar²= 7 - 9 | O3: 1. Dotações: | P3: Dot. Atualizada | Q3: 2. Empenhado: | R3: 3. Liquidado | S3: 4. Pago: | T3: 5. A Pagar = 3 - 4 | U3: A liquidar: | V3: 2. Empenhado: | W3: 3. Liquidado | X3: 4. Pago: | Y3: 5. A Pagar = 3 - 4
A4: 1 | B4: Câmara | C4: =Cruz!I11 -> 4646959.4 | D4: 1529192.4 | E4: =Cruz!G11 -> 1277674.2 | F4: 1227151.4 | G4: =E4-F4 -> 50522.76 | H4: =2422.58 -> 2422.58 | I4: 2422.58 | K4: 2422.58 | L4: =I4-K4 -> 0 | M4: =I4-(K4+L4) -> 0 | O4: 4038528.5 | P4: 4038528.5 | Q4: 1459990.7 | R4: 1208472.5 | S4: 1175625.2 | T4: =R4-S4 -> 32847.28 | U4: =Q4-R4 -> 251518.22 | V4: =D4-Q4 -> 69201.72 | W4: =E4-R4 -> 69201.72 | X4: =F4-S4 -> 51526.24 | Y4: =W4-X4 -> 17675.48
A5: 2 | B5: Gabinete | C5: =Cruz!I12 -> 2478043.3 | D5: 821478.45 | E5: =Cruz!G12 -> 806484.81 | F5: 741255.2 | G5: =E5-F5 -> 65229.61 | H5: =357675.77 -> 357675.77 | I5: =357675.77 -> 357675.77 | K5: 68993.86 | L5: =I5-K5 -> 288681.91 | M5: =I5-(K5+L5) -> 0 | N5: =288681.91-L5 -> 0 | O5: 2154661.4 | P5: 2059661.4 | Q5: 693610.57 | R5: 678616.93 | S5: 647498.8 | T5: =R5-S5 -> 31118.13 | U5: =Q5-R5 -> 14993.64 | V5: =D5-Q5 -> 127867.88 | W5: =E5-R5 -> 127867.88 | X5: =F5-S5 -> 93756.4 | Y5: =W5-X5 -> 34111.48
A6: 3 | B6: SGM | C6: =Cruz!I13 -> 1857495.3 | D6: 330232.78 | E6: =Cruz!G13 -> 289882.38 | F6: 254318.42 | G6: =E6-F6 -> 35563.96 | H6: =264666.67 -> 264666.67 | I6: =230219.8 -> 230219.8 | K6: 62262.87 | L6: =I6-K6 -> 167956.93 | M6: =I6-(K6+L6) -> 0 | N6: =167956.93-L6 -> 0 | O6: 1109144.6 | P6: 1673855.4 | Q6: 271983.03 | R6: 231632.63 | S6: 211188.82 | T6: =R6-S6 -> 20443.81 | U6: =Q6-R6 -> 40350.4 | V6: =D6-Q6 -> 58249.75 | W6: =E6-R6 -> 58249.75 | X6: =F6-S6 -> 43129.6 | Y6: =W6-X6 -> 15120.15
A7: 4 | B7: SMCP | C7: =Cruz!I14 -> 2267014.1 | D7: 701889.73 | E7: =Cruz!G14 -> 668993.39 | F7: 604833.75 | G7: =E7-F7 -> 64159.64 | H7: =446850.73 -> 446850.73 | I7: =446850.73 -> 446850.73 | K7: =71262.49 -> 71262.49 | L7: =I7-K7 -> 375588.24 | M7: =I7-(K7+L7) -> 0 | N7: =375588.24-L7 -> 0 | O7: 1659144.4 | P7: 1659144.4 | Q7: 509519.02 | R7: 476622.68 | S7: 464273.23 | T7: =R7-S7 -> 12349.45 | U7: =Q7-R7 -> 32896.34 | V7: =D7-Q7 -> 192370.71 | W7: =E7-R7 -> 192370.71 | X7: =F7-S7 -> 140560.52 | Y7: =W7-X7 -> 51810.19
A8: 5 | B8: SMA | C8: =Cruz!I15 -> 10593557 | D8: 3457768.4 | E8: =Cruz!G15 -> 3440304.9 | F8: 2713376.9 | G8: =E8-F8 -> 726927.98 | H8: =5533668.74 -> 5533668.7 | I8: =5489981.14+8000 -> 5497981.1 | K8: =668682.74 -> 668682.74 | L8: =I8-K8 -> 4829298.4 | M8: =I8-(K8+L8) -> 0 | N8: =4829298.4-L8 -> 0 | O8: 1734005.6 | P8: 1734005.6 | Q8: 564785.74 | R8: 547322.27 | S8: 527166.32 | T8: =R8-S8 -> 20155.95 | U8: =Q8-R8 -> 17463.47 | V8: =D8-Q8 -> 2892982.6 | W8: =E8-R8 -> 2892982.6 | X8: =F8-S8 -> 2186210.6 | Y8: =W8-X8 -> 706772.03
A9: 6 | B9: SMF | C9: =Cruz!I16 -> 3644755 | D9: 1323404.5 | E9: =Cruz!G16 -> 1186500.6 | F9: 1024874 | G9: =E9-F9 -> 161626.55 | H9: =1059173.79 -> 1059173.8 | I9: =1059173.79 -> 1059173.8 | K9: =220065.37 -> 220065.37 | L9: =I9-K9 -> 839108.42 | M9: =I9-(K9+L9) -> 0 | N9: =839108.42-L9 -> 0 | O9: 2632683.6 | P9: 2653383.6 | Q9: 1023362.9 | R9: 886458.92 | S9: 802120.33 | T9: =R9-S9 -> 84338.59 | U9: =Q9-R9 -> 136903.96 | V9: =D9-Q9 -> 300041.65 | W9: =E9-R9 -> 300041.65 | X9: =F9-S9 -> 222753.69 | Y9: =W9-X9 -> 77287.96
A10: 7 | B10: SMTur | C10: =Cruz!I17 -> 1407964.6 | D10: 318453.05 | E10: =Cruz!G17 -> 277990.65 | F10: 243170.27 | G10: =E10-F10 -> 34820.38 | H10: =230723.23 -> 230723.23 | I10: 230723.23 | K10: 81826.4 | L10: =I10-K10 -> 148896.83 | M10: =I10-(K10+L10) -> 0 | N10: =148896.83-L10 -> 0 | O10: 1306791.8 | P10: 1308514.9 | Q10: 283572.75 | R10: 243110.35 | S10: 217276.57 | T10: =R10-S10 -> 25833.78 | U10: =Q10-R10 -> 40462.4 | V10: =D10-Q10 -> 34880.3 | W10: =E10-R10 -> 34880.3 | X10: =F10-S10 -> 25893.7 | Y10: =W10-X10 -> 8986.6
A11: 8 | B11: SMTSUI | C11: =Cruz!I18 -> 21624301 | D11: 5781597.5 | E11: =Cruz!G18 -> 3668275.9 | F11: 3232189.9 | G11: =E11-F11 -> 436085.99 | H11: =4821602.64 -> 4821602.6 | I11: =3494854.19+102810.24 -> 3597664.4 | J11: =163.93 -> 163.93 | K11: =1221196.82 -> 1221196.8 | L11: =I11-K11 -> 2376467.6 | M11: =I11-(K11+L11) -> 0 | N11: =2376467.61-L11 -> 0 | O11: 19652575 | P11: 19657646 | Q11: 5213107 | R11: 3099785.4 | S11: 2811895.6 | T11: =R11-S11 -> 287889.8 | U11: =Q11-R11 -> 2113321.6 | V11: =D11-Q11 -> 568490.46 | W11: =E11-R11 -> 568490.46 | X11: =F11-S11 -> 420294.27 | Y11: =W11-X11 -> 148196.19
A12: 9 | B12: SEDUC | C12: =Cruz!I19 -> 48288482 | D12: 14656487 | E12: =Cruz!G19 -> 13904043 | F12: 12368787 | G12: =E12-F12 -> 1535255.5 | H12: =7281022.38 -> 7281022.4 | I12: =5825229.62+375200.57 -> 6200430.2 | J12: =15251.34 -> 15251.34 | K12: =2064186.96 -> 2064187 | L12: =I12-K12 -> 4136243.2 | M12: =I12-(K12+L12) -> 0 | N12: =4136243.23-L12 -> 0 | O12: 35134639 | P12: 36925324 | Q12: 10687657 | R12: 9935212.9 | S12: 9449885.4 | T12: =R12-S12 -> 485327.49 | U12: =Q12-R12 -> 752443.81 | V12: =D12-Q12 -> 3968829.9 | W12: =E12-R12 -> 3968829.9 | X12: =F12-S12 -> 2918901.9 | Y12: =W12-X12 -> 1049928
A13: 10 | B13: SMSMA | C13: =Cruz!I20 -> 30351081 | D13: 11268618 | E13: =Cruz!G20 -> 9857243.7 | F13: 8468160.2 | G13: =E13-F13 -> 1389083.5 | H13: =6685202.81 -> 6685202.8 | I13: =6583635.16+57445.64 -> 6641080.8 | J13: 2975.25 | K13: =1642345.2 -> 1642345.2 | L13: =I13-K13 -> 4998735.6 | M13: =I13-(K13+L13) -> 0 | N13: =4998735.6-L13 -> 0 | O13: 23931167 | P13: 24772592 | Q13: 9521813.3 | R13: 8110439 | S13: 7175601.1 | T13: =R13-S13 -> 934837.84 | U13: =Q13-R13 -> 1411374.3 | V13: =D13-Q13 -> 1746804.7 | W13: =E13-R13 -> 1746804.7 | X13: =F13-S13 -> 1292559 | Y13: =W13-X13 -> 454245.69
A14: 11 | B14: SMAS | C14: =Cruz!I21 -> 4840182.2 | D14: 1485624 | E14: =Cruz!G21 -> 1255014.3 | F14: 1129521.4 | G14: =E14-F14 -> 125492.84 | H14: =902825.86 -> 902825.86 | I14: =902141.83 -> 902141.83 | K14: =190046.89 -> 190046.89 | L14: =I14-K14 -> 712094.94 | M14: =I14-(K14+L14) -> 0 | N14: =712094.94-L14 -> 0 | O14: 4133525.8 | P14: 4161195 | Q14: 1263799 | R14: 1033189.3 | S14: 967160.37 | T14: =R14-S14 -> 66028.93 | U14: =Q14-R14 -> 230609.7 | V14: =D14-Q14 -> 221824.98 | W14: =E14-R14 -> 221824.98 | X14: =F14-S14 -> 162361.07 | Y14: =W14-X14 -> 59463.91
A15: 12 | B15: SMAIC | C15: =Cruz!I22 -> 2524358.2 | D15: 542033.45 | E15: =Cruz!G22 -> 482833.31 | F15: 408499.07 | G15: =E15-F15 -> 74334.24 | H15: =556940.07 -> 556940.07 | I15: =551699.57 -> 551699.57 | K15: =142421.43 -> 142421.43 | L15: =I15-K15 -> 409278.14 | M15: =I15-(K15+L15) -> 0 | N15: =409278.14-L15 -> 0 | O15: 1963731 | P15: 2207256 | Q15: 434599.82 | R15: 375399.68 | S15: 333650.12 | T15: =R15-S15 -> 41749.56 | U15: =Q15-R15 -> 59200.14 | V15: =D15-Q15 -> 107433.63 | W15: =E15-R15 -> 107433.63 | X15: =F15-S15 -> 74848.95 | Y15: =W15-X15 -> 32584.68
A16: 13 | B16: Encargos | C16: =Cruz!I23 -> 3314488 | D16: 1998157.9 | E16: =Cruz!G23 -> 1200092 | F16: 951188.88 | G16: =E16-F16 -> 248903.1 | H16: =258186.02 -> 258186.02 | I16: =257216.5 -> 257216.5 | K16: =46908.18 -> 46908.18 | L16: =I16-K16 -> 210308.32 | M16: =I16-(K16+L16) -> 0 | N16: =210308.32-L16 -> 0 | O16: 2948144.9 | P16: 2928044.9 | Q16: 1873093.2 | R16: 1075027.3 | S16: 858060.77 | T16: =R16-S16 -> 216966.49 | U16: =Q16-R16 -> 798065.96 | V16: =D16-Q16 -> 125064.72 | W16: =E16-R16 -> 125064.72 | X16: =F16-S16 -> 93128.11 | Y16: =W16-X16 -> 31936.61
A17: 15 | B17: FAPS | C17: =Cruz!I25 -> 41552033 | D17: 8796740 | E17: =Cruz!G25 -> 8789012.9 | F17: 8783251.1 | G17: =E17-F17 -> 5761.77 | H17: =44620.01 -> 44620.01 | I17: 44620.01 | K17: 1096.22 | L17: =I17-K17 -> 43523.79 | M17: =I17-(K17+L17) -> 0 | N17: =43523.79-L17 -> 0 | O17: 41552033 | P17: 41552033 | Q17: 8796740 | R17: 8789012.9 | S17: 8783251.1 | T17: =R17-S17 -> 5761.77 | U17: =Q17-R17 -> 7727.12 | V17: =D17-Q17 -> 0 | W17: =E17-R17 -> 0 | X17: =F17-S17 -> 0 | Y17: =W17-X17 -> 0
A18: 16 | B18: FASM | C18: =Cruz!I26 -> 4343603.5 | D18: 2299174.8 | E18: =Cruz!G26 -> 927876.36 | F18: 897892.81 | G18: =E18-F18 -> 29983.55 | H18: =36283.16 -> 36283.16 | I18: 36283.16 | K18: =36283.16 -> 36283.16 | L18: =I18-K18 -> 0 | M18: =I18-(K18+L18) -> 0 | O18: 4343603.5 | P18: 4343603.5 | Q18: 2299174.8 | R18: 927876.36 | S18: 897892.81 | T18: =R18-S18 -> 29983.55 | U18: =Q18-R18 -> 1371298.4 | V18: =D18-Q18 -> 0 | W18: =E18-R18 -> 0 | X18: =F18-S18 -> 0 | Y18: =W18-X18 -> 0
C19: =SUM(C4:C18) -> 1.8373432e+08 | D19: =SUM(D4:D18) -> 55310851 | E19: =SUM(E4:E18) -> 48032222 | F19: =SUM(F4:F18) -> 43048471 | G19: =SUM(G4:G18) -> 4983751.4 | H19: =SUM(H4:H18) -> 28481864 | I19: =SUM(I4:I18) -> 26056184 | J19: =SUM(J4:J18) -> 18390.52 | ... L19: =SUM(L4:L18) -> 19536182 | M19: =I19-(K19+L19) -> 0 | O19: =SUM(O4:O18) -> 1.4829438e+08 | P19: =SUM(P4:P18) -> 1.5167479e+08 | Q19: =SUM(Q4:Q18) -> 44896808 | R19: =SUM(R4:R18) -> 37618179 | S19: =SUM(S4:S18) -> 35322547 | T19: =SUM(T4:T18) -> 2295632.4 | U19: =SUM(U4:U18) -> 7278629.4 | V19: =SUM(V4:V18) -> 10414043 | ... Y19: =SUM(Y4:Y18) -> 2688119
B20: Verificação: | C20: =C19+Cruz!I24-Cruz!I27 -> 0 | D20: =55310851.46-D19 -> 0 | E20: =48032222.04-E19 -> 0 | F20: =43048470.62-F19 -> 0 | G20: =4983751.42-G19 -> 0 | H20: =28481864.46-H19 -> 0 | I20: =26056183.53-I19 -> 0 | J20: =18390.52-J19 -> 0 | K20: =6520001.17-K19 -> 0 | L20: =19517827.84+J19-L19 -> 36 | O20: Reserva de Contin. | P20: =151675497.12-P19 -> 708.85 | Q20: =44896808.42-Q19 -> 0 | R20: =37618179-R19 -> 0 | S20: =35322546.58-S19 -> 0 | T20: =2295632.42-T19 -> 0 | U20: =(9574261.84-T19)-U19 -> 0 | Y20: =T19+Y19 -> 4983751.4
B21: Fonte: Relatório Consolidado da "Situacao de Empenhos de Restos a Pagar por Orgãos - Posicão até Abril/22"
F23: Verificação dos saldos Contábeis com o Relatório "Situacao de Empenhos de Restos a Pagar"
H24: =28481864.46-H19 -> 0 | I24: ¹ 5.3.0.0 - INSCRIÇÃO DE RESTOS A PAGAR do exercício anterior
G25: 6.3.2.9.0 RP PROCESSADOS CANCELADOS (3111) R$ 18.354,52 | H25: =(19483404.2-L19) -> -52778.16 | I25: ² 6.3.2.1 - RP PROCESSADOS A PAGAR | L25: =H25+18354.52 -> -34423.64
G26: 6.3.1.4 - RP NÃO PROCESSADOS PAGOS (3099) | H26: =(5828739.82)-K19 -> -691261.35 | I26: ³ 6.3.2.2 - RP PROCESSADOS PAGOS | L26: =K19+H26 -> 5828739.8 | M26: =691261.35+H26 -> 1.2805685e-09
G27: 6.3.1.9 - RP NÃO PROCESSADOS CANCELADOS | H27: =(18190.59+163.93)-J19 -> -36 | I27: 4 6.3.2.9. - RP PROCESSADOS CANCELADOS | L27: =J19+H27 -> 18354.52
D29: Execução orçamentária | I29: Execução dos Restos a Pagar Processados e não Processados
B30: 1.Receita Realizada: | D30: 2. Empenhado | E30: 3.Desp. Liquidada | F30: 4.Despesa Paga: | G30: 5.Resultado: 1-4 | H30: 6.A Pagar: 3-4 | I30: 7.Empenhado¹ | J30: 8. Liquidado | K30: 9. Pago³ | L30: 10. A Pagar²= 9 - 10 | M30: 11. Resultado:
B31: Pref. | C31: =Cruz!H16 -> 41645237 | D31: =SUM(D4:D16) -> 44214937 | E31: =SUM(E4:E16) -> 38315333 | F31: =SUM(F4:F16) -> 33367327 | G31: =C31-F31 -> 8277910.7 | H31: =E31-F31 -> 4948006.1 | I31: =SUM(H4:H16) -> 28400961 | J31: =SUM(I4:I16) -> 25975280 | K31: =SUM(K4:K16) -> 6482621.8 | L31: =SUM(L4:L16) -> 19492659 | M31: =C31-(F31+K31) -> 1795288.9
B32: FAPS | C32: =Cruz!H25 -> 12449530 | D32: =D17 -> 8796740 | E32: =E17 -> 8789012.9 | F32: =F17 -> 8783251.1 | G32: =C32-F32 -> 3666278.7 | H32: =E32-F32 -> 5761.77 | I32: =H17 -> 44620.01 | J32: =I17 -> 44620.01 | K32: =K17 -> 1096.22 | L32: =L17 -> 43523.79 | M32: =C32-(F32+K32) -> 3665182.5
B33: FASM | C33: =Cruz!H26 -> 1698498.5 | D33: =D18 -> 2299174.8 | E33: =E18 -> 927876.36 | F33: =F18 -> 897892.81 | G33: =C33-F33 -> 800605.73 | H33: =E33-F33 -> 29983.55 | I33: =H18 -> 36283.16 | J33: =I18 -> 36283.16 | K33: =K18 -> 36283.16 | L33: =L18 -> 0 | M33: =C33-(F33+K33) -> 764322.57
B34: Total: | C34: =SUM(C31:C33) -> 55793266 | D34: =SUM(D31:D33) -> 55310851 | E34: =SUM(E31:E33) -> 48032222 | F34: =SUM(F31:F33) -> 43048471 | G34: =SUM(G31:G33) -> 12744795 | H34: =SUM(H31:H33) -> 4983751.4 | I34: =SUM(I31:I33) -> 28481864 | J34: =SUM(J31:J33) -> 26056184 | ... M34: =SUM(M31:M33) -> 6224793.9
B35: O resultado apurado na tabela acima é sobre a despesa paga, sobre a despesa liquidada o resultado é | H35: =C34-E34 -> 7761043.7 | I35: O saldo dos Restos a Pagar em 30 de Abr/22 ficou em | L35: =(D19-F19)+(L19) -> 31798563
R38: Giovani Amestoy da Silva | T38: Ihoko Nakashima Mota | W38: Arlei Lopes Souza
G39: Giovani Amestoy da Silva | I39: Ihoko Nakashima Mota | L39: Arlei Lopes Souza | R39: Prefeito Municipal | T39: Secret. de Município da Fazenda | W39: Contador - CRC/RS: 068452/O-6
G40: Prefeito Municipal | I40: Secret. de Município da Fazenda | L40: Contador - CRC/RS: 068452/O-6

Sheet Míni
B1: CALCULO DOS PERCENTUAIS MÍNIMOS LEGAIS
A2: PERÍODO: | B2: 1º de Janeiro a 30 de Abril de 2022 | E2: Artigos 198 e 212 da CF/88 e E/C nº 29
A4: Análise Horizontal das Receitas em relação ao montante arrecadado no mês em uma previsão de arrecadação de um doze avos ao mês.
A5: Os valores na coluna "Excesso" entre parenteses significa que foi arrecado valor maior que um doze avos ao mês na Receita Realizada.
A7: 1. NÍVEIS: | B7: 2. RECEITAS | C7: 3. PREVISTO | D7: 4. Realizado: | E7: LIVRE: 60% Excesso/Déficit | G7: MDE:25%/5% Excesso/Déficit | I7: FUNDEB 20% Excesso/Déficit | K7: ASPS: 15% | L7: Excesso/Déficit
A8: 1.1.1.3.03.1 | B8: IRRF | C8: 3855803.6 | D8: =1580660.6 -> 1580660.6 | E8: =D8*0.6 -> 948396.36 | F8: =(((C8*0.6)/12)*4)-E8 -> -177235.65 | G8: =D8*0.25 -> 395165.15 | H8: =(((C8*0.25)/12)*4)-G8 -> -73848.186 | K8: =D8*0.15 -> 237099.09 | L8: =(((C8*0.25)/12)*4)-K8 -> 84217.874
A9: 1.1.1.8.01.1 | B9: IPTU | C9: =3467839.35 -> 3467839.4 | D9: =1245394.88 -> 1245394.9 | E9: =D9*0.6 -> 747236.93 | F9: =(((C9*0.6)/12)*4)-E9 -> -53669.058 | G9: =D9*0.25 -> 311348.72 | H9: =(((C9*0.25)/12)*4)-G9 -> -22362.107 | K9: =D9*0.15 -> 186809.23 | L9: =(((C9*0.25)/12)*4)-K9 -> 102177.38
A10: 1.1.1.8.01.4 | B10: ITBI | C10: =1378438.67 -> 1378438.7 | D10: =610492.7 -> 610492.7 | E10: =D10*0.6 -> 366295.62 | F10: =(((C10*0.6)/12)*4)-E10 -> -90607.886 | G10: =D10*0.25 -> 152623.17 | H10: =(((C10*0.25)/12)*4)-G10 -> -37753.286 | K10: =D10*0.15 -> 91573.905 | L10: =(((C10*0.25)/12)*4)-K10 -> 23295.984
A11: 1.1.1.8.02.3 | B11: ISQN | C11: =5814310.6 -> 5814310.6 | D11: =2042769.48 -> 2042769.5 | E11: =D11*0.6 -> 1225661.7 | F11: =(((C11*0.6)/12)*4)-E11 -> -62799.568 | G11: =D11*0.25 -> 510692.37 | H11: =(((C11*0.25)/12)*4)-G11 -> -26166.487 | K11: =D11*0.15 -> 306415.42 | L11: =(((C11*0.25)/12)*4)-K11 -> 178110.46
A12: 1.7.1.8.01.2 | B12: FPM | C12: =28751945.22 -> 28751945 | D12: =9389761.2+2347440.19 -> 11737201 | E12: =D12*0.6 -> 7042320.8 | F12: =(((C12*0.6)/12)*4)-E12 -> -1291931.8 | G12: =(D12*0.05) -> 586860.07 | H12: =(((C12*0.25)/12)*4)-G12 -> 1809135.4 | I12: =-D12*0.2 -> -2347440.3 | J12: =(((C12*0.2)/12)*4)+I12 -> -430643.93 | K12: =D12*0.15 -> 1760580.2 | L12: =(((C12*0.25)/12)*4)-K12 -> 635415.23
A13: 1.7.1.8.01.3 | B13: 1% FPM | C13: =1268281.42 -> 1268281.4 | E13: =D13*0.6 -> 0 | F13: =(((C13*0.6)/12)*4)-E13 -> 253656.28 | G13: =D13*0.25 -> 0 | H13: =(((C13*0.25)/12)*4)-G13 -> 105690.12 | K13: =D13*0.15 -> 0 | L13: =(((C13*0.25)/12)*4)-K13 -> 105690.12
A14: 1.7.1.8.01.4 | B14: 1% FPM | C14: =1239869.25 -> 1239869.2 | E14: =D14*0.6 -> 0 | F14: =(((C14*0.6)/12)*4)-E14 -> 247973.85 | G14: =D14*0.25 -> 0 | H14: =(((C14*0.25)/12)*4)-G14 -> 103322.44 | K14: =D14*0.15 -> 0 | L14: =(((C14*0.25)/12)*4)-K14 -> 103322.44
A15: 1.7.1.8.01.5.1 | B15: ITR | C15: =951759.41+237939.85 -> 1189699.3 | D15: =37730.57+9432.62 -> 47163.19 | E15: =D15*0.6 -> 28297.914 | F15: =(((C15*0.6)/12)*4)-E15 -> 209641.94 | G15: =(D15*0.05) -> 2358.1595 | H15: =(((C15*0.25)/12)*4)-G15 -> 96783.446 | I15: =-D15*0.2 -> -9432.638 | J15: =(((C15*0.2)/12)*4)+I15 -> 69880.646 | K15: =D15*0.15 -> 7074.4785 | L15: =(((C15*0.25)/12)*4)-K15 -> 92067.126
A16: 1.7.1.8.06.1.1 | B16: L.C. No 87/96 | E16: =D16*1 -> 0 | F16: =(((C16*0.6)/12)*4)-E16 -> 0
A17: 1.7.2.8.01.1.1 | B17: ICMS | C17: =22948077.82+1912339.82+5737019.45+7649359.27 -> 38246796 | D17: =8532844.54+2162966.67 -> 10695811 | E17: =D17*0.6 -> 6417486.7 | F17: =(((C17*0.6)/12)*4)-E17 -> 1231872.5 | G17: =(D17*0.05) -> 534790.56 | H17: =(((C17*0.25)/12)*4)-G17 -> 2652442.5 | I17: =-D17*0.2 -> -2139162.2 | J17: =(((C17*0.2)/12)*4)+I17 -> 410624.18 | K17: =D17*0.15 -> 1604371.7 | L17: =(((C17*0.25)/12)*4)-K17 -> 1582861.3
A18: 1.7.2.8.01.2.1 | B18: IPVA | C18: =3902843.86 -> 3902843.9 | D18: =1563283.32+390820.88 -> 1954104.2 | E18: =D18*0.6 -> 1172462.5 | F18: =(((C18*0.6)/12)*4)-E18 -> -391893.75 | G18: =(D18*0.05) -> 97705.21 | H18: =(((C18*0.25)/12)*4)-G18 -> 227531.78 | I18: =-D18*0.2 -> -390820.84 | J18: =(((C18*0.2)/12)*4)+I18 -> -130631.25 | K18: =D18*0.15 -> 293115.63 | L18: =(((C18*0.25)/12)*4)-K18 -> 32121.358
A19: 1.7.2.8.01.3.1 | B19: IPI Exp. | C19: =561182.43 -> 561182.43 | D19: =103914.45+25978.63 -> 129893.08 | E19: =D19*0.6 -> 77935.848 | F19: =(((C19*0.6)/12)*4)-E19 -> 34300.638 | G19: =(D19*0.05) -> 6494.654 | H19: =(((C19*0.25)/12)*4)-G19 -> 40270.549 | I19: =-D19*0.2 -> -25978.616 | J19: =(((C19*0.2)/12)*4)+I19 -> 11433.546 | K19: =D19*0.15 -> 19483.962 | L19: =(((C19*0.25)/12)*4)-K19 -> 27281.241
A20: 1.7.5.8.01.1.1 | B20: FUNDEB | C20: 27814455 | D20: 9796718.7 | I20: =-SUM(I12+SUM(I15:I19))-4936638.99 -> -23804.376
B21: TOTAIS: | C21: =SUM(C8:C20) -> 1.1749146e+08 | D21: =SUM(D8:D20) -> 39840209 | E21: =SUM(E8:E20) -> 18026094 | F21: =SUM(F8:F20) -> -90692.44 | G21: =SUM(G8:G20) -> 2598038.1 | H21: =SUM(H8:H20) -> 4875046.1 | I21: =SUM(I8:I20) -> -4936639 | J21: =SUM(J8:J20) -> -69336.805 | ... L21: =SUM(L8:L20) -> 2966560.6
C22: Percentual da Receita Realizada em relação a Prevista: | D22: =D21/C21 -> 0.33909024 | F22: Verificação: | G22: Cálculo: | I22: RECURSOS: | J22: ASPS | K22: LIVRE | L22: Total Geral:
C23: % da Despesa liquidada sobre a Receita realizada do FUNDEB | D23: =C27/D20 -> 1.1832162 | F23: Total da MDE | G23: =I33+J33 -> 12863655 | I23: DESPESA | J23: =D27 -> 7431248.8 | L23: =SUM(J23:K23) -> 7431248.8
F24: (-) Plus Fundeb | G24: =D20+I21 -> 4860079.7 | I24: ( - ) 3.1.91.13.20 | L24: =SUM(J24:K24) -> 0
A25: DESPESA | B25: MDE | C25: FUNDEB | D25: ASPS | F25: (-)Rend. da MDE | G25: =B34 -> 1330.71 | I25: ( - ) 3.3.91.08 | J25: 89760.63 | L25: =SUM(J25:K25) -> 89760.63
A26: EMPENHADO | B26: 1272018.5 | C26: 11591640 | D26: 8027817.9 | F26: (-)Rend. do FUNDEB | G26: =C34 -> 60431.18 | I26: ( - ) Rendimento | J26: =D34 -> 3099.27 | L26: =SUM(J26:K26) -> 3099.27
A27: LIQUIDADO | B27: 1120465.3 | C27: 11591637 | D27: 7431248.8 | F27: (-) 3.3.91.08 | G27: =SUM(I34:J35) -> 148097.44 | I27: ( = ) TOTAIS: | J27: =J23-SUM(J24:J26) -> 7338388.8 | K27: =K23-SUM(K24:K26) -> 0 | L27: =L23-SUM(L24:L26) -> 7338388.8
A28: PAGO | B28: 960787.51 | C28: 10252158 | D28: 6269095.3 | F28: Valor a aplicado | G28: =G23-SUM(G24:G27) -> 7793716.1 | I28: índice Apurado: | J28: =(J27/(SUM(D8:D19))*100) -> 24.425886 | K28: =(K27/(SUM(D8:D19)))*100 -> 0 | L28: =(L27/(SUM(D8:D19)))*100 -> 24.425886
A29: % Emp. | B29: =B26/SUM(D8:D19) -> 0.042339238 | C29: =C26/D20 -> 1.1832165 | D29: =D26/SUM(D8:D19) -> 0.26720656 | F29: % da Educação | G29: =G28/(SUM(D8:D19)) -> 0.25941447 | J29: 7338388.8
A30: % Liq. + Rep | B30: =(B27-B34)/SUM(D8:D19) -> 0.037250484 | C30: =(C26-C34)/D20 -> 1.177048 | D30: =(D27-D34)/SUM(D8:D19) -> 0.24724655 | F30: APLICAÇÃO: | G30: =G28-(SUM(D8:D19)*0.25) -> 282843.43 | H30: =IF(G30>0," = A MAIOR","= A MENOR") -> = A MAIOR
A31: %pago | B31: =B28/SUM(D8:D19) -> 0.031979889 | C31: =C27/D20 -> 1.1832162 | D31: =D27/SUM(D8:D19) -> 0.24734971 | E31: TOTAIS
A32: a Liquidar | B32: =B26-B27 -> 151553.22 | C32: =C26-C27 -> 3 | D32: =D26-D27 -> 596569.17 | E32: =SUM(B32:D32) -> 748125.39 | H32: RECURSOS: | I32: MDE | J32: FUNDEB | K32: LIVRE | L32: Total Geral:
A33: a Pagar | B33: =B27-B28 -> 159677.77 | C33: =C27-C28 -> 1339478.3 | D33: =D27-D28 -> 1162153.5 | E33: =SUM(B33:D33) -> 2661309.5 | H33: DESPESA | I33: =B26 -> 1272018.5 | J33: =C27 -> 11591637 | K33: =210151.25 -> 210151.25 | L33: =SUM(I33:K33) -> 13073806
A34: RENDIM.: | B34: =1330.71 -> 1330.71 | C34: =60431.18 -> 60431.18 | D34: =3099.27 -> 3099.27 | E34: =SUM(B34:D34) -> 64861.16 | H34: ( - ) 3.1.91.13.20 | L34: =SUM(I34:K34) -> 0
A35: Mínimo Anual de 70% do FUNDEB na Remuneração do Magistério | E35: =(J33-(J34+J35+J37))/D20 -> 1.1627222 | H35: ( - ) 3.3.91.08 | I35: 7753.92 | J35: 140343.52 | K35: 1243.91 | L35: =SUM(I35:K35) -> 149341.35
A36: Dedução a Menor para o FUNDEB no ICMS em R$ 23.804,38 | H36: ( - ) Plus do FUNDEB | J36: =D20+I21 -> 4860079.7 | L36: =SUM(I36:K36) -> 4860079.7
A37: Instrução Normativa TCE/RS nº 18/2020 - índices da Saúde e do Ensino. | H37: ( - ) Rendimento | I37: =B34 -> 1330.71 | J37: =C34 -> 60431.18 | L37: =SUM(I37:K37) -> 61761.89
H38: ( = ) TOTAIS: | I38: =I33-SUM(I34:I37) -> 1262933.9 | J38: =J33-SUM(J34:J37) -> 6530782.2 | K38: =K33-SUM(K34:K37) -> 208907.34 | L38: =L33-SUM(L34:L37) -> 8002623.5
H39: Índice Apurado: | I39: =(I38/(SUM(D8:D19)))*100 -> 4.2036855 | J39: =(J38/(SUM(D8:D19)))*100 -> 21.737761 | K39: =(K38/(SUM(D8:D19))*100) -> 0.69534976 | L39: =(L38/(SUM(D8:D19)))*100 -> 26.636796
I40: =I39/L39 -> 0.15781498 | J40: =J39/L39 -> 0.81608016 | K40: =K39/L39 -> 0.026104857
A43: Giovani Amestoy da Silva | D43: Ihoko Nakashima Mota | G43: Arlei Lopes Souza
A44: Prefeito Municipal | D44: Secret. de Município da Fazenda | G44: Contador - CRC/RS: 068452/O-6

Sheet DespSEDUC
A3: Data Base: | B3: 44681
C4: 09 SECRETARIA DE MUNIC. DA EDUCACAO
C5: 09.01 ENSINO FUNDAMENTAL | E5: 09.02 ENSINO INFANTIL PRE-ESCOLA | H5: 09.03 ENSINO INFANTIL - CRECHE | J5: 09.05 ENSINO ESPECIAL | M5: 09.07 ENSINO JOVENS E ADULTOS - EJA
J6: 2.021 - 367
A9: Atividades: | B9: Dotações: | C9: Emp | D9: Líq | E9: Pgtos | F9: Saldo Dotações: | G9: Atividades: | H9: Dotações: | I9: Emp | J9: Líq | K9: Pgtos | L9: Saldo Dotações:
A10: 70% - 361 - 2.013 | B10: 16792392 | C10: 6204166.5 | D10: 6204166.5 | E10: 5472454.5 | F10: =B10-C10 -> 10588226 | G10: 30% - 361 - 2.014 | H10: 1708531.1 | I10: 1622321.4 | J10: 1622321.4 | K10: 1423669.9 | L10: =H10-I10 -> 86209.74
A11: 70% - PRE - 2.015 | B11: 3279578.6 | C11: 906356.56 | D11: 906356.56 | E11: 814226.27 | F11: =B11-C11 -> 2373222 | G11: 30% PRE 2.016 | H11: 1009065.4 | I11: 926866.65 | J11: 926866.65 | K11: 805943.72 | L11: =H11-I11 -> 82198.76
A12: 70% CRECHE 2.017 | B12: 2656709.6 | C12: 745251.1 | D12: 745251.1 | E12: 671993.4 | F12: =B12-C12 -> 1911458.5 | G12: 30% CRECHE 2.018 | H12: 461454.28 | I12: 436156.46 | J12: 436156.46 | K12: 389827.68 | L12: =H12-I12 -> 25297.82
A13: 70% Especial 2.021 | B13: 1745255.9 | C13: 432532.65 | D13: 432532.65 | E13: 389649.85 | F13: =B13-C13 -> 1312723.2 | G13: 30% EJA 2.023 | H13: 41701.4 | I13: 40914.37 | J13: 40914.37 | K13: 37060.53 | L13: =H13-I13 -> 787.03
A14: 70% EJA 2.022 | B14: 536319.07 | C14: 154137.06 | D14: 154137.06 | E14: 138467.03 | F14: =B14-C14 -> 382182.01 | G14: 2.032 30% Ens Esp. | H14: 127198.79 | I14: 122933.91 | J14: 122933.91 | K14: 108865.41 | L14: =H14-I14 -> 4264.88
A15: SubTotais:01 | B15: =SUM(B10:B14) -> 25010256 | C15: =SUM(C10:C14) -> 8442443.9 | D15: =SUM(D10:D14) -> 8442443.9 | E15: =SUM(E10:E14) -> 7486791.1 | F15: =SUM(F10:F14) -> 16567812 | G15: SubTotais: 03 | H15: =SUM(H10:H14) -> 3347951 | I15: =SUM(I10:I14) -> 3149192.8 | J15: =SUM(J10:J14) -> 3149192.8 | K15: =SUM(K10:K14) -> 2765367.3 | L15: =SUM(L10:L14) -> 198758.23
C17: 60% FUNDEB | D17: =D15 -> 8442443.9 | E17: =D17/E37 -> 0.72832199 | I17: 40% FUNDEB: | J17: =J15 -> 3149192.8 | K17: =J17/E37 -> 0.27167801
A19: 70% - 361 - 2.013 | B19: 1185430.8 | C19: 34712.99 | D19: 34712.99 | E19: 28781.63 | F19: =B19-C19 -> 1150717.8 | G19: 30% - 361 - 2.014 | H19: 4600700.3 | I19: 177598.68 | J19: 177598.68 | K19: 152205.76 | L19: =H19-I19 -> 4423101.7
A20: 70% - PRE - 2.015 | B20: 617959.6 | F20: =B20-C20 -> 617959.6 | G20: 30% PRE 2.016 | H20: 1009065.4 | I20: 926866.65 | J20: 926866.65 | K20: 805943.72 | L20: =H20-I20 -> 82198.76
A21: 70% CRECHE 2.017 | B21: 517613.46 | C21: 23722.28 | D21: 23722.28 | E21: 10089.63 | F21: =B21-C21 -> 493891.18 | G21: 30% CRECHE 2.018 | H21: 1855534.3 | I21: 49937.41 | J21: 49937.41 | K21: 49937.41 | L21: =H21-I21 -> 1805596.9
A22: 70% EJA 2.022 | B22: 93277.52 | F22: =B22-C22 -> 93277.52 | G22: 30%-361-2.023MDE | H22: 127503.81 | I22: 7901.37 | J22: 7901.37 | K22: 7901.37 | L22: =H22-I22 -> 119602.44
A23: Ens.Especial2021 | B23: 310191.01 | F23: =B23-C23 -> 310191.01 | G23: 30%-361 -2.014 Livre | H23: 221861.92 | I23: 86581.54 | J23: 86581.54 | K23: 79476.65 | L23: =H23-I23 -> 135280.38
A24: Ens.Especial2120 | B24: 3070 | F24: =B24-C24 -> 3070 | G24: Ens. Espec 2.032 | H24: 439164.66 | I24: 27988.99 | J24: 27988.99 | K24: 27988.99 | L24: =H24-I24 -> 411175.67
A25: Livre-2.248 | F25: =B25-C25 -> 0 | G25: 30% - 2245 MDE | L25: =H25-I25 -> 0
A26: SubTotais:02 | B26: =SUM(B19:B25) -> 2727542.3 | C26: =SUM(C19:C25) -> 58435.27 | D26: =SUM(D19:D25) -> 58435.27 | E26: =SUM(E19:E25) -> 38871.26 | F26: =SUM(F19:F25) -> 2669107.1 | G26: SubTotais: 04 | H26: =SUM(H19:H25) -> 8253830.5 | I26: =SUM(I19:I24) -> 1276874.6 | J26: =SUM(J19:J24) -> 1276874.6 | K26: =SUM(K19:K24) -> 1123453.9 | L26: =SUM(L19:L24) -> 6976955.8
G27: 2.019MDE30%Gabinet
C28: MDE: 0020 | D28: =D26 -> 58435.27
A31: Descrição: | B31: Matrículas | C31: Proporção | D31: MDE e FUNDEB | E31: FUNDEB: Liquidada | F31: MDE+Livre: Liquidada | H31: Descrição: | I31: Emp | J31: Líq | K31: Pgtos
A32: Fundamental | B32: 2221 | C32: =B32/B37 -> 0.58217562 | D32: =C32*J34 -> 7525753.2 | E32: =D10+J10 -> 7826487.9 | F32: =D32-E32 -> -300734.73 | H32: Fundeb: | I32: =C15+I15 -> 11591637 | J32: =D15+J15 -> 11591637 | K32: =E15+K15 -> 10252158
A33: Pré | B33: 648 | C33: =B33/B37 -> 0.16985583 | D33: =C33*J34 -> 2195717.3 | E33: =D11+J11 -> 1833223.2 | F33: =D33-E33 -> 362494.06 | H33: MDE: | I33: =C26+I26 -> 1335309.9 | J33: =D26+J26 -> 1335309.9 | K33: =E26+K26 -> 1162325.2
A34: Creche | B34: 480 | C34: =B34/B37 -> 0.12581913 | D34: =C34*J34 -> 1626457.2 | E34: =D12+J12 -> 1181407.6 | F34: =D34-E34 -> 445049.68 | H34: Total Geral: | I34: =I32+I33 -> 12926947 | J34: =J32+J33 -> 12926947 | K34: =K32+K33 -> 11414484
A35: EJA | B35: 143 | C35: =B35/B37 -> 0.037483617 | D35: =C35*J34 -> 484548.72 | E35: =D13+J13 -> 473447.02 | F35: =D35-E35 -> 11101.698
A36: Especial | B36: 323 | C36: =B36/B37 -> 0.084665793 | D36: =C36*J34 -> 1094470.2 | E36: =D14+J14 -> 277070.97 | F36: =D36-E36 -> 817399.21
A37: Fonte SIOPE | B37: =SUM(B32:B36) -> 3815 | C37: =SUM(C32:C36) -> 1 | D37: =SUM(D32:D36) -> 12926947 | E37: =SUM(E32:E36) -> 11591637 | F37: =SUM(F32:F36) -> 1335309.9
D38: =SUM(E38:F38) -> 1 | E38: =E37/D37 -> 0.89670338 | F38: =F37/D37 -> 0.10329662
G39: Despesa Liquidada: | H39: Percentual s/ Total
A40: Repasses FUNDEB | B40: =Míni!D20 -> 9796718.7 | C40: =D17/B40 -> 0.86176241 | D40: 70,00% para as aplicaçoes mínimas no FUNDEB | G40: =D17 -> 8442443.9 | H40: =E17 -> 0.72832199
C41: =J17/B40 -> 0.32145383 | D41: 30,00% para as aplicaçoes maximas no FUNDEB | G41: =J17 -> 3149192.8 | H41: =K17 -> 0.27167801
C42: =SUM(C40:C41) -> 1.1832162 | F42: Total Liquidado do FUNDEB: | G42: =SUM(G40:G41) -> 11591637 | H42: =SUM(H40:H41) -> 1
A49: Giovani Amestoy da Silva | E49: Ihoko Nakashima Mota | J49: Arlei Lopes Souza
A50: Prefeito Municipal | E50: Secret. de Município da Fazenda | J50: Contador - CRC/RS: 068452/O-6

Sheet Emp
A1: Estado do Rio Grande do Sul - Prefeitura Municipal de Cacapava do Sul
A2: Disponibilidade Financeira do Recurso Vinculado - Abril de 2022
A4: Unidade Gestora: | C4: CONSOLIDADO
D6: Saldo Inicial Vinc. em C/C Bancária | E6: Receita Realizada no Exercício | F6: Transferências Recebidas | G6: Total do Recurso Vinculado | H6: Empenhos Orçam. Efetuados | I6: Empenhos Restos em 31/12/2021 | J6: Total Empenhado | K6: Transferências Devolvidas | L6: Saldo P/Utilização Recurso Vinculado
A7: Fonte de Recursos
A8: 1 | B8: Recurso Livre - Administração Direta Municipal | D8: 7.665.003,08 | E8: 19.413.429,14 | F8: 1.579.397,12 | G8: 28.657.829,34 | H8: 17.950.997,09 | I8: 13.359.414,75 | J8: 31.310.411,84 | K8: 1.579.397,12 | L8: -4.231.979,62
A9: 20 | B9: MDE - Manutenção e Desenvolvimento Ensino | D9: 18.946,10 | E9: 2.597.907,88 | F9: 0,00 | G9: 2.616.853,98 | H9: 1.272.018,50 | I9: 4.958.504,05 | J9: 6.230.522,55 | K9: 0,00 | L9: -3.613.668,57
A10: 30 | B10: FUNDEF | D10: 0,00 | E10: 0,00 | F10: 0,00 | G10: 0,00 | H10: 0,00 | I10: 57,84 | J10: 57,84 | K10: 0,00 | L10: -57,84
A11: 31 | B11: FUNDEB (a partir de 01/01/2007 - Instituído pela EC n° 53/2006) | D11: 1.604.648,06 | E11: 9.857.149,89 | F11: 0,00 | G11: 11.461.797,95 | H11: 11.591.636,66 | I11: 1.086.790,02 | J11: 12.678.426,68 | K11: 0,00 | L11: -1.216.628,73
A12: 40 | B12: ASPS - Ações de Serviços Públicos de Saúde | D12: 430.232,87 | E12: 4.504.174,92 | F12: 0,00 | G12: 4.934.407,79 | H12: 8.027.817,92 | I12: 5.770.172,40 | J12: 13.797.990,32 | K12: 0,00 | L12: -8.863.582,53
A13: 50 | B13: RPPS (instituído como FUNDO dentro da Administração Direta) | D13: 40.962.798,23 | E13: 12.449.529,82 | F13: 0,00 | G13: 53.412.328,05 | H13: 8.796.740,01 | I13: 44.620,01 | J13: 8.841.360,02 | K13: 0,00 | L13: 44.570.968,03
A14: 900 | B14: COVID-19 | D14: 4,50 | E14: 0,00 | F14: 0,00 | G14: 4,50 | H14: 0,00 | I14: 0,00 | J14: 0,00 | K14: 0,00 | L14: 4,50
A15: 1022 | B15: PROGRAMA NACIONAL DE ALIMENTACAO ESCOLAR PNAE/FNDE. | D15: 105.438,31 | E15: 90.780,03 | F15: 0,00 | G15: 196.218,34 | H15: 43.839,54 | I15: 0,00 | J15: 43.839,54 | K15: 0,00 | L15: 152.378,80
A16: 1023 | B16: SALARIO EDUCACAO | D16: 1.412.415,94 | E16: 736.031,00 | F16: 0,00 | G16: 2.148.446,94 | H16: 354.818,13 | I16: 31.906,39 | J16: 386.724,52 | K16: 0,00 | L16: 1.761.722,42
A17: 1024 | B17: TRANSPORTE ESCOLAR | D17: 259.261,06 | E17: 31.094,93 | F17: 0,00 | G17: 290.355,99 | H17: 276.298,88 | I17: 20.099,78 | J17: 296.398,66 | K17: 0,00 | L17: -6.042,67
A18: 1025 | B18: CONVENIO UNIAO FUNDACAO NACIONAL DE DESENVOLVIMENTO DA EDUCACAO - FNDE | D18: 1.260.117,14 | E18: 34.003,89 | F18: 0,00 | G18: 1.294.121,03 | H18: 188.990,47 | I18: 0,00 | J18: 188.990,47 | K18: 0,00 | L18: 1.105.130,56
A19: 1026 | B19: Recursos do PEATE/RS | D19: 544.140,11 | E19: 584.995,37 | F19: 0,00 | G19: 1.129.135,48 | H19: 708.957,11 | I19: 265.688,32 | J19: 974.645,43 | K19: 0,00 | L19: 154.490,05
... A86: 8050 | B86: RECURSO EXTRAORÇAMENTÁRIO DO RPPS | D86: 822.088,43 | E86: 0,00 | F86: 0,00 | G86: 822.088,43 | H86: 0,00 | I86: 0,00 | J86: 0,00 | K86: 0,00 | L86: 822.088,43
A88: Total Geral: | D88: 62.432.940,88 | E88: 55.793.265,70 | F88: 1.579.397,12 | G88: 119.805.603,70 | H88: 55.310.851,46 | I88: 28.481.864,46 | J88: 83.792.715,92 | K88: 1.579.397,12 | L88: 34.433.490,66

Sheet Liquid
A1: Estado do Rio Grande do Sul - Prefeitura Municipal de Cacapava do Sul
A2: Disponibilidade Financeira do Recurso Vinculado - Abril de 2022
A4: Unidade Gestora: | C4: CONSOLIDADO
D6: Saldo Inicial Vinc. em C/C Bancária | E6: Receita Realizada no Exercício | F6: Transferências Recebidas | G6: Total do Recurso Vinculado | H6: Liquidações Orçam. Efetuados | I6: Liquidações de Restos Efetuadas | J6: Total das Liquidações | K6: Transferências Devolvidas | L6: Saldo P/Utilização Recurso Vinculado
A7: Fonte de Recursos
A8: 1 | B8: Recurso Livre - Administração Direta Municipal | D8: 7.665.003,08 | E8: 19.413.429,14 | F8: 1.579.397,12 | G8: 28.657.829,34 | H8: 14.517.243,54 | I8: 111.769,38 | J8: 14.629.012,92 | K8: 1.579.397,12 | L8: 12.449.419,30
A9: 20 | B9: MDE - Manutenção e Desenvolvimento Ensino | D9: 18.946,10 | E9: 2.597.907,88 | F9: 0,00 | G9: 2.616.853,98 | H9: 1.120.465,28 | I9: 421.920,69 | J9: 1.542.385,97 | K9: 0,00 | L9: 1.074.468,01
A10: 31 | B10: FUNDEB (a partir de 01/01/2007 - Instituído pela EC n° 53/2006) | D10: 1.604.648,06 | E10: 9.857.149,89 | F10: 0,00 | G10: 11.461.797,95 | H10: 11.591.636,66 | I10: 0,00 | J10: 11.591.636,66 | K10: 0,00 | L10: -129.838,71
A11: 40 | B11: ASPS - Ações de Serviços Públicos de Saúde | D11: 430.232,87 | E11: 4.504.174,92 | F11: 0,00 | G11: 4.934.407,79 | H11: 7.431.248,75 | I11: -1.932,65 | J11: 7.429.316,10 | K11: 0,00 | L11: -2.494.908,31
A12: 50 | B12: RPPS (instituído como FUNDO dentro da Administração Direta) | D12: 40.962.798,23 | E12: 12.449.529,82 | F12: 0,00 | G12: 53.412.328,05 | H12: 8.789.012,89 | I12: 9.800,00 | J12: 8.798.812,89 | K12: 0,00 | L12: 44.613.515,16
A13: 900 | B13: COVID-19 | D13: 4,50 | E13: 0,00 | F13: 0,00 | G13: 4,50 | H13: 0,00 | I13: 0,00 | J13: 0,00 | K13: 0,00 | L13: 4,50
A14: 1022 | B14: PROGRAMA NACIONAL DE ALIMENTACAO ESCOLAR PNAE/FNDE. | D14: 105.438,31 | E14: 90.780,03 | F14: 0,00 | G14: 196.218,34 | H14: 0,00 | I14: 0,00 | J14: 0,00 | K14: 0,00 | L14: 196.218,34
A15: 1023 | B15: SALARIO EDUCACAO | D15: 1.412.415,94 | E15: 736.031,00 | F15: 0,00 | G15: 2.148.446,94 | H15: 206.422,48 | I15: 0,00 | J15: 206.422,48 | K15: 0,00 | L15: 1.942.024,46
A16: 1024 | B16: TRANSPORTE ESCOLAR | D16: 259.261,06 | E16: 31.094,93 | F16: 0,00 | G16: 290.355,99 | H16: 192.639,18 | I16: 0,00 | J16: 192.639,18 | K16: 0,00 | L16: 97.716,81
A17: 1025 | B17: CONVENIO UNIAO FUNDACAO NACIONAL DE DESENVOLVIMENTO DA EDUCACAO - FNDE | D17: 1.260.117,14 | E17: 34.003,89 | F17: 0,00 | G17: 1.294.121,03 | H17: 188.990,47 | I17: 0,00 | J17: 188.990,47 | K17: 0,00 | L17: 1.105.130,56
A18: 1026 | B18: Recursos do PEATE/RS | D18: 544.140,11 | E18: 584.995,37 | F18: 0,00 | G18: 1.129.135,48 | H18: 393.737,44 | I18: 0,00 | J18: 393.737,44 | K18: 0,00 | L18: 735.398,04
A19: 1031 | B19: RECURSOS CREDITO EDUCATIVO FUNCRED | D19: 13.981,08 | E19: 361,01 | F19: 0,00 | G19: 14.342,09 | H19: 0,00 | I19: 0,00 | J19: 0,00 | K19: 0,00 | L19: 14.342,09
... A80: 8050 | B80: RECURSO EXTRAORÇAMENTÁRIO DO RPPS | D80: 822.088,43 | E80: 0,00 | F80: 0,00 | G80: 822.088,43 | H80: 0,00 | I80: 0,00 | J80: 0,00 | K80: 0,00 | L80: 822.088,43
A82: Total Geral: | D82: 62.432.940,88 | E82: 55.793.265,70 | F82: 1.579.397,12 | G82: 119.805.603,70 | H82: 48.032.222,04 | I82: 707.330,47 | J82: 48.739.552,51 | K82: 1.579.397,12 | L82: 69.486.654,07

Sheet Pgtos
A1: Estado do Rio Grande do Sul - Prefeitura Municipal de Cacapava do Sul
A2: Disponibilidade Financeira do Recurso Vinculado - Abril de 2022
A4: Unidade Gestora: | C4: CONSOLIDADO
D6: Saldo Inicial Vinc. em C/C Bancária | E6: Receita Realizada no Exercício | F6: Transferências Recebidas | G6: Total do Recurso Vinculado | H6: Pagamentos Orçam. Efetuados | I6: Pagamentos de Restos Efetuados | J6: Total dos Pagamentos | K6: Transferências Devolvidas | L6: Saldo P/Utilização Recurso Vinculado
A7: Fonte de Recursos
A8: 1 | B8: Recurso Livre - Administração Direta Municipal | D8: 7.665.003,08 | E8: 19.413.429,14 | F8: 1.579.397,12 | G8: 28.657.829,34 | H8: 12.597.613,04 | I8: 2.492.452,22 | J8: 15.090.065,26 | K8: 1.579.397,12 | L8: 11.988.366,96
A9: 20 | B9: MDE - Manutenção e Desenvolvimento Ensino | D9: 18.946,10 | E9: 2.597.907,88 | F9: 0,00 | G9: 2.616.853,98 | H9: 960.787,51 | I9: 1.142.285,48 | J9: 2.103.072,99 | K9: 0,00 | L9: 513.780,99
A10: 31 | B10: FUNDEB (a partir de 01/01/2007 - Instituído pela EC n° 53/2006) | D10: 1.604.648,06 | E10: 9.857.149,89 | F10: 0,00 | G10: 11.461.797,95 | H10: 10.252.158,36 | I10: 516.833,75 | J10: 10.768.992,11 | K10: 0,00 | L10: 692.805,84
A11: 40 | B11: ASPS - Ações de Serviços Públicos de Saúde | D11: 430.232,87 | E11: 4.504.174,92 | F11: 0,00 | G11: 4.934.407,79 | H11: 6.269.095,29 | I11: 1.024.572,22 | J11: 7.293.667,51 | K11: 0,00 | L11: -2.359.259,72
A12: 50 | B12: RPPS (instituído como FUNDO dentro da Administração Direta) | D12: 40.962.798,23 | E12: 12.449.529,82 | F12: 0,00 | G12: 53.412.328,05 | H12: 8.783.251,12 | I12: 1.096,22 | J12: 8.784.347,34 | K12: 0,00 | L12: 44.627.980,71
A13: 900 | B13: COVID-19 | D13: 4,50 | E13: 0,00 | F13: 0,00 | G13: 4,50 | H13: 0,00 | I13: 0,00 | J13: 0,00 | K13: 0,00 | L13: 4,50
A14: 1022 | B14: PROGRAMA NACIONAL DE ALIMENTACAO ESCOLAR PNAE/FNDE. | D14: 105.438,31 | E14: 90.780,03 | F14: 0,00 | G14: 196.218,34 | H14: 0,00 | I14: 0,00 | J14: 0,00 | K14: 0,00 | L14: 196.218,34
A15: 1023 | B15: SALARIO EDUCACAO | D15: 1.412.415,94 | E15: 736.031,00 | F15: 0,00 | G15: 2.148.446,94 | H15: 178.033,94 | I15: 27.925,49 | J15: 205.959,43 | K15: 0,00 | L15: 1.942.487,51
A16: 1024 | B16: TRANSPORTE ESCOLAR | D16: 259.261,06 | E16: 31.094,93 | F16: 0,00 | G16: 290.355,99 | H16: 192.639,18 | I16: 20.099,78 | J16: 212.738,96 | K16: 0,00 | L16: 77.617,03
A17: 1025 | B17: CONVENIO UNIAO FUNDACAO NACIONAL DE DESENVOLVIMENTO DA EDUCACAO - FNDE | D17: 1.260.117,14 | E17: 34.003,89 | F17: 0,00 | G17: 1.294.121,03 | H17: 188.990,47 | I17: 0,00 | J17: 188.990,47 | K17: 0,00 | L17: 1.105.130,56
A18: 1026 | B18: Recursos do PEATE/RS | D18: 544.140,11 | E18: 584.995,37 | F18: 0,00 | G18: 1.129.135,48 | H18: 393.737,44 | I18: 264.938,32 | J18: 658.675,76 | K18: 0,00 | L18: 470.459,72
A19: 1031 | B19: RECURSOS CREDITO EDUCATIVO FUNCRED | D19: 13.981,08 | E19: 361,01 | F19: 0,00 | G19: 14.342,09 | H19: 0,00 | I19: 0,00 | J19: 0,00 | K19: 0,00 | L19: 14.342,09
... A80: 8050 | B80: RECURSO EXTRAORÇAMENTÁRIO DO RPPS | D80: 822.088,43 | E80: 0,00 | F80: 0,00 | G80: 822.088,43 | H80: 0,00 | I80: 0,00 | J80: 0,00 | K80: 0,00 | L80: 822.088,43
A82: Total Geral: | D82: 62.432.940,88 | E82: 55.793.265,70 | F82: 1.579.397,12 | G82: 119.805.603,70 | H82: 43.048.470,62 | I82: 6.520.001,17 | J82: 49.568.471,79 | K82: 1.579.397,12 | L82: 68.657.734,79

Sheet Bal_Orç
A1: Prefeitura Municipal de Cacapava do Sul-RS | S1: Página 1 de 3
A2: Relatório Resumido da Execução Orçamentária
A3: Balanço Orçamentário
A4: Orçamento Fiscal e da Seguridade Socials
A5: Janeiro a Abril 2022/Bimestre Março-Abril
A7: RREO - Anexo 1 (LRF, Art. 52, inciso I, alineas "a" e "b" do inciso II e §1º) | Q7: R$ 1,00
A8: RECEITAS | B8: PREVISÃO INICIAL | D8: PREVISÃO ATUALIZADA (a) | E8: RECEITAS REALIZADAS | O8: SALDO (a-c)
E9: No Bimestre (b) | F9: % (b/a) | I9: Até o Bimestre (c) | M9: % (c/a)
A10: RECEITAS (EXCETO INTRA-ORÇAMENTÁRIAS) (I) | B10: 148.475.673,85 | D10: 149.021.186,91 | E10: 23.438.179,79 | F10: 15,73 | I10: 45.719.759,25 | M10: 30,68 | O10: 103.301.427,66
A11: RECEITAS CORRENTES | B11: 141.631.504,86 | D11: 142.177.017,92 | E11: 22.631.532,78 | F11: 15,92 | I11: 44.894.679,04 | M11: 31,58 | O11: 97.282.338,88
A12: IMPOSTOS, TAXAS E CONTRIBUIÇÕES DE MELHORIA | B12: 18.205.576,49 | D12: 18.205.576,49 | E12: 2.670.231,98 | F12: 14,67 | I12: 5.853.561,70 | M12: 32,15 | O12: 12.352.014,79
A13: Impostos | B13: 14.575.490,45 | D13: 14.575.490,45 | E13: 2.435.695,61 | F13: 16,71 | I13: 5.479.317,66 | M13: 37,59 | O13: 9.096.172,79
A14: Taxas | B14: 1.587.992,34 | D14: 1.587.992,34 | E14: 234.536,37 | F14: 14,77 | I14: 374.244,00 | M14: 23,57 | O14: 1.213.748,34
A15: Contribuição de Melhoria | B15: 2.042.093,70 | D15: 2.042.093,70 | E15: - | F15: - | I15: 0,04 | M15: - | O15: 2.042.093,66
A16: CONTRIBUIÇÕES | B16: 8.138.213,42 | D16: 8.138.213,42 | E16: 1.609.488,35 | F16: 19,78 | I16: 2.827.330,82 | M16: 34,74 | O16: 5.310.882,60
A17: Contribuições Sociais | B17: 6.974.325,00 | D17: 6.974.325,00 | E17: 1.368.160,87 | F17: 19,62 | I17: 2.372.256,62 | M17: 34,01 | O17: 4.602.068,38
A18: Contribuição para o Custeio do Serviço de Iluminação Pública | B18: 1.163.888,42 | D18: 1.163.888,42 | E18: 241.327,48 | F18: 20,73 | I18: 455.074,20 | M18: 39,10 | O18: 708.814,22
A19: RECEITA PATRIMONIAL | B19: 5.094.630,65 | D19: 5.094.630,65 | E19: 1.186.328,59 | F19: 23,29 | I19: 1.568.044,48 | M19: 30,78 | O19: 3.526.586,17
A20: Exploração do Patrimônio Imobiliário do Estado | B20: 24.672,38 | D20: 24.672,38 | E20: 5.918,83 | F20: 23,99 | I20: 11.172,47 | M20: 45,28 | O20: 13.499,91
A21: Valores Mobiliários | B21: 5.069.958,27 | D21: 5.069.958,27 | E21: 1.180.409,76 | F21: 23,28 | I21: 1.556.872,01 | M21: 30,71 | O21: 3.513.086,26
... A46: TOTAL DAS RECEITAS (V) = (III + IV) | B46: 180.207.504,88 | D46: 180.753.017,94 | E46: 29.346.708,22 | F46: 16,28 | I46: 55.793.265,70 | M46: 30,96 | O46: 124.959.752,24
A47: FONTE: GOVBR - Responsabilidade Fiscal, SECRETARIA DE MUNICÍPIO DA FAZENDA, 18/Mai/2022, 14h e 23m.
A49: Prefeitura Municipal de Cacapava do Sul-RS | S49: Página 2 de 3
A50: Relatório Resumido da Execução Orçamentária
A51: Balanço Orçamentário
A52: Orçamento Fiscal e da Seguridade Socials
A53: Janeiro a Abril 2022/Bimestre Março-Abril
A55: RREO - Anexo 1 (LRF, Art. 52, inciso I, alineas "a" e "b" do inciso II e §1º) | Q55: R$ 1,00
A56: RECEITAS | B56: PREVISÃO INICIAL | D56: PREVISÃO ATUALIZADA (a) | E56: RECEITAS REALIZADAS | O56: SALDO (a-c)
E57: No Bimestre (b) | F57: % (b/a) | I57: Até o Bimestre (c) | M57: % (c/a)
A58: DÉFICIT (VI) | B58: - | D58: - | E58: - | F58: - | I58: - | M58: - | O58: -
A59: TOTAL COM DÉFICIT (VII) = (V + VI) | B59: 180.207.504,88 | D59: 180.753.017,94 | E59: 29.346.708,22 | F59: 16,28 | I59: 55.793.265,70 | M59: 30,96 | O59: -
A60: SALDOS DE EXERCÍCIOS ANTERIORES | B60: - | D60: 2.238.985,54 | E60: - | F60: - | I60: 2.238.985,54 | M60: - | O60: -
A61: Recursos Arrecadados em Exercícios Anteriores - RPPS | B61: - | D61: - | E61: - | F61: - | I61: - | M61: - | O61: -
A62: Superávit Financeiro Utilizado para Créditos Adicionais | B62: - | D62: 2.238.985,54 | E62: - | F62: - | I62: 2.238.985,54 | M62: - | O62: -
A64: DESPESAS | B64: DOTAÇÃO INICIAL (d) | D64: DOTAÇÃO ATUALIZADA (e) | E64: DESPESAS EMPENHADAS | J64: SALDO (g)=(e-f) | L64: DESPESAS LIQUIDADAS | P64: SALDO (i)=(e-h) | Q64: DESPESAS PAGAS ATÉ O BIMESTRE (j) | R64: INSCRITAS EM RESTOS A PAGAR NÃO PROCESSADOS (k)
E65: No Bimestre | F65: Até o Bimestre (f) | L65: No Bimestre | O65: Até o Bimestre (h)
A66: DESPESAS (EXCETO INTRAORÇAMENTÁRIAS) (VIII) | B66: 134.785.727,71 | D66: 138.166.136,71 | E66: 19.903.943,92 | F66: 44.896.808,42 | J66: 93.269.328,29 | L66: 20.537.031,61 | O66: 37.618.179,00 | P66: 100.547.957,71 | Q66: 35.322.546,58 | R66: -
A67: DESPESAS CORRENTES | B67: 124.519.989,17 | D67: 126.259.090,46 | E67: 19.630.520,17 | F67: 44.542.903,92 | J67: 81.716.186,54 | L67: 20.322.065,25 | O67: 37.341.437,49 | P67: 88.917.652,97 | Q67: 35.108.336,93 | R67: -
A68: PESSOAL E ENCARGOS SOCIAIS | B68: 90.210.130,70 | D68: 90.072.963,85 | E68: 14.770.117,97 | F68: 27.912.670,78 | J68: 62.160.293,07 | L68: 14.671.525,97 | O68: 27.800.818,38 | P68: 62.272.145,47 | Q68: 27.365.910,05 | R68: -
A69: JUROS E ENCARGOS DA DÍVIDA | B69: 608.240,00 | D69: 631.898,73 | E69: 10.160,72 | F69: 10.160,72 | J69: 621.738,01 | L69: 10.160,72 | O69: 10.160,72 | P69: 621.738,01 | Q69: 10.160,72 | R69: -
A70: OUTRAS DESPESAS CORRENTES | B70: 33.701.618,47 | D70: 35.554.227,88 | E70: 4.850.241,48 | F70: 16.620.072,42 | J70: 18.934.155,46 | L70: 5.640.378,56 | O70: 9.530.458,39 | P70: 26.023.769,49 | Q70: 7.732.266,16 | R70: -
A71: DESPESAS DE CAPITAL | B71: 10.265.028,69 | D71: 11.906.336,40 | E71: 273.423,75 | F71: 353.904,50 | J71: 11.552.431,90 | L71: 214.966,36 | O71: 276.741,51 | P71: 11.629.594,89 | Q71: 214.209,65 | R71: -
A72: INVESTIMENTOS | B72: 10.263.193,69 | D72: 11.904.801,40 | E72: 273.423,75 | F72: 353.904,50 | J72: 11.550.896,90 | L72: 214.966,36 | O72: 276.741,51 | P72: 11.628.059,89 | Q72: 214.209,65 | R72: -
A73: INVERSÕES FINANCEIRAS | B73: 283 | D73: 283 | E73: - | F73: - | J73: 283 | L73: - | O73: - | P73: 283 | Q73: - | R73: -
A74: AMORTIZAÇÃO DA DÍVIDA | B74: 1.552,00 | D74: 1.252,00 | E74: - | F74: - | J74: 1.252,00 | L74: - | O74: - | P74: 1.252,00 | Q74: - | R74: -
A75: RESERVA DE CONTINGÊNCIA | B75: 709.85 | D75: 709.85 | E75: - | F75: - | J75: 709.85 | L75: - | O75: - | P75: 709.85 | Q75: - | R75: -
A76: DESPESAS (INTRAORÇAMENTÁRIAS) (IX) | B76: 31.912.416,76 | D76: 32.059.530,91 | E76: 5.520.418,62 | F76: 10.414.043,04 | J76: 21.645.487,87 | L76: 5.520.418,62 | O76: 10.414.043,04 | P76: 21.645.487,87 | Q76: 7.725.924,04 | R76: -
A77: SUBTOTAL DAS DESPESAS (X) = (VIII + IX) | B77: 166.698.144,47 | D77: 170.225.667,62 | E77: 25.424.362,54 | F77: 55.310.851,46 | J77: 114.914.816,16 | L77: 26.057.450,23 | O77: 48.032.222,04 | P77: 122.193.445,58 | Q77: 43.048.470,62 | R77: -
A78: AMORTIZAÇÃO DA DÍV. / REFINANCIAMENTO (XI) | B78: - | D78: - | E78: - | F78: - | J78: - | L78: - | O78: - | P78: - | Q78: - | R78: -
A79: Amortização da Dívida Interna | B79: - | D79: - | E79: - | F79: - | J79: - | L79: - | O79: - | P79: - | Q79: - | R79: -
A80: Amortização da Dívida Externa | B80: - | D80: - | E80: - | F80: - | J80: - | L80: - | O80: - | P80: - | Q80: - | R80: -
A81: TOTAL DAS DESPESAS (XII) = (X + XI) | B81: 166.698.144,47 | D81: 170.225.667,62 | E81: 25.424.362,54 | F81: 55.310.851,46 | J81: 114.914.816,16 | L81: 26.057.450,23 | O81: 48.032.222,04 | P81: 122.193.445,58 | Q81: 43.048.470,62 | R81: -
A82: SUPERÁVIT (XIII) | B82: - | D82: - | E82: - | F82: 482.414,24 | J82: - | L82: - | O82: 7.761.043,66 | P82: - | Q82: 12.744.795,08 | R82: -
A83: TOTAL COM SUPERÁVIT (XIV) = (XII + XIII) | B83: 166.698.144,47 | D83: 170.225.667,62 | E83: 25.424.362,54 | F83: 55.793.265,70 | J83: - | L83: 26.057.450,23 | O83: 55.793.265,70 | P83: 122.193.445,58 | Q83: 55.793.265,70 | R83: -
A84: RESERVA DO RPPS | B84: 13.509.360,41 | D84: 13.509.360,41 | E84: - | F84: - | J84: 13.509.360,41 | L84: - | O84: - | P84: 13.509.360,41 | Q84: - | R84: -
A86: RECEITAS INTRAORÇAMENTÁRIAS | B86: PREVISÃO INICIAL | D86: PREVISÃO ATUALIZADA (a) | E86: RECEITAS REALIZADAS | L86: SALDO (a-c)
E87: No Bimestre (b) | F87: % (b/a) | G87: Até o Bimestre (c) | K87: % (c/a)
A88: RECEITAS (INTRA-ORÇAMENTÁRIAS) (II) | B88: 31.731.831,03 | D88: 31.731.831,03 | E88: 5.908.528,43 | F88: 18,62 | G88: 10.073.506,45 | K88: 31,75 | L88: 21.658.324,58
A89: RECEITAS CORRENTES | B89: 31.731.831,03 | D89: 31.731.831,03 | E89: 5.908.528,43 | F89: 18,62 | G89: 10.073.506,45 | K89: 31,75 | L89: 21.658.324,58
A90: CONTRIBUIÇÕES | B90: 12.154.868,64 | D90: 12.154.868,64 | E90: 2.261.623,68 | F90: 18,61 | G90: 4.070.863,20 | K90: 33,49 | L90: 8.084.005,44
A91: Contribuições Sociais | B91: 12.154.868,64 | D91: 12.154.868,64 | E91: 2.261.623,68 | F91: 18,61 | G91: 4.070.863,20 | K91: 33,49 | L91: 8.084.005,44
A92: OUTRAS RECEITAS CORRENTES | B92: 19.576.962,39 | D92: 19.576.962,39 | E92: 3.646.904,75 | F92: 18,63 | G92: 6.002.643,25 | K92: 30,66 | L92: 13.574.319,14
A93: Demais Receitas Correntes | B93: 19.576.962,39 | D93: 19.576.962,39 | E93: 3.646.904,75 | F93: 18,63 | G93: 6.002.643,25 | K93: 30,66 | L93: 13.574.319,14
A95: FONTE: GOVBR - Responsabilidade Fiscal, SECRETARIA DE MUNICÍPIO DA FAZENDA, 18/Mai/2022, 14h e 23m.
A97: Prefeitura Municipal de Cacapava do Sul-RS | S97: Página 3 de 3
A98: Relatório Resumido da Execução Orçamentária
A99: Balanço Orçamentário
A100: Orçamento Fiscal e da Seguridade Socials
A101: Janeiro a Abril 2022/Bimestre Março-Abril
A103: RREO - Anexo 1 (LRF, Art. 52, inciso I, alineas "a" e "b" do inciso II e §1º) | Q103: R$ 1,00
A104: DESPESAS INTRAORÇAMENTÁRIAS | B104: DOTAÇÃO INICIAL (d) | D104: DOTAÇÃO ATUALIZADA (e) | E104: DESPESAS EMPENHADAS | J104: SALDO (g)=(e-f) | L104: DESPESAS LIQUIDADAS | P104: SALDO (i)=(e-h) | Q104: DESPESAS PAGAS ATÉ O BIMESTRE (j) | R104: INSCRITAS EM RESTOS A PAGAR NÃO PROCESSADOS (k)
E105: No Bimestre | F105: Até o Bimestre (f) | L105: No Bimestre | O105: Até o Bimestre (h)
A106: DESPESAS (INTRAORÇAMENTÁRIAS) (IX) | B106: 31.912.416,76 | D106: 32.059.530,91 | E106: 5.520.418,62 | F106: 10.414.043,04 | J106: 21.645.487,87 | L106: 5.520.418,62 | O106: 10.414.043,04 | P106: 21.645.487,87 | Q106: 7.725.924,04 | R106: -
A107: DESPESAS CORRENTES | B107: 31.912.114,76 | D107: 32.059.528,91 | E107: 5.520.418,62 | F107: 10.414.043,04 | J107: 21.645.485,87 | L107: 5.520.418,62 | O107: 10.414.043,04 | P107: 21.645.485,87 | Q107: 7.725.924,04 | R107: -
A108: PESSOAL E ENCARGOS SOCIAIS | B108: 29.268.591,32 | D108: 29.054.197,67 | E108: 5.170.020,04 | F108: 9.779.423,54 | J108: 19.274.774,13 | L108: 5.170.020,04 | O108: 9.779.423,54 | P108: 19.274.774,13 | Q108: 7.266.384,69 | R108: -
A109: JUROS E ENCARGOS DA DÍVIDA | B109: 301 | D109: 1,00 | E109: - | F109: - | J109: 1,00 | L109: - | O109: - | P109: 1,00 | Q109: - | R109: -
A110: OUTRAS DESPESAS CORRENTES | B110: 2.643.222,44 | D110: 3.005.330,24 | E110: 350.398,58 | F110: 634.619,50 | J110: 2.370.710,74 | L110: 350.398,58 | O110: 634.619,50 | P110: 2.370.710,74 | Q110: 459.539,35 | R110: -
A111: DESPESAS DE CAPITAL | B111: 302 | D111: 2,00 | E111: - | F111: - | J111: 2,00 | L111: - | O111: - | P111: 2,00 | Q111: - | R111: -
A112: AMORTIZAÇÃO DA DÍVIDA | B112: 302 | D112: 2,00 | E112: - | F112: - | J112: 2,00 | L112: - | O112: - | P112: 2,00 | Q112: - | R112: -
A113: 1 O déficit será apurado pela diferença entre a receita realizada e a despesa liquidada nos cinco primeiros bimestres e a despesa empenhada no último bimestre.
A123: FONTE: GOVBR - Responsabilidade Fiscal, SECRETARIA DE MUNICÍPIO DA FAZENDA, 18/Mai/2022, 14h e 23m.

Sheet Funções
A1: Prefeitura Municipal de Cacapava do Sul - RS
A2: Relatório Resumido de Execução Orçamentária
A3: Demonstrativo da Execução das Despesas por Função/Subfunção
A4: Orçamento Fiscal e da Seguridade Social
A5: Janeiro a Abril 2022/Bimestre Março-Abril
A7: RREO - ANEXO 2 (LRF, Art. 52, inciso II, alínea 'c') | L7: R$ 1,00
A8: FUNÇÃO/SUBFUNÇÃO | C8: Dotação | D8: Dotação | E8: Despesas Empenhadas | H8: SALDO | I8: Despesas Liquidadas | L8: Saldo
C9: Inicial | D9: Atualizada | E9: No Bimestre | F9: Até o Bimestre | G9: % | I9: No Bimestre | J9: Até o Bimestre | K9: %
D10: (a) | F10: (b) | G10: (b/total b) | H10: (c)=(a-b) | J10: (d) | K10: (d/Total d) | L10: (e)=(a-d)
A12: DESPESAS(EXCETO INTRAORÇAMENTÁRIAS)(I) | C12: 1.3478573e+08 | D12: 1.3816614e+08 | E12: 19903944 | F12: 44896808 | G12: 81.17 | H12: 93269328 | I12: 20537032 | J12: 37618179 | K12: 78.32 | L12: 1.0054796e+08
A13: Legislativa | C13: 4038528.5 | D13: 4038528.5 | E13: 557376.08 | F13: 1459990.7 | G13: 2.64 | H13: 2578537.8 | I13: 610444.14 | J13: 1208472.5 | K13: 2.52 | L13: 2830056.1
B14: Ação Legislativa | C14: 4038528.5 | D14: 4038528.5 | E14: 557376.08 | F14: 1459990.7 | G14: 2.64 | H14: 2578537.8 | I14: 610444.14 | J14: 1208472.5 | K14: 2.52 | L14: 2830056.1
A15: Essencial à Justiça | C15: 18000 | D15: 18000 | E15: 0 | F15: 0 | G15: 0 | H15: 18000 | I15: 0 | J15: 0 | K15: 0 | L15: 18000
B16: Representação Judicial e Extrajudicial | C16: 18000 | D16: 18000 | E16: 0 | F16: 0 | G16: 0 | H16: 18000 | I16: 0 | J16: 0 | K16: 0 | L16: 18000
A17: Administração | C17: 17954020 | D17: 17795898 | E17: 2945152.4 | F17: 6169114.2 | G17: 11.15 | H17: 11626783 | I17: 2977515.8 | J17: 5671806.3 | K17: 11.81 | L17: 12124091
B18: Planejamento e Orçamento | C18: 101985.48 | D18: 117974.48 | E18: 16486.99 | F18: 44578.4 | G18: 0.08 | H18: 73396.08 | I18: 16140.23 | J18: 25197.12 | K18: 0.05 | L18: 92777.36
B19: Administração Geral | C19: 15635847 | D19: 15430563 | E19: 2556672.8 | F19: 5250984.3 | G19: 9.49 | H19: 10179578 | I19: 2583731.9 | J19: 4933567.5 | K19: 10.27 | L19: 10496995
B20: Administração Financeira | C20: 573492.7 | D20: 612807.7 | E20: 150229.78 | F20: 412538.55 | G20: 0.75 | H20: 200269.15 | I20: 152618.28 | J20: 277431.59 | K20: 0.58 | L20: 335376.11
B21: Controle Interno | C21: 10000 | D21: 10000 | E21: 0 | F21: 0 | G21: 0 | H21: 10000 | I21: 0 | J21: 0 | K21: 0 | L21: 10000
B22: Normatização e Fiscalização | C22: 500 | D22: 500 | E22: 0 | F22: 0 | G22: 0 | H22: 500 | I22: 0 | J22: 0 | K22: 0 | L22: 500
B23: Tecnologia da Informação | C23: 66000 | D23: 66000 | E23: 1040 | F23: 21058.07 | G23: 0.04 | H23: 44941.93 | I23: 6672.69 | J23: 20018.07 | K23: 0.04 | L23: 45981.93
B24: Formação de Recursos Humanos | C24: 29000 | D24: 27001 | E24: 5759.3 | F24: 6359.3 | G24: 0.01 | H24: 20641.7 | I24: 998 | J24: 998 | K24: 0 | L24: 26003
B25: Administração de Receitas | C25: 10500 | D25: 1501 | E25: 0 | F25: 0 | G25: 0 | H25: 1501 | I25: 0 | J25: 0 | K25: 0 | L25: 1501
B26: Comunicação Social | C26: 9000 | D26: 9000 | E26: 0 | F26: 0 | G26: 0 | H26: 9000 | I26: 0 | J26: 0 | K26: 0 | L26: 9000
B27: Previdência Básica | C27: 539989.76 | D27: 539989.76 | E27: 85793.71 | F27: 169660.7 | G27: 0.31 | H27: 370329.06 | I27: 85793.71 | J27: 169660.7 | K27: 0.35 | L27: 370329.06
B28: Previdência Complementar | C28: 10 | D28: 10 | E28: 0 | F28: 0 | G28: 0 | H28: 10 | I28: 0 | J28: 0 | K28: 0 | L28: 10
B29: Proteção e Benefícios ao Trabalhador | C29: 816074.1 | D29: 816074.1 | E29: 128134.64 | F29: 236510.2 | G29: 0.43 | H29: 579563.9 | I29: 114961.92 | J29: 223337.48 | K29: 0.46 | L29: 592736.62
B30: Turismo | C30: 161620.77 | D30: 164476.77 | E30: 1035.22 | F30: 27424.68 | G30: 0.05 | H30: 137052.09 | I30: 16599.07 | J30: 21595.91 | K30: 0.04 | L30: 142880.86
A31: Segurança Pública | C31: 119219.65 | D31: 177482.65 | E31: 20261.66 | F31: 25761.47 | G31: 0.05 | H31: 151721.18 | I31: 12630.67 | J31: 14992.01 | K31: 0.03 | L31: 162490.64
B32: Policiamento | C32: 25793 | D32: 25793 | E32: 0 | F32: 0 | G32: 0 | H32: 25793 | I32: 0 | J32: 0 | K32: 0 | L32: 25793
B33: Defesa Civil | C33: 93425.65 | D33: 151688.65 | E33: 20261.66 | F33: 25761.47 | G33: 0.05 | H33: 125927.18 | I33: 12630.67 | J33: 14992.01 | K33: 0.03 | L33: 136696.64
B34: Proteção e Benefícios ao Trabalhador | C34: 1 | D34: 1 | E34: 0 | F34: 0 | G34: 0 | H34: 1 | I34: 0 | J34: 0 | K34: 0 | L34: 1
A35: Assistência Social | C35: 1567190.2 | D35: 1630750.3 | E35: 120855.3 | F35: 455800.76 | G35: 0.82 | H35: 1174949.6 | I35: 133172.54 | J35: 235369.98 | K35: 0.49 | L35: 1395380.4
B36: Administração Geral | C36: 215412.17 | D36: 218862.17 | E36: 9781.28 | F36: 92935.02 | G36: 0.17 | H36: 125927.15 | I36: 30143.75 | J36: 55588.14 | K36: 0.12 | L36: 163274.03
B37: Assistência ao Idoso | C37: 117626 | D37: 127626 | E37: 9600.08 | F37: 11047.27 | G37: 0.02 | H37: 116578.73 | I37: 7267.2 | J37: 8714.39 | K37: 0.02 | L37: 118911.61
B38: Assistência ao Portador de Deficiência | C38: 77113 | D38: 77113 | E38: 0 | F38: 5016.35 | G38: 0.01 | H38: 72096.65 | I38: 0 | J38: 5016.35 | K38: 0.01 | L38: 72096.65
B39: Assistência à Criança e ao Adolescente | C39: 497407.23 | D39: 554122.23 | E39: 56364.77 | F39: 229870.02 | G39: 0.42 | H39: 324252.21 | I39: 54601.19 | J39: 97957.86 | K39: 0.2 | L39: 456164.37
B40: Assistência Comunitária | C40: 582654.77 | D40: 574049.94 | E40: 37353.77 | F40: 105029.3 | G40: 0.19 | H40: 469020.64 | I40: 38567.4 | J40: 61352.84 | K40: 0.13 | L40: 512697.1
B41: Previdência Básica | C41: 8559.23 | D41: 8559.23 | E41: 0 | F41: 0 | G41: 0 | H41: 8559.23 | I41: 0 | J41: 0 | K41: 0 | L41: 8559.23
B42: Habitação Rural | C42: 68409.77 | D42: 67094.77 | E42: 4496.6 | F42: 8644 | G42: 0.02 | H42: 58450.77 | I42: 544 | J42: 4691.4 | K42: 0.01 | L42: 62403.37
B43: Habitação Urbana | C43: 8 | D43: 3323 | E43: 3258.8 | F43: 3258.8 | G43: 0.01 | H43: 64.2 | I43: 2049 | J43: 2049 | K43: 0 | L43: 1274
A44: Previdência Social | C44: 32386276 | D44: 32386276 | E44: 4584266.8 | F44: 11095915 | G44: 20.06 | H44: 21290361 | I44: 5074779.8 | J44: 9716889.2 | K44: 20.23 | L44: 22669386
B45: Administração Geral | C45: 79998 | D45: 79998 | E45: 13676.66 | F45: 15433.44 | G45: 0.03 | H45: 64564.56 | I45: 7706.32 | J45: 7706.32 | K45: 0.02 | L45: 72291.68
B46: Previdência do Regime Estatutário | C46: 27962675 | D46: 27962675 | E46: 4565025.1 | F46: 8781306.6 | G46: 15.88 | H46: 19181368 | I46: 4565025.1 | J46: 8781306.6 | K46: 18.28 | L46: 19181368
B47: Assistência Hospitalar e Ambulatorial | C47: 4343602.5 | D47: 4343602.5 | E47: 5565 | F47: 2299174.8 | G47: 4.16 | H47: 2044427.7 | I47: 502048.39 | J47: 927876.36 | K47: 1.93 | L47: 3415726.1
A48: Saúde | C48: 23931167 | D48: 24772592 | E48: 4113365.9 | F48: 9521813.3 | G48: 17.22 | H48: 15250779 | I48: 4306359.9 | J48: 8110439 | K48: 16.89 | L48: 16662153
B49: Administração Geral | C49: 4980554.7 | D49: 4998011.9 | E49: 704062.04 | F49: 1811318.7 | G49: 3.27 | H49: 3186693.2 | I49: 865834.62 | J49: 1611179.4 | K49: 3.35 | L49: 3386832.4
B50: Tecnologia da Informação | C50: 205789.7 | D50: 205789.7 | E50: 6103.68 | F50: 8545.12 | G50: 0.02 | H50: 197244.58 | I50: 2441.44 | J50: 4882.88 | K50: 0.01 | L50: 200906.82
B51: Previdência Básica | C51: 142541.38 | D51: 157541.38 | E51: 22078.72 | F51: 52588.4 | G51: 0.1 | H51: 104952.98 | I51: 22078.72 | J51: 52588.4 | K51: 0.11 | L51: 104952.98
B52: Previdência Complementar | C52: 11 | D52: 11 | E52: 0 | F52: 0 | G52: 0 | H52: 11 | I52: 0 | J52: 0 | K52: 0 | L52: 11
B53: Atenção Básica | C53: 6046336.5 | D53: 6725022.5 | E53: 1013852.8 | F53: 2621004.8 | G53: 4.74 | H53: 4104017.8 | I53: 1058389.7 | J53: 1865048.1 | K53: 3.88 | L53: 4859974.5
B54: Assistência Hospitalar e Ambulatorial | C54: 9846916.5 | D54: 9930927.6 | E54: 1876647.6 | F54: 4111672.4 | G54: 7.43 | H54: 5819255.3 | I54: 1862192.4 | J54: 3705661 | K54: 7.71 | L54: 6225266.6
B55: Suporte Profilático e Terapêutico | C55: 896753.26 | D55: 896753.26 | E55: 227911.12 | F55: 350482.11 | G55: 0.63 | H55: 546271.15 | I55: 224097.28 | J55: 331301.84 | K55: 0.69 | L55: 565451.42
B56: Vigilância Sanitária | C56: 305559.36 | D56: 335559.36 | E56: 19665.57 | F56: 56002.27 | G56: 0.1 | H56: 279557.09 | I56: 19665.57 | J56: 54706.27 | K56: 0.11 | L56: 280853.09
B57: Vigilância Epidemiológica | C57: 842799.25 | D57: 859070.25 | E57: 135267.59 | F57: 284981.88 | G57: 0.52 | H57: 574088.37 | I57: 139877.64 | J57: 275876.21 | K57: 0.57 | L57: 583194.04
B58: Proteção e Benefícios ao Trabalhador | C58: 663905.08 | D58: 663905.08 | E58: 107776.8 | F58: 225217.68 | G58: 0.41 | H58: 438687.4 | I58: 111782.52 | J58: 209194.8 | K58: 0.44 | L58: 454710.28
A59: Educação | C59: 35134639 | D59: 36925324 | E59: 6652148.2 | F59: 10687657 | G59: 19.32 | H59: 26237667 | I59: 5996733.4 | J59: 9935212.9 | K59: 20.68 | L59: 26990111
B60: Administração Geral | C60: 50640 | D60: 96389.96 | E60: 45075.76 | F60: 70015.73 | G60: 0.13 | H60: 26374.23 | I60: 37177.35 | J60: 43525.5 | K60: 0.09 | L60: 52864.46
B61: Previdência Básica | C61: 91145.04 | D61: 93152.04 | E61: 9900.43 | F61: 19478.94 | G61: 0.04 | H61: 73673.1 | I61: 9900.43 | J61: 19478.94 | K61: 0.04 | L61: 73673.1
B62: Previdência Complementar | C62: 23 | D62: 23 | E62: 0 | F62: 0 | G62: 0 | H62: 23 | I62: 0 | J62: 0 | K62: 0 | L62: 23
B63: Proteção e Benefícios ao Trabalhador | C63: 1521449.2 | D63: 1944047.2 | E63: 305666.98 | F63: 581695.34 | G63: 1.05 | H63: 1362351.8 | I63: 305666.98 | J63: 581695.34 | K63: 1.21 | L63: 1362351.8
B64: Ensino Fundamental | C64: 19503609 | D64: 21394916 | E64: 3859693.5 | F64: 6258567.7 | G64: 11.32 | H64: 15136348 | I64: 3544606.5 | J64: 5874820.6 | K64: 12.23 | L64: 15520095
B65: Ensino Médio | C65: 1400080 | D65: 1400080 | E65: 708957.11 | F65: 708957.11 | G65: 1.28 | H65: 691122.89 | I65: 393737.44 | J65: 393737.44 | K65: 0.82 | L65: 1006342.6
B66: Educação Infantil | C66: 9155558.8 | D66: 8494640.2 | E66: 1303216.6 | F66: 2232314.5 | G66: 4.04 | H66: 6262325.7 | I66: 1290119.1 | J66: 2209439.9 | K66: 4.6 | L66: 6285200.3
B67: Educação de Jovens e Adultos | C67: 520437.13 | D67: 552308.13 | E67: 69058.49 | F67: 126914.67 | G67: 0.23 | H67: 425393.46 | I67: 67386.37 | J67: 125242.55 | K67: 0.26 | L67: 427065.58
B68: Educação Especial | C68: 1811547.7 | D68: 1869618.7 | E68: 189578.47 | F68: 370086.87 | G68: 0.67 | H68: 1499531.8 | I68: 187138.35 | J68: 367646.75 | K68: 0.77 | L68: 1501971.9
B69: Educação Básica | C69: 1080149.1 | D69: 1080149.1 | E69: 161000.83 | F69: 319625.79 | G69: 0.58 | H69: 760523.29 | I69: 161000.83 | J69: 319625.79 | K69: 0.67 | L69: 760523.29
A70: Cultura | C70: 496407.82 | D70: 489546.82 | E70: 15824.2 | F70: 19638.72 | G70: 0.04 | H70: 469908.1 | I70: 17064.52 | J70: 17064.52 | K70: 0.04 | L70: 472482.3
B71: Administração Geral | C71: 2001 | D71: 2001 | E71: 0 | F71: 0 | G71: 0 | H71: 2001 | I71: 0 | J71: 0 | K71: 0 | L71: 2001
B72: Normatização e Fiscalização | C72: 1251.33 | D72: 284.33 | E72: 0 | F72: 0 | G72: 0 | H72: 284.33 | I72: 0 | J72: 0 | K72: 0 | L72: 284.33
B73: Patrimônio Histórico, Artístico e Arqueológico | C73: 22001 | D73: 22001 | E73: 1355.25 | F73: 5169.77 | G73: 0.01 | H73: 16831.23 | I73: 2964.52 | J73: 2964.52 | K73: 0.01 | L73: 19036.48
B74: Difusão Cultural | C74: 294245.33 | D74: 293351.33 | E74: 0 | F74: 0 | G74: 0 | H74: 293351.33 | I74: 0 | J74: 0 | K74: 0 | L74: 293351.33
B75: Turismo | C75: 176909.16 | D75: 171909.16 | E75: 14468.95 | F75: 14468.95 | G75: 0.03 | H75: 157440.21 | I75: 14100 | J75: 14100 | K75: 0.03 | L75: 157809.16
A76: Direitos da Cidadania | C76: 18750 | D76: 18750 | E76: 196.94 | F76: 1356.98 | G76: 0 | H76: 17393.02 | I76: 560.92 | J76: 966.45 | K76: 0 | L76: 17783.55
B77: Administração Geral | C77: 4750 | D77: 4750 | E77: 0 | F77: 0 | G77: 0 | H77: 4750 | I77: 0 | J77: 0 | K77: 0 | L77: 4750
B78: Direitos Individuais, Coletivos e Difusos | C78: 14000 | D78: 14000 | E78: 196.94 | F78: 1356.98 | G78: 0 | H78: 12643.02 | I78: 560.92 | J78: 966.45 | K78: 0 | L78: 13033.55
A79: Urbanismo | C79: 6449313.4 | D79: 6442828.2 | E79: 270608.76 | F79: 2090961.6 | G79: 3.78 | H79: 4351866.6 | I79: 428900.17 | J79: 879373.11 | K79: 1.83 | L79: 5563455.1
B80: Infra-estrutura Urbana | C80: 4524013.4 | D80: 4517528.2 | E80: 207723.28 | F80: 376028.74 | G80: 0.68 | H80: 4141499.4 | I80: 220183.6 | J80: 321860.53 | K80: 0.67 | L80: 4195667.6
B81: Serviços Urbanos | C81: 1925300 | D81: 1925300 | E81: 62885.48 | F81: 1714932.8 | G81: 3.1 | H81: 210367.18 | I81: 208716.57 | J81: 557512.58 | K81: 1.16 | L81: 1367787.4
A82: Habitação | C82: 318286.84 | D82: 317286.84 | E82: 0 | F82: 0 | G82: 0 | H82: 317286.84 | I82: 0 | J82: 0 | K82: 0 | L82: 317286.84
B83: Assistência Comunitária | C83: 4000 | D83: 4000 | E83: 0 | F83: 0 | G83: 0 | H83: 4000 | I83: 0 | J83: 0 | K83: 0 | L83: 4000
B84: Habitação Rural | C84: 65416.09 | D84: 64416.09 | E84: 0 | F84: 0 | G84: 0 | H84: 64416.09 | I84: 0 | J84: 0 | K84: 0 | L84: 64416.09
B85: Habitação Urbana | C85: 248870.75 | D85: 248870.75 | E85: 0 | F85: 0 | G85: 0 | H85: 248870.75 | I85: 0 | J85: 0 | K85: 0 | L85: 248870.75
A86: Saneamento | C86: 1996750 | D86: 1995026.9 | E86: 66160.28 | F86: 1232983 | G86: 2.23 | H86: 762043.86 | I86: 247110.9 | J86: 507116.24 | K86: 1.06 | L86: 1487910.7
B87: Saneamento Básico Rural | C87: 85330 | D87: 85330 | E87: 0 | F87: 46356.84 | G87: 0.08 | H87: 38973.16 | I87: 5253.17 | J87: 15507.38 | K87: 0.03 | L87: 69822.62
B88: Saneamento Básico Urbano | C88: 1911420 | D88: 1909696.9 | E88: 66160.28 | F88: 1186626.2 | G88: 2.15 | H88: 723070.7 | I88: 241857.73 | J88: 491608.86 | K88: 1.02 | L88: 1418088
A89: Gestão Ambiental | C89: 220278.54 | D89: 204289.54 | E89: 11589 | F89: 27108.78 | G89: 0.05 | H89: 177180.76 | I89: 10960.98 | J89: 12804.72 | K89: 0.03 | L89: 191484.82
B90: Preservação e Conservação Ambiental | C90: 10000 | D90: 5 | E90: 0 | F90: 0 | G90: 0 | H90: 5 | I90: 0 | J90: 0 | K90: 0 | L90: 5
B91: Controle Ambiental | C91: 104128.8 | D91: 98134.8 | E91: 10800 | F91: 15011.82 | G91: 0.03 | H91: 83122.98 | I91: 852.98 | J91: 1496.76 | K91: 0 | L91: 96638.04
B92: Recursos Hídricos | C92: 106149.74 | D92: 106149.74 | E92: 789 | F92: 12096.96 | G92: 0.02 | H92: 94052.78 | I92: 10108 | J92: 11307.96 | K92: 0.02 | L92: 94841.78
A93: Agricultura | C93: 873999 | D93: 1117524 | E93: 22300.11 | F93: 71634.91 | G93: 0.13 | H93: 1045889.1 | I93: 42730.6 | J93: 64032.38 | K93: 0.13 | L93: 1053491.6
B94: Abastecimento | C94: 40000 | D94: 40000 | E94: 0 | F94: 108.69 | G94: 0 | H94: 39891.31 | I94: 0 | J94: 108.69 | K94: 0 | L94: 39891.31
B95: Extensão Rural | C95: 541999 | D95: 785524 | E95: 0 | F95: 0 | G95: 0 | H95: 785524 | I95: 0 | J95: 0 | K95: 0 | L95: 785524
B96: Promoção da Produção Agropecuária | C96: 267000 | D96: 267000 | E96: 21840.11 | F96: 66166.22 | G96: 0.12 | H96: 200833.78 | I96: 41233.78 | J96: 62426.87 | K96: 0.13 | L96: 204573.13
B97: Defesa Agropecuária | C97: 25000 | D97: 25000 | E97: 460 | F97: 5360 | G97: 0.01 | H97: 19640 | I97: 1496.82 | J97: 1496.82 | K97: 0 | L97: 23503.18
A98: Indústria | C98: 15001 | D98: 15001 | E98: 1950 | F98: 1950 | G98: 0 | H98: 13051 | I98: 1950 | J98: 1950 | K98: 0 | L98: 13051
B99: Promoção Industrial | C99: 15001 | D99: 15001 | E99: 1950 | F99: 1950 | G99: 0 | H99: 13051 | I99: 1950 | J99: 1950 | K99: 0 | L99: 13051
A100: Comércio e Serviços | C100: 75004 | D100: 74009 | E100: 12515.2 | F100: 16965.2 | G100: 0.03 | H100: 57043.8 | I100: 10500.2 | J100: 10500.2 | K100: 0.02 | L100: 63508.8
B101: Preservação e Conservação Ambiental | C101: 1500 | D101: 1500 | E101: 0 | F101: 0 | G101: 0 | H101: 1500 | I101: 0 | J101: 0 | K101: 0 | L101: 1500
B102: Promoção Comercial | C102: 46504 | D102: 46504 | E102: 3550.2 | F102: 3550.2 | G102: 0.01 | H102: 42953.8 | I102: 3550.2 | J102: 3550.2 | K102: 0.01 | L102: 42953.8
...

Sheet RPPS
A1: Prefeitura Municipal de Cacapava do Sul-RS | L1: Página 1 de 5
A2: RELATÓRIO RESUMIDO DA EXECUÇÃO ORÇAMENTÁRIA
A3: DEMONSTRATIVO DAS RECEITAS E DESPESAS PREVIDENCIÁRIAS E DAS RECEITAS E DESPESAS ASSOCIADAS ÀS PENSÕES E INATIVOS MILITARES
A4: ORÇAMENTO FISCAL E DA SEGURIDADE SOCIAL
A5: Janeiro a Abril 2022/Bimestre Março-Abril
A7: RREO - Anexo 4 (LRF, Art. 53, inciso II) | H7: Em Reais
A8: REGIME PRÓPRIO DE PREVIDÊNCIA DOS SERVIDORES - RPPS
A9: FUNDO EM CAPITALIZAÇÃO (PLANO PREVIDENCIÁRIO)
A10: RECEITAS PREVIDENCIÁRIAS - RPPS (FUNDO EM CAPITALIZAÇÃO) | B10: PREVISÃO ATUALIZADA (a) | E10: RECEITAS REALIZADAS Até o Bimestre (b)
A11: RECEITAS CORRENTES (I) | B11: 41.221.646,10 | E11: 12.377.915,44
A12: Receita de Contribuições dos Segurados | B12: 5.282.264,93 | E12: 1.787.578,19
A13: Ativo | B13: 3.989.813,88 | E13: 1.339.503,50
A14: Inativo | B14: 1.218.037,33 | E14: 419.492,57
A15: Pensionista | B15: 74.413,72 | E15: 28.582,12
A16: Receita de Contribuições Patronais | B16: 10.236.920,75 | E16: 3.425.550,40
A17: Ativo | B17: 8.225.365,62 | E17: 2.784.061,00
A18: Inativo | B18: 1.902.266,18 | E18: 599.975,84
A19: Pensionista | B19: 109.288,95 | E19: 41.513,56
A20: Receita Patrimonial | B20: 4.862.926,13 | E20: 985.634,24
A21: Receitas Imobiliárias | B21: - | E21: -
... A33: TOTAL DAS RECEITAS DO FUNDO EM CAPITALIZAÇÃO - (IV) = (I+III-II) | B33: 21.644.683,71 | E33: 6.375.272,19
A35: DESPESAS PREVIDENCIÁRIAS - RPPS (FUNDO EM CAPITALIZAÇÃO) | B35: DOTAÇÃO ATUALIZADA (c) | D35: DESPESAS EMPENHADAS Até o Bimestre (d) | F35: DESPESAS LIQUIDADAS Até o Bimestre (e) | G35: DESPESAS PAGAS Até o Bimestre (f) | J35: INSCRITAS EM RESTOS A PAGAR NÃO PROCESSADOS No Exercício (g)
A36: Benefícios | B36: 27.962.673,06 | D36: 8.781.306,57 | F36: 8.781.306,57 | G36: 8.779.411,62 | J36: -
A37: Aposentadorias | B37: 24.743.733,58 | D37: 7.760.961,68 | F37: 7.760.961,68 | G37: 7.759.108,97 | J37: -
A38: Pensões por Morte | B38: 3.218.939,48 | D38: 1.020.344,89 | F38: 1.020.344,89 | G38: 1.020.302,65 | J38: -
A39: Outras Despesas Previdenciárias | B39: 1 | D39: - | F39: - | G39: - | J39: -
A40: Compensação Financeira entre os regimes | B40: - | D40: - | F40: - | G40: - | J40: -
A41: Demais Despesas Previdenciárias | B41: 1 | D41: - | F41: - | G41: - | J41: -
A42: TOTAL DAS DESPESAS DO FUNDO EM CAPITALIZAÇÃO (V) | B42: 27.962.674,06 | D42: 8.781.306,57 | F42: 8.781.306,57 | G42: 8.779.411,62 | J42: -
A44: RESULTADO PREVIDENCIÁRIO - FUNDO EM CAPITALIZAÇÃO (VI) = (IV – V)² | B44: (6.317.990,35) | D44: (2.406.034,38) | F44: (2.406.034,38) | G44: (2.404.139,43)
A46: FONTE: GOVBR - Responsabilidade Fiscal, SECRETARIA DE MUNICÍPIO DA FAZENDA, 18/Mai/2022, 14h e 31m.
A47: Prefeitura Municipal de Cacapava do Sul-RS | L47: Página 2 de 5
A48: RELATÓRIO RESUMIDO DA EXECUÇÃO ORÇAMENTÁRIA
A49: DEMONSTRATIVO DAS RECEITAS E DESPESAS PREVIDENCIÁRIAS E DAS RECEITAS E DESPESAS ASSOCIADAS ÀS PENSÕES E INATIVOS MILITARES
A50: ORÇAMENTO FISCAL E DA SEGURIDADE SOCIAL
A51: Janeiro a Abril 2022/Bimestre Março-Abril
A53: RREO - Anexo 4 (LRF, Art. 53, inciso II) | H53: Em Reais
A54: RECURSOS RPPS ARRECADADOS EM EXERCÍCIOS ANTERIORES | B54: PREVISÃO ORÇAMENTÁRIA
A55: VALOR | B55: -
A56: RESERVA ORÇAMENTÁRIA DO RPPS | B56: PREVISÃO ORÇAMENTÁRIA
A57: VALOR | B57: 13.509.360,41
A58: APORTES DE RECURSOS PARA O FUNDO EM CAPITALIZAÇÃO DO RPPS | B58: APORTES REALIZADOS
A59: Plano de Amortização - Contribuição Patronal Suplementar | B59: -
A60: Plano de Amortização - Aporte Periódico de Valores Predefinidos | B60: -
A61: Outros Aportes para o RPPS | B61: -
A62: Recursos para Cobertura de Déficit Financeiro | B62: -
A64: BENS E DIREITOS DO RPPS (FUNDO EM CAPITALIZAÇÃO) | B64: SALDO ATUAL
A65: Caixa e Equivalentes de Caixa | B65: (71.614,38)
A66: Investimentos e Aplicações | B66: 23.145.806,53
A67: Outros Bens e Direitos | B67: 8.486.443,03
A73: FONTE: GOVBR - Responsabilidade Fiscal, SECRETARIA DE MUNICÍPIO DA FAZENDA, 18/Mai/2022, 14h e 31m.
A74: Prefeitura Municipal de Cacapava do Sul-RS | L74: Página 3 de 5
A75: RELATÓRIO RESUMIDO DA EXECUÇÃO ORÇAMENTÁRIA
A76: DEMONSTRATIVO DAS RECEITAS E DESPESAS PREVIDENCIÁRIAS E DAS RECEITAS E DESPESAS ASSOCIADAS ÀS PENSÕES E INATIVOS MILITARES
A77: ORÇAMENTO FISCAL E DA SEGURIDADE SOCIAL
A78: Janeiro a Abril 2022/Bimestre Março-Abril
A80: RREO - Anexo 4 (LRF, Art. 53, inciso II) | H80: Em Reais
A81: FUNDO EM REPARTIÇÃO (PLANO FINANCEIRO)
A82: RECEITAS PREVIDENCIÁRIAS - RPPS (FUNDO EM REPARTIÇÃO) | B82: PREVISÃO ATUALIZADA (a) | D82: RECEITAS REALIZADAS Até o Bimestre (b)
A83: RECEITAS CORRENTES (VII) | B83: - | D83: -
A84: Receita de Contribuições dos Segurados | B84: - | D84: -
A85: Ativo | B85: - | D85: -
A86: Inativo | B86: - | D86: -
A87: Pensionista | B87: - | D87: -
A88: Receita de Contribuições Patronais | B88: - | D88: -
A89: Ativo | B89: - | D89: -
A90: Inativo | B90: - | D90: -
A91: Pensionista | B91: - | D91: -
A92: Receita Patrimonial | B92: - | D92: -
A93: Receitas Imobiliárias | B93: - | D93: -
... A104: TOTAL DAS RECEITAS DO FUNDO EM REPARTIÇÃO (IX) = (VII + VIII) | B104: - | D104: -
A106: DESPESAS PREVIDENCIÁRIAS - RPPS (FUNDO EM REPARTIÇÃO) | B106: DOTAÇÃO ATUALIZADA (c) | D106: DESPESAS EMPENHADAS Até o Bimestre (d) | F106: DESPESAS LIQUIDADAS Até o Bimestre (e) | G106: DESPESAS PAGAS Até o Bimestre (e) | J106: INSCRITAS EM RESTOS A PAGAR NÃO PROCESSADOS No Exercício (g)
A107: Benefícios | B107: - | D107: - | F107: - | G107: - | J107: -
A108: Aposentadorias | B108: - | D108: - | F108: - | G108: - | J108: -
A109: Pensões por Morte | B109: - | D109: - | F109: - | G109: - | J109: -
A110: Outras Despesas Previdenciárias | B110: - | D110: - | F110: - | G110: - | J110: -
A111: Compensação Financeira entre os regimes | B111: - | D111: - | F111: - | G111: - | J111: -
A112: Demais Despesas Previdenciárias | B112: - | D112: - | F112: - | G112: - | J112: -
A113: TOTAL DAS DESPESAS DO FUNDO EM REPARTIÇÃO (X) | B113: - | D113: - | F113: - | G113: - | J113: -
A115: RESULTADO PREVIDENCIÁRIO - FUNDO EM REPARTIÇÃO (XI) = (IX – X)² | B115: - | D115: - | F115: - | G115: -
A117: FONTE: GOVBR - Responsabilidade Fiscal, SECRETARIA DE MUNICÍPIO DA FAZENDA, 18/Mai/2022, 14h e 31m.
A118: Prefeitura Municipal de Cacapava do Sul-RS | L118: Página 4 de 5
A119: RELATÓRIO RESUMIDO DA EXECUÇÃO ORÇAMENTÁRIA
A120: DEMONSTRATIVO DAS RECEITAS E DESPESAS PREVIDENCIÁRIAS E DAS RECEITAS E DESPESAS ASSOCIADAS ÀS PENSÕES E INATIVOS MILITARES
A121: ORÇAMENTO FISCAL E DA SEGURIDADE SOCIAL
A122: Janeiro a Abril 2022/Bimestre Março-Abril
A124: RREO - Anexo 4 (LRF, Art. 53, inciso II) | H124: Em Reais
A125: APORTES DE RECURSOS PARA O FUNDO EM REPARTIÇÃO DO RPPS | B125: APORTES REALIZADOS
A126: Recursos para Cobertura de Insuficiências Financeiras | B126: -
A127: Recursos para Formação de Reserva | B127: -
A129: BENS E DIREITOS DO RPPS (FUNDO EM REPARTIÇÃO) | B129: SALDO ATUAL
A130: Caixa e Equivalentes de Caixa | B130: -
A131: Investimentos e Aplicações | B131: 21.188.124,90
A132: Outros Bens e Direitos | B132: -
A134: ADMINISTRAÇÃO DO REGIME PRÓPRIO DE PREVIDÊNICA DOS SERVIDORES - RPPS
A135: RECEITAS DA ADMINISTRAÇÃO - RPPS | B135: PREVISÃO ATUALIZADA (a) | D135: RECEITAS REALIZADAS Até o Bimestre (b)
A136: Receitas Correntes | B136: 330.387,37 | D136: 71.614,38
A137: TOTAL DAS RECEITAS DA ADMINISTRAÇÃO RPPS (XII) | B137: 330.387,37 | D137: 71.614,38
A139: DESPESAS DA ADMINISTRAÇÃO - RPPS | B139: DOTAÇÃO ATUALIZADA (c) | D139: DESPESAS EMPENHADAS Até o Bimestre (d) | F139: DESPESAS LIQUIDADAS Até o Bimestre (e) | G139: DESPESAS PAGAS Até o Bimestre (f) | J139: INSCRITAS EM RESTOS A PAGAR NÃO PROCESSADOS No Exercício (g)
A140: Despesas Correntes (XIII) | B140: 66.520,00 | D140: 15.433,44 | F140: 7.706,32 | G140: 3.839,50 | J140: -
...

Sheet Result
A1: Prefeitura Municipal de Cacapava do Sul-RS | L1: Página 1 de 2
A2: Relatório Resumido da Execução Orçamentária
A3: Demonstrativo dos Resultados Primário e Nominal
A4: Orçamento Fiscal e da Seguridade Social
A5: Janeiro a Abril 2022/Bimestre Março-Abril
A7: RREO - ANEXO VI(LRF, art. 53, inciso III) | J7: R$ 1,00
A8: ACIMA DA LINHA
A9: RECEITAS PRIMÁRIAS | C9: Previsão Atualizada | D9: Até o Bimestre/2022
D10: Receitas Realizadas
D11: (a)
A12: RECEITAS CORRENTES(I) | C12: 142.177.017,92 | D12: 44.894.679,04
A13: Impostos, Taxas e Contribuições de Melhoria | C13: 18.205.576,49 | D13: 5.853.561,70
A14: IPTU | C14: 3.467.839,35 | D14: 1.245.394,88
A15: ISS | C15: 5.814.310,60 | D15: 2.042.769,48
A16: ITBI | C16: 1.378.438,67 | D16: 610.492,70
A17: IRRF | C17: 3.914.901,83 | D17: 1.580.660,60
A18: Outros Impostos, Taxas, e Contribuições de Melhoria | C18: 3.630.086,04 | D18: 374.244,04
A19: Contribuições | C19: 8.138.213,42 | D19: 2.827.330,82
A20: Receita Patrimonial | C20: 5.094.630,65 | D20: 1.568.044,48
A21: Aplicações Financeiras (II) | C21: 5.069.958,27 | D21: 1.556.872,01
A22: Outras Receitas Patrimoniais | C22: 24.672,38 | D22: 11.172,47
A23: Transferências Correntes | C23: 107.797.259,44 | D23: 33.694.418,94
... A52: DESPESAS PRIMÁRIAS | C52: Dotação Atualizada | D52: Até o Bimestre/2022
D53: Despesas Empenhadas | F53: Despesas Liquidadas | G53: Despesas Pagas | I53: Restos a Pagar Processados Pagos | K53: Restos a Pagar não Processados
K54: Liquidados | M54: Pagos (c)
G55: (a) | I55: (b)
A56: DESPESAS CORRENTES (XIII) | C56: 126.259.090,46 | D56: 44.542.903,92 | F56: 37.341.437,49 | G56: 35.108.336,93 | I56: 3.184.092,75 | K56: 128.899,08 | M56: 100.017,08
A57: Pessoal e Encargos Sociais | C57: 90.072.963,85 | D57: 27.912.670,78 | F57: 27.800.818,38 | G57: 27.365.910,05 | I57: 559.923,58 | K57: - | M57: -
A58: Juros e Encargos da Dívida (XIV) | C58: 631.898,73 | D58: 10.160,72 | F58: 10.160,72 | G58: 10.160,72 | I58: - | K58: - | M58: -
A59: Outras Despesas Correntes | C59: 35.554.227,88 | D59: 16.620.072,42 | F59: 9.530.458,39 | G59: 7.732.266,16 | I59: 2.624.169,17 | K59: 128.899,08 | M59: 100.017,08
A60: DESPESAS PRIMÁRIAS CORRENTES (XV) = (XIII - XIV) | C60: 125.627.191,73 | D60: 44.532.743,20 | F60: 37.331.276,77 | G60: 35.098.176,21 | I60: 3.184.092,75 | K60: 128.899,08 | M60: 100.017,08
A61: DESPESAS DE CAPITAL (XVI) | C61: 11.906.336,40 | D61: 353.904,50 | F61: 276.741,51 | G61: 214.209,65 | I61: 297.064,66 | K61: 596.785,91 | M61: 591.244,27
A62: Investimentos | C62: 11.904.801,40 | D62: 353.904,50 | F62: 276.741,51 | G62: 214.209,65 | I62: 297.064,66 | K62: 547.268,45 | M62: 541.726,81
A63: Inversões Financeiras | C63: 283,00 | D63: - | F63: - | G63: - | I63: - | K63: - | M63: -
A64: Concessão de Empréstimos e Financiamentos (XVII) | C64: 101,00 | D64: - | F64: - | G64: - | I64: - | K64: - | M64: -
A65: Aquisição de Título de Capital já Integralizado (XVIII) | C65: - | D65: - | F65: - | G65: - | I65: - | K65: - | M65: -
A66: Aquisição de Título de Crédito (XIX) | C66: - | D66: - | F66: - | G66: - | I66: - | K66: - | M66: -
A67: Demais Inversões Financeiras | C67: 182,00 | D67: - | F67: - | G67: - | I67: - | K67: - | M67: -
... A69: DESPESAS PRIMÁRIAS DE CAPITAL (XXI) = (XVI - XVII - XVIII - XIX - XX) | C69: 11.904.983,40 | D69: 353.904,50 | F69: 276.741,51 | G69: 214.209,65 | I69: 297.064,66 | K69: 547.268,45 | M69: 541.726,81
A71: FONTE: GOVBR - Responsabilidade Fiscal, SECRETARIA DE MUNICÍPIO DA FAZENDA, 18/Mai/2022, 14h e 36m.
A72: Prefeitura Municipal de Cacapava do Sul-RS | L72: Página 2 de 2
A73: Relatório Resumido da Execução Orçamentária
A74: Demonstrativo dos Resultados Primário e Nominal
A75: Orçamento Fiscal e da Seguridade Social
A76: Janeiro a Abril 2022/Bimestre Março-Abril
A78: RESERVA DE CONTINGÊNCIA (XXII) | C78: 709,85 | D78: - | F78: - | G78: - | I78: - | K78: - | M78: -
A79: DESPESA PRIMÁRIA TOTAL (XXIII) = (XV + XXI + XXII) | C79: 137.532.884,98 | D79: 44.886.647,70 | F79: 37.608.018,28 | G79: 35.312.385,86 | I79: 3.481.157,41 | K79: 676.167,53 | M79: 641.743,89
A81: RESULTADO PRIMÁRIO - Acima da Linha (XXIV) = [XIIa - (XXIIIa +XXIIIb + XXIIIc)] | C81: 4.724.964,14
A83: META FISCAL PARA O RESULTADO PRIMÁRIO | C83: VALOR CORRENTE
A84: Meta fixada no Anexo de Metas Fiscais da LDO para o exercício de referência | C84: -
A86: JUROS NOMINAIS | C86: Até o Bimestre/2022
C87: VALOR INCORRIDO
A88: Juros, Encargos e Variações Monetárias Ativos (XXV) | C88: 625.580,39
A89: Juros, Encargos e Variações Monetárias Passivos (XXVI) | C89: 10.160,72
A91: RESULTADO NOMINAL - Acima da Linha (XXVII) = XXIV + (XXV - XXVI) | C91: 5.340.383,81
A93: META FISCAL PARA O RESULTADO NOMINAL | C93: VALOR CORRENTE
A94: Meta fixada no Anexo de Metas Fiscais da LDO para o exercício de referência | C94: -
A96: ABAIXO DA LINHA
A97: CÁLCULO DO RESULTADO NOMINAL | C97: SALDO
C98: Em 31/Dez/2021 | H98: Até o 2º Bimestre
C99: (a) | H99: (b)
A100: DÍVIDA CONSOLIDADA (XXVIII) | C100: 938.163,67 | H100: 1.133.247,92
A101: DEDUÇÕES (XXIX) | C101: 18.733.392,03 | H101: 21.118.618,64
A102: Disponibilidade de Caixa | C102: 18.100.937,41 | H102: 20.474.563,23
A103: Disponibilidade de Caixa Bruta | C103: 20.648.054,22 | H103: 23.546.471,28
A104: (-) Restos a Pagar Processados (XXX) | C104: 1.326.705,52 | H104: 2.030.935,46
A105: (-) Depósitos Restituíveis e Valores Vinculados | C105: 1.220.411,29 | H105: 1.040.972,59
A106: Demais Haveres Financeiros | C106: 632.454,62 | H106: 644.055,41
A107: DÍVIDA CONSOLIDADA LÍQUIDA (XXXI) = (XXVIII - XXIX) | C107: -17.795.228,36 | H107: -19.985.370,72
A108: RESULTADO NOMINAL - Abaixo da Linha (XXXII) = (XXXIa - XXXIb) | C108: 2.190.142,36
A110: AJUSTE METODOLÓGICO | C110: Até o Bimestre/2022
A111: VARIAÇÃO SALDO RPP = (XXXIII) = (XXXa - XXXb) | H111: -704.229,94
A112: RECEITA DE ALIENAÇÃO DE INVESTIMENTOS PERMANENTES (IX) | H112: -
A113: PASSIVOS RECONHECIDOS NA DC (XXXIV) | H113: -
A114: VARIAÇÃO CAMBIAL (XXXV) | H114: -
A115: PAGAMENTO DE PRECATÓRIOS INTEGRANTES DA DC (XXXVI) | H115: -
A116: AJUSTES RELATIVOS AO RPPS (XXXVII) | H116: -
A117: OUTROS AJUSTES (XXXVIII) | H117: -
A118: RESULTADO NOMINAL AJUSTADO - Abaixo da Linha (XXXIX) = (XXXII - XXXIII - IX + XXXIV + XXXV - XXXVI + XXXVII + XXXVIII) | C118: 2.894.372,30
A120: RESULTADO PRIMÁRIO - Abaixo da Linha (XL) = XXXIX - (XXV - XXVI) | C120: 2.278.952,63
A122: INFORMAÇÕES ADICIONAIS | C122: PREVISÃO ORÇAMENTÁRIA
A123: SALDO DE EXERCÍCIOS ANTERIORES | H123: 2.238.985,54
A124: Recursos Arrecadados em Exercícios Anteriores - RPPS | H124: -
A125: Superávit Financeiro Utilizado para Abertura e Reabertura de Créditos Adicionais | H125: 2.238.985,54
A126: RESERVA ORÇAMENTÁRIA DO RPPS | H126: 13.509.360,41
A135: FONTE: GOVBR - Responsabilidade Fiscal, SECRETARIA DE MUNICÍPIO DA FAZENDA, 18/Mai/2022, 14h e 36m.

Sheet ASPS
A1: Prefeitura Municipal de Cacapava do Sul-RS | AG1: Página 1 de 5
A2: Relatório Resumido da Execução Orçamentária
A3: Demonstrativo das Receitas e Despesas com Ações e Serviços Públicos de Saúde
A4: Orçamento Fiscal e da Seguridade Social
A5: Janeiro a Abril 2022/Meses Janeiro-Abril
A7: RREO – ANEXO XII (LC n° 141/2012 art.35)
A8: RECEITAS RESULTANTES DE IMPOSTOS E TRANSFERÊNCIAS CONSTITUCIONAIS E LEGAIS | J8: PREVISÃO INICIAL | Q8: PREVISÃO ATUALIZADA (a) | X8: RECEITAS REALIZADAS
X9: Até o Bimestre (b) | AE9: % (b/a) x 100
A10: RECEITA DE IMPOSTOS (I) | J10: 14.575.490,45 | Q10: 14.575.490,45 | X10: 5.479.317,66 | AE10: 37,59
A11: Receita Resultante do Imposto Predial e Territorial Urbano - IPTU | J11: 3.467.839,35 | Q11: 3.467.839,35 | X11: 1.245.394,88 | AE11: 35,91
A12: IPTU | J12: 2.720.609,35 | Q12: 2.720.609,35 | X12: 1.040.689,39 | AE12: 38,25
A13: Multas, Juros de Mora, Divida Ativa e Outros Encargos do IPTU | J13: 747.230,00 | Q13: 747.230,00 | X13: 204.705,49 | AE13: 27,40
A14: Receita Resultante do Imposto sobre Transmissão Inter Vivos - ITBI | J14: 1.378.438,67 | Q14: 1.378.438,67 | X14: 610.492,70 | AE14: 44,29
A15: ITBI | J15: 1.356.054,97 | Q15: 1.356.054,97 | X15: 610.492,70 | AE15: 45,02
A16: Multas, Juros de Mora, Dívida Ativa e Outros Encargos do ITBI | J16: 22.383,70 | Q16: 22.383,70 | X16: - | AE16: -
A17: Receita Resultante do Imposto sobre Serviços de Qualquer Natureza - ISS | J17: 5.814.310,60 | Q17: 5.814.310,60 | X17: 2.042.769,48 | AE17: 35,13
A18: ISS | J18: 5.691.399,04 | Q18: 5.691.399,04 | X18: 2.001.841,12 | AE18: 35,17
A19: Multas, Juros de Mora, Dívida Ativa e Outros Encargos do ISS | J19: 122.911,56 | Q19: 122.911,56 | X19: 40.928,36 | AE19: 33,30
A20: Receita Resultante do Imposto sobre a Renda e Proventos de Qualquer Natureza Retido na Fonte – IRRF | J20: 3.914.901,83 | Q20: 3.914.901,83 | X20: 1.580.660,60 | AE20: 40,38
A21: RECEITA DE TRANSFERÊNCIAS CONSTITUCIONAIS E LEGAIS (II) | J21: 72.196.043,57 | Q21: 72.652.467,13 | X21: 24.564.173,07 | AE21: 33,81
... A30: TOTAL DAS RECEITAS RESULTANTES DE IMPOSTOS E TRANFERÊNCIAS CONSTITUCIONAIS E LEGAIS - (III) = (I) + (II) | J30: 86.771.534,02 | Q30: 87.227.957,58 | X30: 30.043.490,73 | AE30: 34,44
A32: DESPESAS COM AÇÕES E SERVIÇOS PÚBLICOS DE SAÚDE (ASPS) – POR SUBFUNÇÃO E CATEGORIA ECONÔMICA | F32: DOTAÇÃO INICIAL | H32: DOTAÇÃO ATUALIZADA (c) | M32: DESPESAS EMPENHADAS | T32: DESPESAS LIQUIDADAS | AC32: DESPESAS PAGAS
M33: Até o bimestre (d) | P33: % (d/c) x 100 | T33: Até o bimestre (e) | Y33: % (e/c) x 100 | AC33: Até o bimestre (f) | AG33: % (f/c) x 100
A34: ATENÇÃO BÁSICA (IV) | F34: 877.910,16 | H34: 876.610,16 | M34: 126.253,82 | P34: 14,40 | T34: 116.667,02 | Y34: 13,31 | AC34: 102.791,55 | AG34: 11,73
A35: Despesas Correntes | F35: 817.503,96 | H35: 816.203,96 | M35: 126.253,82 | P35: 15,47 | T35: 116.667,02 | Y35: 14,29 | AC35: 102.791,55 | AG35: 12,59
A36: Despesas de Capital | F36: 60.406,20 | H36: 60.406,20 | M36: - | P36: - | T36: - | Y36: - | AC36: - | AG36: -
A37: ASSISTÊNCIA HOSPITALAR E AMBULATORIAL (V) | F37: 8.452.837,11 | H37: 8.436.679,95 | M37: 3.397.150,45 | P37: 40,27 | T37: 3.029.992,45 | Y37: 35,91 | AC37: 2.846.641,47 | AG37: 33,74
A38: Despesas Correntes | F38: 8.452.833,11 | H38: 8.436.675,95 | M38: 3.397.150,45 | P38: 40,27 | T38: 3.029.992,45 | Y38: 35,91 | AC38: 2.846.641,47 | AG38: 33,74
A39: Despesas de Capital | F39: 4,00 | H39: 4,00 | M39: - | P39: - | T39: - | Y39: - | AC39: - | AG39: -
A40: SUPORTE PROFILÁTICO E TERAPÊUTICO (VI) | F40: 418.222,25 | H40: 418.222,25 | M40: 150.354,53 | P40: 35,95 | T40: 150.354,53 | Y40: 35,95 | AC40: 110.949,63 | AG40: 26,53
A41: Despesas Correntes | F41: 418.222,25 | H41: 418.222,25 | M41: 150.354,53 | P41: 35,95 | T41: 150.354,53 | Y41: 35,95 | AC41: 110.949,63 | AG41: 26,53
A42: Despesas de Capital | F42: - | H42: - | M42: - | P42: - | T42: - | Y42: - | AC42: - | AG42: -
A43: VIGILÂNCIA SANITÁRIA (VII) | F43: 163.539,59 | H43: 163.539,59 | M43: 54.706,27 | P43: 33,45 | T43: 54.706,27 | Y43: 33,45 | AC43: 53.975,88 | AG43: 33,00
A44: Despesas Correntes | F44: 163.538,59 | H44: 163.538,59 | M44: 54.706,27 | P44: 33,45 | T44: 54.706,27 | Y44: 33,45 | AC44: 53.975,88 | AG44: 33,00
A45: Despesas de Capital | F45: 1,00 | H45: 1,00 | M45: - | P45: - | T45: - | Y45: - | AC45: - | AG45: -
A47: FONTE: GOVBR - Responsabilidade Fiscal, SECRETARIA DE MUNICÍPIO DA FAZENDA, 18/Mai/2022, 14h e 33m.
A49: Prefeitura Municipal de Cacapava do Sul-RS | AG49: Página 2 de 5
A50: Relatório Resumido da Execução Orçamentária
A51: Demonstrativo das Receitas e Despesas com Ações e Serviços Públicos de Saúde
A52: Orçamento Fiscal e da Seguridade Social
A53: Janeiro a Abril 2022/Meses Janeiro-Abril
A55: RREO – ANEXO XII (LC n° 141/2012 art.35)
A56: DESPESAS COM AÇÕES E SERVIÇOS PÚBLICOS DE SAÚDE (ASPS) – POR SUBFUNÇÃO E CATEGORIA ECONÔMICA | F56: DOTAÇÃO INICIAL | H56: DOTAÇÃO ATUALIZADA (c) | M56: DESPESAS EMPENHADAS | T56: DESPESAS LIQUIDADAS | AC56: DESPESAS PAGAS
M57: Até o bimestre (d) | P57: % (d/c) x 100 | T57: Até o bimestre (e) | Y57: % (e/c) x 100 | AC57: Até o bimestre (f) | AG57: % (f/c) x 100
A58: VIGILÂNCIA EPIDEMIOLÓGICA (VIII) | F58: 543.655,25 | H58: 543.655,25 | M58: 186.706,14 | P58: 34,34 | T58: 186.706,14 | Y58: 34,34 | AC58: 180.537,08 | AG58: 33,21
A59: Despesas Correntes | F59: 543.655,25 | H59: 543.655,25 | M59: 186.706,14 | P59: 34,34 | T59: 186.706,14 | Y59: 34,34 | AC59: 180.537,08 | AG59: 33,21
A60: Despesas de Capital | F60: - | H60: - | M60: - | P60: - | T60: - | Y60: - | AC60: - | AG60: -
A61: ALIMENTAÇÃO E NUTRIÇÃO (IX) | F61: - | H61: - | M61: - | P61: - | T61: - | Y61: - | AC61: - | AG61: -
A62: Despesas Correntes | F62: - | H62: - | M62: - | P62: - | T62: - | Y62: - | AC62: - | AG62: -
A63: Despesas de Capital | F63: - | H63: - | M63: - | P63: - | T63: - | Y63: - | AC63: - | AG63: -
A64: OUTRAS SUBFUNÇÕES (X) | F64: 11.085.153,51 | H64: 11.102.610,67 | M64: 3.784.322,89 | P64: 34,08 | T64: 3.564.498,52 | Y64: 32,11 | AC64: 2.974.199,68 | AG64: 26,79
A65: Despesas Correntes | F65: 11.029.762,81 | H65: 11.047.219,97 | M65: 3.779.402,89 | P65: 34,21 | T65: 3.559.578,52 | Y65: 32,22 | AC65: 2.974.199,68 | AG65: 26,92
A66: Despesas de Capital | F66: 55.390,70 | H66: 55.390,70 | M66: 4.920,00 | P66: 8,88 | T66: 4.920,00 | Y66: 8,88 | AC66: - | AG66: -
A67: TOTAL (XI) = (IV + V + VI + VII + VIII + IX + X) | F67: 21.541.317,87 | H67: 21.541.317,87 | M67: 7.699.494,10 | P67: 35,74 | T67: 7.102.924,93 | Y67: 32,97 | AC67: 6.269.095,29 | AG67: 29,10
A69: APURAÇÃO DO CUMPRIMENTO DO LIMITE MÍNIMO PARA APLICAÇÃO EM ASPS | O69: DESPESAS EMPENHADAS (d) | U69: DESPESAS LIQUIDADAS (e) | AD69: DESPESAS PAGAS (f)
A70: Total das Despesas com ASPS (XII) = (XI) | O70: 7.699.494,10 | U70: 7.102.924,93 | AD70: 6.269.095,29
A71: (-) Restos a Pagar Não Processados Inscritos Indevidamente no Exercício sem Disponibilidade Financeira (XIII)¹ | O71: - | U71: - | AD71: -
A72: (-) Despesas Custeadas com Recursos Vinculados à Parcela do Percentual Mínimo que não foi Aplicada em ASPS em Exercícios Anteriores (XIV)³ | O72: - | U72: - | AD72: -
A73: (-) Despesas Custeadas com Disponibilidade de Caixa Vinculada aos Restos a Pagar Cancelados (XV)² | O73: - | U73: - | AD73: -
A74: (=) VALOR APLICADO EM ASPS (XVI) = (XII - XIII - XIV - XV) | O74: 7.699.494,10 | U74: 7.102.924,93 | AD74: 6.269.095,29
A75: Despesa Mínima a ser Aplicada em ASPS (XVII) = (III) x 15% (LC 141/2012) | O75: 4.506.523,61
A76: Despesa Mínima a ser Aplicada em ASPS (XVII) = (III) x % (Lei Orgânica Municipal) | O76: 4.506.523,61
A77: Diferença entre o Valor Aplicado e a Despesa Mínima a ser Aplicada (XVIII) = (XVI (d ou e) - XVII)1 | O77: - | U77: 2.596.401,32 | AD77: 1.762.571,68
A78: Limite não Cumprido (XIX) = (XVIII) (Quando valor for inferior a zero) | O78: -
A79: PERCENTUAL DA RECEITA DE IMPOSTOS E TRANSFERÊNCIAS CONSTITUCIONAIS E LEGAIS APLICADO EM ASPS (XVI / III)*100 (mínimo de 15% conforme LC n° 141/2012 ou % da Lei Orgânica Municipal) | O79: - | U79: 23,64
A81: CONTROLE DO VALOR REFERENTE AO PERCENTUAL MÍNIMO NÃO CUMPRIDO EM EXERCÍCIOS ANTERIORES PARA FINS DE APLICAÇÃO DOS RECURSOS VINCULADOS CONFORME ARTIGOS 25 E 26 DA LC 141/2012 | L81: LIMITE NÃO CUMPRIDO
L82: Saldo Inicial (no exercicio atual) (h) | S82: Despesas Custeadas no Exercício de Referência | AD82: Saldo Final (não aplicado)1 (l) = (h - (i ou j))
S83: Empenhadas (i) | V83: Liquidadas (j) | Z83: Pagas (k)
A84: Diferença de limite não cumprido em 2021 | AD84: -
A85: Diferença de limite não cumprido em 2020 | L85: - | S85: - | V85: - | Z85: - | AD85: -
A86: Diferença de limite não cumprido em Exercícios Anteriores | L86: - | S86: - | V86: - | Z86: - | AD86: -
A87: TOTAL DA DIFERENÇA DE LIMITE NÃO CUMPRIDO EM EXERCÍCIOS ANTERIORES (XX) | L87: - | S87: - | V87: - | Z87: - | AD87: -
A90: FONTE: GOVBR - Responsabilidade Fiscal, SECRETARIA DE MUNICÍPIO DA FAZENDA, 18/Mai/2022, 14h e 33m.
A92: Prefeitura Municipal de Cacapava do Sul-RS | AG92: Página 3 de 5
A93: Relatório Resumido da Execução Orçamentária
A94: Demonstrativo das Receitas e Despesas com Ações e Serviços Públicos de Saúde
A95: Orçamento Fiscal e da Seguridade Social
A96: Janeiro a Abril 2022/Meses Janeiro-Abril
A98: RREO – ANEXO XII (LC n° 141/2012 art.35)
A99: EXECUÇÃO DE RESTOS A PAGAR
A100: EXERCÍCIO DO EMPENHO² | C100: Valor Mínimo para aplicação em ASPS (m) | D100: Valor aplicado em ASPS no exercício (n) | E100: Valor aplicado além do limite mínimo (o) = (n - m), se < 0, então (o) = 0 | G100: Total inscrito em RP no exercício (p) | I100: RPNP Inscritos Indevidamente no Exercício sem Disponibilidade Financeira q = (XIIId) | N100: Valor inscrito em RP considerado no Limite (r) = (p - (o + q)) se < 0, então (r) = (0) | R100: Total de RP pagos (s) | V100: Total de RP a pagar (t) | AB100: Total de RP cancelados ou prescritos (u) | AF100: Diferença entre o valor aplicado além do limite e o total de RP cancelados (v) = ((o + q) - u))
A101: Empenhos de 2022 | C101: 4.506.523,61 | D101: 7.102.924,93 | E101: 2.596.401,32 | G101: - | I101: - | N101: - | R101: - | V101: - | AB101: - | AF101: 2.596.401,32
A102: Empenhos de 2021 | C102: - | D102: - | E102: - | G102: - | I102: - | N102: - | R102: - | V102: - | AB102: - | AF102: -
A103: Empenhos de 2020 | C103: - | D103: - | E103: - | G103: - | I103: - | N103: - | R103: - | V103: - | AB103: - | AF103: -
A104: Empenhos de 2019 | C104: - | D104: - | E104: - | G104: - | I104: - | N104: - | R104: - | V104: - | AB104: - | AF104: -
A105: Empenhos de 2018 | C105: - | D105: - | E105: - | G105: - | I105: - | N105: - | R105: - | V105: - | AB105: - | AF105: -
A106: Empenhos de 2017 | C106: - | D106: - | E106: - | G106: - | I106: - | N106: - | R106: - | V106: - | AB106: - | AF106: -
A107: Empenhos de 2016 | C107: - | D107: - | E107: - | G107: - | I107: - | N107: - | R107: - | V107: - | AB107: - | AF107: -
A108: Empenhos de 2015 | C108: - | D108: - | E108: - | G108: - | I108: - | N108: - | R108: - | V108: - | AB108: - | AF108: -
A109: Empenhos de 2014 | C109: - | D109: - | E109: - | G109: - | I109: - | N109: - | R109: - | V109: - | AB109: - | AF109: -
A110: Empenhos de 2013 | C110: - | D110: - | E110: - | G110: - | I110: - | N110: - | R110: - | V110: - | AB110: - | AF110: -
A112: TOTAL DOS RESTOS A PAGAR CANCELADOS OU PRESCRITOS ATÉ O FINAL DO EXERCÍCIO ATUAL QUE AFETARAM O CUMPRIMENTO DO LIMITE (XXI) | AF112: -
A113: TOTAL DOS RESTOS A PAGAR CANCELADOS OU PRESCRITOS ATÉ O FINAL DO EXERCÍCIO ANTERIOR QUE AFETARAM O CUMPRIMENTO DO LIMITE (XXII) | AF113: -
A114: TOTAL DOS RESTOS A PAGAR CANCELADOS OU PRESCRITOS NO EXERCÍCIO ATUAL QUE AFETARAM O CUMPRIMENTO DO LIMITE (XXIII) = (XXI - XXII) | AF114: -
A116: CONTROLE DE RESTOS A PAGAR CANCELADOS OU PRESCRITOS CONSIDERADOS PARA FINS DE APLICAÇÃO DA DISPONIBILIDADE DE CAIXA CONFORME ARTIGO 24§ 1º e 2º DA LC 141/2012 | K116: RESTOS A PAGAR CANCELADOS OU PRESCRITOS
K117: Saldo Inicial (w) | S117: Despesas Custeadas no Exercício de Referência | AD117: Saldo Final (não aplicado)1 (aa) = (w - (x ou y))
S118: Empenhadas (x) | V118: Liquidadas (y) | Z118: Pagas (z)
A119: Restos a pagar cancelados ou prescritos em 2021 a serem compensados (XXIV) | K119: - | S119: - | V119: - | Z119: - | AD119: -
A120: Restos a pagar cancelados ou prescritos em 2020 a serem compensados (XXV) | K120: 8.240,97 | S120: - | V120: - | Z120: - | AD120: 8.240,97
A121: Restos a pagar cancelados ou prescritos em exercícios anteriores a serem compensados (XXVI) | K121: (204.746,19) | S121: - | V121: - | Z121: - | AD121: (204.746,19)
...

Sheet MDE
A1: Prefeitura Municipal de Cacapava do Sul-RS | Q1: Página 1 de 5
A2: RELATÓRIO RESUMIDO DA EXECUÇÃO ORÇAMENTÁRIA
A3: DEMONSTRATIVO DAS RECEITAS E DESPESAS COM MANUTENÇÃO E DESENVOLVIMENTO DO ENSINO - MDE
A4: ORÇAMENTO FISCAL E DA SEGURIDADE SOCIAL
A5: Janeiro a Abril 2022/Bimestre Março-Abril
A7: RREO - Anexo 8 (LDB,art. 72) | L7: Em Reais
A8: RECEITA RESULTANTE DE IMPOSTOS (Arts. 212 e 212-A da Constituição Federal)
A9: RECEITA RESULTANTE DE IMPOSTOS | B9: PREVISÃO ATUALIZADA (a) | H9: RECEITAS REALIZADAS Até o Bimestre (b)
A10: 1- RECEITA DE IMPOSTOS | B10: 14.575.490,45 | H10: 5.479.317,66
A11: 1.1- Receita Resultante do Imposto sobre a Propriedade Predial e Territorial Urbana – IPTU | B11: 3.467.839,35 | H11: 1.245.394,88
A12: 1.2- Receita Resultante do Imposto sobre Transmissão Inter Vivos – ITBI | B12: 1.378.438,67 | H12: 610.492,70
A13: 1.3- Receita Resultante do Imposto sobre Serviços de Qualquer Natureza – ISS | B13: 5.814.310,60 | H13: 2.042.769,48
A14: 1.4- Receita Resultante do Imposto de Renda Retido na Fonte – IRRF | B14: 3.914.901,83 | H14: 1.580.660,60
A15: 2- RECEITA DE TRANSFERÊNCIAS CONSTITUCIONAIS E LEGAIS | B15: 75.160.617,80 | H15: 24.564.173,07
A16: 2.1- Cota-Parte FPM | B16: 31.260.095,89 | H16: 11.737.201,39
A17: 2.1.1- Parcela referente à CF, art. 159, I, alínea b | B17: 28.751.945,22 | H17: 11.737.201,39
A18: 2.1.2- Parcela referente à CF, art. 159, I, alíneas d e e | B18: 2.508.150,67 | H18: -
A19: 2.2- Cota-Parte ICMS | B19: 38.246.796,36 | H19: 10.695.811,21
A20: 2.3- Cota-Parte IPI-Exportação | B20: 561.182,43 | H20: 129.893,08
... A27: 5- VALOR MÍNIMO A SER APLICADO EM MDE ALÉM DO VALOR DESTINADO AO FUNDEB - 5% DE ((2.1.1) + (2.2) + (2.3) + (2.4) + (2.5)) + 25% DE ((1.1) + (1.2) + (1.3) + (1.4) + (2.1.2)+ (2.6)+ (2.7)) | B27: 7.903.533,64 | H27: 2.598.038,07
A29: FUNDEB
A30: RECEITAS RECEBIDAS DO FUNDEB NO EXERCÍCIO | B30: PREVISÃO ATUALIZADA (a) | H30: RECEITAS REALIZADAS Até o Bimestre (b)
A31: 6- RECEITAS RECEBIDAS DO FUNDEB | B31: 27.841.633,60 | H31: 9.857.149,89
A32: 6.1- FUNDEB - Impostos e Transferências de Impostos | B32: 27.841.633,60 | H32: 9.857.149,89
A33: 6.1.1- Principal | B33: 27.814.454,81 | H33: 9.796.718,71
A34: 6.1.2- Rendimentos de Aplicação Financeira | B34: 27.178,79 | H34: 60.431,18
A35: 6.2- FUNDEB - Complementação da União - VAAF | B35: - | H35: -
A36: 6.2.1- Principal | B36: - | H36: -
A37: 6.2.2- Rendimentos de Aplicação Financeira | B37: - | H37: -
A38: 6.3- FUNDEB - Complementação da União - VAAT | B38: - | H38: -
A39: 6.3.1- Principal | B39: - | H39: -
A41: FONTE: GOVBR - Responsabilidade Fiscal, SECRETARIA DE MUNICÍPIO DA FAZENDA, 18/Mai/2022, 14h e 38m.
A42: Prefeitura Municipal de Cacapava do Sul-RS | Q42: Página 2 de 5
A43: RELATÓRIO RESUMIDO DA EXECUÇÃO ORÇAMENTÁRIA
A44: DEMONSTRATIVO DAS RECEITAS E DESPESAS COM MANUTENÇÃO E DESENVOLVIMENTO DO ENSINO - MDE
A45: ORÇAMENTO FISCAL E DA SEGURIDADE SOCIAL
A46: Janeiro a Abril 2022/Bimestre Março-Abril
A48: RREO - Anexo 8 (LDB,art. 72) | L48: Em Reais
A49: FUNDEB
A50: RECEITAS RECEBIDAS DO FUNDEB NO EXERCÍCIO | B50: PREVISÃO ATUALIZADA (a) | H50: RECEITAS REALIZADAS Até o Bimestre (b)
A51: 6.3.2- Rendimentos de Aplicação Financeira | B51: - | H51: -
A52: 7- RESULTADO LÍQUIDO DAS TRANSFERÊNCIAS DO FUNDEB (6.1.1 – 4)¹ | B52: 13.283.961,38 | H52: 4.883.884,10
A54: RECURSOS RECEBIDOS EM EXERCÍCIOS ANTERIORES E NÃO UTILIZADOS (SUPERÁVIT) | B54: VALOR
A55: 8- TOTAL DOS RECURSOS DE SUPERÁVIT | B55: -
A56: 8.1- SUPERÁVIT DO EXERCÍCIO IMEDIATAMENTE ANTERIOR | B56: -
A57: 8.2- SUPERÁVIT RESIDUAL DE OUTROS EXERCÍCIOS | B57: -
A58: 9- TOTAL DOS RECURSOS DO FUNDEB DISPONÍVEIS PARA UTILIZAÇÃO (6 + 8) | B58: 9.857.149,89
A60: DESPESAS COM RECURSOS DO FUNDEB (Por Área de Atuação)⁶ | B60: DOTAÇÃO ATUALIZADA (c) | E60: DESPESAS EMPENHADAS Até o Bimestre (d) | H60: DESPESAS LIQUIDADAS Até o Bimestre (e) | J60: DESPESAS PAGAS Até o Bimestre (f) | N60: INSCRITAS EM RESTOS A PAGAR NÃO PROCESSADOS (g)
A61: 10- PROFISSIONAIS DA EDUCAÇÃO BÁSICA | B61: 23.633.651,50 | E61: 8.079.658,78 | H61: 8.079.658,78 | J61: 7.197.460,95 | N61: -
A62: 10.1- Educação Infantil | B62: 5.616.881,65 | E62: 1.567.935,11 | H62: 1.567.935,11 | J62: 1.423.846,33 | N62: -
A63: 10.1.1- Creche | B63: 2.502.352,34 | E63: 707.111,04 | H63: 707.111,04 | J63: 643.487,55 | N63: -
A64: 10.1.2- Pré-escola | B64: 3.114.529,31 | E64: 860.824,07 | H64: 860.824,07 | J64: 780.358,78 | N64: -
A65: 10.2- Ensino Fundamental | B65: 18.016.769,85 | E65: 6.511.723,67 | H65: 6.511.723,67 | J65: 5.773.614,62 | N65: -
A66: 11- OUTRAS DESPESAS | B66: 3.130.337,08 | E66: 3.000.404,00 | H66: 3.000.404,00 | J66: 2.679.917,93 | N66: -
A67: 11.1- Educação Infantil | B67: 1.310.233,05 | E67: 1.272.284,14 | H67: 1.272.284,14 | J67: 1.133.683,18 | N67: -
A68: 11.1.1- Creche | B68: 461.704,28 | E68: 436.156,46 | H68: 436.156,46 | J68: 389.827,68 | N68: -
A69: 11.1.2- Pré-escola | B69: 848.528,77 | E69: 836.127,68 | H69: 836.127,68 | J69: 743.855,50 | N69: -
A70: 11.2- Ensino Fundamental | B70: 1.820.104,03 | E70: 1.728.119,86 | H70: 1.728.119,86 | J70: 1.546.234,75 | N70: -
A71: 12- TOTAL DAS DESPESAS COM RECURSOS DO FUNDEB (10 + 11) | B71: 26.763.988,58 | E71: 11.080.062,78 | H71: 11.080.062,78 | J71: 9.877.378,88 | N71: -
A73: INDICADORES DO FUNDEB
A74: DESPESAS CUSTEADAS COM RECEITAS DO FUNDEB RECEBIDAS NO EXERCÍCIO | B74: DESPESAS EMPENHADAS Até o Bimestre (d) | E74: DESPESAS LIQUIDADAS Até o Bimestre (e) | H74: DESPESAS PAGAS Até o Bimestre (f) | J74: INSCRITAS EM RESTOS A PAGAR NÃO PROCESSADOS (g) | N74: INSCRITAS EM RESTOS A PAGAR NÃO PROCESSADOS (SEM DISPONIBILIDADE DE CAIXA)⁷ (h)
A75: 13- Total das Despesas do FUNDEB com Profissionais da Educação Básica | B75: 8.079.658,78 | E75: 8.079.658,78 | H75: 7.197.460,95 | J75: - | N75: -
A76: 14- Total das Despesas custeadas com FUNDEB - Impostos e Transferências de Impostos | B76: 11.591.636,66 | E76: 11.591.636,66 | H76: 10.252.158,36 | J76: - | N76: -
A77: 15- Total das Despesas custeadas com FUNDEB - Complementação da União - VAAF | B77: - | E77: - | H77: - | J77: - | N77: -
A78: 16- Total das Despesas custeadas com FUNDEB - Complementação da União - VAAT | B78: - | E78: - | H78: - | J78: - | N78: -
A79: 17- Total das Despesas custeadas com FUNDEB - Complementação da União - VAAT Aplicadas na Educação Infantil | B79: - | E79: - | H79: - | J79: - | N79: -
A80: 18- Total das Despesas custeadas com FUNDEB - Complementação da União - VAAT Aplicadas em Despesa de Capital | B80: - | E80: - | H80: - | J80: - | N80: -
A83: FONTE: GOVBR - Responsabilidade Fiscal, SECRETARIA DE MUNICÍPIO DA FAZENDA, 18/Mai/2022, 14h e 38m.
A84: Prefeitura Municipal de Cacapava do Sul-RS | Q84: Página 3 de 5
A85: RELATÓRIO RESUMIDO DA EXECUÇÃO ORÇAMENTÁRIA
A86: DEMONSTRATIVO DAS RECEITAS E DESPESAS COM MANUTENÇÃO E DESENVOLVIMENTO DO ENSINO - MDE
A87: ORÇAMENTO FISCAL E DA SEGURIDADE SOCIAL
A88: Janeiro a Abril 2022/Bimestre Março-Abril
A90: RREO - Anexo 8 (LDB,art. 72) | L90: Em Reais
A91: INDICADORES - Art. 212-A, inciso XI e § 3º - Constituição Federal² | B91: VALOR EXIGIDO (i) | F91: VALOR APLICADO (j) | I91: VALOR CONSIDERADO APÓS DEDUÇÕES (k) | O91: % APLICADO (l)
A92: 19- Mínimo de 70% do FUNDEB na Remuneração dos Profissionais da Educação Básica | B92: 6.900.004,92 | F92: 8.079.658,78 | I92: 8.079.658,78 | O92: 81.97
A93: 20 - Percentual de 50% da Complementação da União ao FUNDEB (VAAT) na Educação Infantil | B93: - | F93: - | I93: - | O93: -
A94: 21- Mínimo de 15% da Complementação da União ao FUNDEB - VAAT em Despesas de Capital | B94: - | F94: - | I94: - | O94: -
A96: INDICADOR - Art.25, § 3º - Lei nº 14.113, de 2020 - (Máximo de 10% de Superávit)³ | B96: VALOR MAXIMO PERMITIDO (m) | F96: VALOR NÃO APLICADO (n) | I96: VALOR NÃO APLICADO APÓS AJUSTE (o) | O96: % NÃO APLICADO (p)
A97: 22- Total da Receita Recebida e não Aplicada no Exercício | B97: 985.714,99 | F97: (1.734.486,77) | I97: (1.734.486,77) | O97: -17.6
A99: INDICADOR - Art.25, § 3º - Lei nº 14.113, de 2020 - (Aplicação do Superávit de Exercício Anterior)³ | B99: VALOR DE SUPERÁVIT PERMITIDO NO EXERCÍCIO ANTERIOR (q) | C99: VALOR NÃO APLICADO NO EXERCÍCIO ANTERIOR (r) | G99: VALOR DE SUPERÁVIT APLICADO ATÉ O PRIMEIRO QUADRIMESTRE (s) | I99: VALOR APLICADO ATÉ O PRIMEIRO QUADRIMESTRE QUE INTEGRARÁ O LIMITE CONSTITUCIONAL (t) | K99: VALOR APLICADO APÓS O PRIMEIRO QUADRIMESTRE (u) | P99: VALOR NÃO APLICADO (v) = (r) - (s) - (u)
A100: 23- Total das Despesas do FUNDEB com Profissionais da Educação Básica | B100: - | C100: - | G100: - | I100: - | K100: - | P100: -
A101: 23.1- Total das Despesas custeadas com FUNDEB - Impostos e Transferências de Impostos | B101: - | C101: - | G101: - | I101: - | K101: - | P101: -
A102: 23.2- Total das Despesas custeadas com FUNDEB - Complementação da União - VAAF | B102: - | C102: - | G102: - | I102: - | K102: - | P102: -
A104: DESPESAS COM MANUTENÇÃO E DESENVOLVIMENTO DO ENSINO – MDE – CUSTEADAS COM RECEITA DE IMPOSTOS (EXCETO FUNDEB)
A105: DESPESAS COM AÇÕES TÍPICAS DE MDE - RECEITAS DE IMPOSTOS - EXCETO FUNDEB (Por Área de Atuação)⁶ | B105: DOTAÇÃO ATUALIZADA (c) | E105: DESPESAS EMPENHADAS Até o Bimestre (d) | H105: DESPESAS LIQUIDADAS Até o Bimestre (e) | J105: DESPESAS PAGAS Até o Bimestre (f) | N105: INSCRITAS EM RESTOS A PAGAR NÃO PROCESSADOS (g)
A106: 24- EDUCAÇÃO INFANTIL | B106: 4.261.479,64 | E106: 275.322,28 | H106: 261.900,61 | J106: 185.755,61 | N106: -
A107: 24.1- Creche | B107: 2.496.059,78 | E107: 156.492,43 | H107: 143.070,76 | J107: 127.290,91 | N107: -
A108: 24.2- Pré-escola | B108: 1.765.419,86 | E108: 118.829,85 | H108: 118.829,85 | J108: 58.464,70 | N108: -
A109: 25- ENSINO FUNDAMENTAL | B109: 9.216.606,70 | E109: 996.696,22 | H109: 858.564,67 | J109: 775.031,90 | N109: -
A110: 26- TOTAL DAS DESPESAS COM AÇÕES TÍPICAS DE MDE (24 + 25) | B110: 13.478.086,34 | E110: 1.272.018,50 | H110: 1.120.465,28 | J110: 960.787,51 | N110: -
A111: APURAÇÃO DAS DESPESAS PARA FINS DE LIMITE MÍNIMO CONSTITUCIONAL | N111: VALOR
A112: 27- TOTAL DAS DESPESAS DE MDE CUSTEADAS COM RECURSOS DE IMPOSTOS (FUNDEB E RECEITA DE IMPOSTOS) = (L14(d ou e) + L26(d ou e) + L23.1(t)) | N112: 12.712.101,94
A113: 28 (-) RESULTADO LÍQUIDO DAS TRANSFERÊNCIAS DO FUNDEB = (L7) | N113: 4.883.884,10
A114: 29 (-) RESTOS A PAGAR NÃO PROCESSADOS INSCRITOS NO EXERCÍCIO SEM DISPONIBILIDADE FINANCEIRA DE RECURSOS DO FUNDEB IMPOSTOS⁴ = (L14h) | N114: -
A115: 30 (-) RESTOS A PAGAR NÃO PROCESSADOS INSCRITOS NO EXERCÍCIO SEM DISPONIBILIDADE FINANCEIRA DE RECURSOS DE IMPOSTOS⁴ ᵉ ⁷ | N115: -
A116: 31 (-) CANCELAMENTO, NO EXERCÍCIO, DE RESTOS A PAGAR INSCRITOS COM DISPONIBILIDADE FINANCEIRA DE RECURSOS DE IMPOSTOS VINCULADOS AO ENSINO | N116: 15.215,34
A117: 32- TOTAL DAS DESPESAS PARA FINS DE LIMITE (27 – (28 + 29 + 30 + 31)) | N117: 7.813.002,50
A119: APURAÇÃO DO LIMITE MÍNIMO CONSTITUCIONAL² ᵉ ⁵ | B119: VALOR EXIGIDO (x) | H119: VALOR APLICADO (w) | N119: % APLICADO (y)
A120: 33- APLICAÇÃO EM MDE SOBRE A RECEITA RESULTANTE DE IMPOSTOS | B120: 7.510.872,68 | H120: 7.813.002,50 | N120: 26.01
...

Sheet Divid
A2: PREFEITURA MUNICIPAL DE CACAPAVA DO SUL - RS
A3: RELATÓRIO DE GESTÃO FISCAL
A4: DEMONSTRATIVO DA DÍVIDA CONSOLIDADA LÍQUIDA
A5: ORÇAMENTOS FISCAL E DA SEGURIDADE SOCIAL
A6: JANEIRO A ABRIL DE 2022
A8: RGF - ANEXO 2 (LRF, art.55, inciso I, alínea "b") | H8: R$ 1,00
A10: DÍVIDA CONSOLIDADA | E10: SALDO DO | F10: SALDO DO EXERCÍCIO DE 2022
E11: EXERCÍCIO | F11: Até o 1º | G11: Até o 2º | H11: Até o 3º
E12: ANTERIOR | F12: Quadrimestre | G12: Quadrimestre | H12: Quadrimestre
A13: DÍVIDA CONSOLIDADA - DC (I) | E13: 938.163,67 | F13: 1.133.247,92 | G13: 0,00 | H13: 0,00
B14: Dívida Mobiliária | E14: 0,00 | F14: 0,00 | G14: 0,00 | H14: 0,00
B15: Dívida Contratual | E15: 936.147,00 | F15: 1.131.231,25 | G15: 0,00 | H15: 0,00
C16: Empréstimos | E16: 0,00 | F16: 0,00 | G16: 0,00 | H16: 0,00
D17: Internos | E17: 0,00 | F17: 0,00 | G17: 0,00 | H17: 0,00
D18: Externos | E18: 0,00 | F18: 0,00 | G18: 0,00 | H18: 0,00
C19: Reestruturação da Dívida de Estados e Municípios | E19: 0,00 | F19: 0,00 | G19: 0,00 | H19: 0,00
C20: Financiamentos | E20: 32.070,25 | F20: 7.311,60 | G20: 0,00 | H20: 0,00
D21: Internos | E21: 32.070,25 | F21: 7.311,60 | G21: 0,00 | H21: 0,00
D22: Externos | E22: 0,00 | F22: 0,00 | G22: 0,00 | H22: 0,00
C23: Parcelamento e Renegociação de dívidas | E23: 634.077,25 | F23: 975.714,23 | G23: 0,00 | H23: 0,00
D24: De Tributos | E24: 0,00 | F24: 0,00 | G24: 0,00 | H24: 0,00
D25: De Contribuições Previdenciárias | E25: 300.772,06 | F25: 642.409,04 | G25: 0,00 | H25: 0,00
D26: De Demais Contribuições Sociais | E26: 0,00 | F26: 0,00 | G26: 0,00 | H26: 0,00
D27: Do FGTS | E27: 0,00 | F27: 0,00 | G27: 0,00 | H27: 0,00
D28: Com Instituição Não Financeira | E28: 333.305,19 | F28: 333.305,19 | G28: 0,00 | H28: 0,00
C29: Demais Dívidas Contratuais | E29: 269.999,50 | F29: 148.205,42 | G29: 0,00 | H29: 0,00
B30: Precatórios Posteriores a 05/05/2000 (inclusive) - Vencidos e não pagos | E30: 2.016,67 | F30: 2.016,67 | G30: 0,00 | H30: 0,00
B31: Outras Dívidas | E31: 0,00 | F31: 0,00 | G31: 0,00 | H31: 0,00
A32: DEDUÇÕES (II) | E32: 18.733.392,03 | F32: 21.118.618,64 | G32: 0,00 | H32: 0,00
B33: Disponibilidade de Caixa¹ | E33: 18.100.937,41 | F33: 20.474.563,23 | G33: 0,00 | H33: 0,00
C34: Disponibilidade de Caixa Bruta | E34: 20.648.054,22 | F34: 23.546.471,28 | G34: 0,00 | H34: 0,00
C35: (-) Restos a Pagar Processados | E35: 1.326.705,52 | F35: 2.030.935,46 | G35: 0,00 | H35: 0,00
C36: (-) Depósitos Restituíveis e Valores Vinculados | E36: 1.220.411,29 | F36: 1.040.972,59 | G36: 0,00 | H36: 0,00
B37: Demais Haveres Financeiros | E37: 632.454,62 | F37: 644.055,41 | G37: 0,00 | H37: 0,00
A38: DÍVIDA CONSOLIDADA LÍQUIDA (DCL) (III) = (I - II) | E38: (17.795.228,36) | F38: (19.985.370,72) | G38: 0,00 | H38: 0,00
A39: RECEITA CORRENTE LÍQUIDA - RCL (IV) | E39: 119.752.398,65 | F39: 125.902.225,13 | G39: 0,00 | H39: 0,00
A40: (-) Transferências obrigatórias da União relativas às emendas individuais (art. 166-A, § 1º, da CF) (V) | E40: 100.000,00 | F40: 100.000,00 | G40: 0,00 | H40: 0,00
A41: RECEITA CORRENTE LÍQUIDA AJUSTADA PARA CÁLCULO DOS LIMITES DE ENDIVIDAMENTO (VI) = (IV - V) | E41: 119.652.398,65 | F41: 125.802.225,13 | G41: 0,00 | H41: 0,00
A42: % da DC sobre a RCL AJUSTADA (I/VI) | E42: 0,78 | F42: 0,90 | G42: 0,00 | H42: 0,00
A43: % da DCL sobre a RCL AJUSTADA (III/VI) | E43: (14,87) | F43: (15,89) | G43: 0,00 | H43: 0,00
